Workbook

Sheet RESUMO
A1: Órgão: | B1: SECRETARIA DE ESTADO DA SAÚDE DE GOIÁS | C1: DATA: | D1: =TODAY() -> 46056
A2: Unidade: | B2: SUPERINTENDÊNCIA DA ESCOLA DE SAÚDE DE GOIÁS - SESG | C2: REVISÃO: | D2: Emissão 02
A3: Obra: | B3: FORNECIMENTO E INSTALAÇÃO BRISES, RIPADO E CORRIMÃO | C3: REFERÊNCIA: | D3: GOINFRA 10/2025 (reajustada pelo INCC até 12/2025); SINAPI 12/2025; ORSE - Novembro/2025 (reajustada pelo INCC até Dezembro/2025)
A4: Endereço: | B4: RUA 26, 521, VILA LEGIONARIOS, CEP: 74853-070
A5: Município: | B5: GOIÂNIA
A6: RESUMO GERAL DO ORÇAMENTO - TABELA ONERADA
A8: Item | B8: DESCRIÇÃO DOS SERVIÇOS | C8: Valor Total sem BDI (R$) | D8: Valor Total com BDI e INCC (R$) | E8: % Total
B9: GERAL | C9: =SUM(C10:C23) -> 1656372.5 | D9: =SUM(D10:D23) -> 2027854.3 | E9: =SUM(E10:E23) -> 1
A10: 1 | B10: ='ORÇA onerado'!D8 -> SERVIÇOS PRELIMINARES | C10: ='ORÇA onerado'!J8 -> 78743.322 | D10: ='ORÇA onerado'!O8 -> 93646.66 | E10: =D10/$D$25 -> 0.046180173
A11: 2 | B11: ='ORÇA onerado'!D13 -> TRANSPORTES | C11: ='ORÇA onerado'!J13 -> 10625.137 | D11: ='ORÇA onerado'!O13 -> 13065.862 | E11: =D11/$D$25 -> 0.006443196
A12: 3 | B12: ='ORÇA onerado'!D17 -> PAISAGISMO | C12: ='ORÇA onerado'!J17 -> 1007.1522 | D12: ='ORÇA onerado'!O17 -> 1235.4655 | E12: =D12/$D$25 -> 0.0006092477
A13: 4 | B13: ='ORÇA onerado'!D20 -> INST. ELÉT./TELEFÔNICA/CABEAMENTO ESTRUTURADO | C13: ='ORÇA onerado'!J20 -> 7491.2923 | D13: ='ORÇA onerado'!O20 -> 9197.8692 | E13: =D13/$D$25 -> 0.0045357644
A14: 5 | B14: ='ORÇA onerado'!D41 -> INSTALAÇÕES PLUVIAIS | C14: ='ORÇA onerado'!J41 -> 12082.91 | D14: ='ORÇA onerado'!O41 -> 14797.427 | E14: =D14/$D$25 -> 0.0072970858
A15: 6 | B15: ='ORÇA onerado'!D51 -> ALVENARIAS E DIVISÓRIAS | C15: ='ORÇA onerado'!J51 -> 4316.9068 | D15: ='ORÇA onerado'!O51 -> 5300.2574 | E15: =D15/$D$25 -> 0.002613727
A16: 7 | B16: ='ORÇA onerado'!D56 -> ESTRUTURAS METÁLICAS | C16: ='ORÇA onerado'!J56 -> 43546.106 | D16: ='ORÇA onerado'!O56 -> 53549.184 | E16: =D16/$D$25 -> 0.026406821
A17: 8 | B17: ='ORÇA onerado'!D59 -> COBERTURAS | C17: ='ORÇA onerado'!J59 -> 53462.205 | D17: ='ORÇA onerado'!O59 -> 65521.477 | E17: =D17/$D$25 -> 0.032310743
A18: 9 | B18: ='ORÇA onerado'!D66 -> ESQUADRIAS MADEIRAS/ METÁLICAS | C18: ='ORÇA onerado'!J66 -> 880660.78 | D18: ='ORÇA onerado'!O66 -> 1077866.2 | E18: =D18/$D$25 -> 0.53153043
A19: 10 | B19: ='ORÇA onerado'!D74 -> REVESTIMENTO DE PAREDES | C19: ='ORÇA onerado'!J74 -> 32278.068 | D19: ='ORÇA onerado'!O74 -> 39505.127 | E19: =D19/$D$25 -> 0.019481246
A20: 11 | B20: ='ORÇA onerado'!D77 -> REVESTIMENTO DE PISO | C20: ='ORÇA onerado'!J77 -> 48282.005 | D20: ='ORÇA onerado'!O77 -> 59284.98 | E20: =D20/$D$25 -> 0.029235326
A21: 12 | B21: ='ORÇA onerado'!D90 -> PINTURA | C21: ='ORÇA onerado'!J90 -> 326245.59 | D21: ='ORÇA onerado'!O90 -> 401170.49 | E21: =D21/$D$25 -> 0.19783004
A22: 13 | B22: ='ORÇA onerado'!D97 -> DIVERSOS | C22: ='ORÇA onerado'!J97 -> 23018.322 | D22: ='ORÇA onerado'!O97 -> 28178.357 | E22: =D22/$D$25 -> 0.013895652
A23: 14 | B23: ='ORÇA onerado'!D101 -> ADMINISTRAÇÃO - MENSALISTAS | C23: ='ORÇA onerado'!J101 -> 134612.67 | D23: ='ORÇA onerado'!O101 -> 165534.86 | E23: =D23/$D$25 -> 0.081630551
A25: TOTAL GERAL DO ORÇAMENTO | C25: =SUM(C10:C23) -> 1656372.5 | D25: =SUM(D10:D23) -> 2027854.3 | E25: =SUM(E10:E23) -> 1

Sheet ORÇA onerado
A1: Órgão: | B1: SECRETARIA DE ESTADO DA SAÚDE DE GOIÁS | E1: Data Base ÚNICA: | F1: 45992
A2: Unidade: | B2: SUPERINTENDÊNCIA DA ESCOLA DE SAÚDE DE GOIÁS - SESG | E2: Referência: | F2: TABELA ONERADA
A3: Obra: | B3: FORNECIMENTO E INSTALAÇÃO BRISES, RIPADO E CORRIMÃO | F3: GOINFRA 10/2025 (reajustada pelo INCC até 12/2025); SINAPI 12/2025; ORSE - Novembro/2025 (reajustada pelo INCC até Dezembro/2025)
A4: Endereço: | B4: RUA 26, 521, VILA LEGIONARIOS, CEP: 74853-070 | F4: Data Base: | H4: =F1 -> 45992
A5: Município: | B5: GOIÂNIA | E5: BDI: | F5: =BDI!E22 -> 0.2239 | G5: BDI reduz.: | H5: =BDI!K22 -> 0.1827
A6: PLANILHA ORÇAMENTÁRIA DE REFERÊNCIA
A7: ITEM | B7: FONTE | C7: CÓDIGO | D7: DESCRIÇÃO | E7: UNIDADE | F7: QUANT. | G7: PREÇO UNITÁRIO MATERIAL SEM BDI(R$) | H7: PREÇO UNITÁRIO MÃO DE OBRA SEM BDI(R$) | I7: PREÇO UNITÁRIO TOTAL SEM BDI (R$) | J7: PREÇO TOTAL SEM BDI (R$) | K7: BDI | L7: PREÇO UNITÁRIO TOTAL COM BDI (R$) | M7: ÍNDICES DE CORREÇÃO | N7: PREÇO UNITÁRIO TOTAL COM BDI + CORREÇÃO (R$) | O7: PREÇO TOTAL COM BDI + CORREÇÃO (R$)
A8: 01. | D8: SERVIÇOS PRELIMINARES | G8: =SUM(G9:G12) -> 2876.9 | H8: =SUM(H9:H12) -> 10.06 | I8: =SUM(I9:I12) -> 2886.96 | J8: =SUM(J9:J12) -> 78743.322 | L8: =SUM(L9:L12) -> 3430.9197 | N8: =SUM(N9:N12) -> 3447.2133 | O8: =SUM(O9:O12) -> 93646.66
A9: 45658 | B9: GOINFRA | C9: 21301 | D9: PLACA DE OBRA PLOTADA EM CHAPA METÁLICA 26 , AFIXADA EM CAVALETES DE MADEIRA DE LEI (VIGOTAS 6X12CM) - PADRÃO GOINFRA | E9: m2 | F9: ='MEM. CÁLC'!D10 -> 4.5 | G9: 396.3 | H9: 4.48 | I9: =G9+H9 -> 400.78 | J9: =I9*F9 -> 1803.51 | K9: =$F$5 -> 0.2239 | L9: =(1+K9)*I9 -> 490.51464 | M9: =INCC!$C$26 -> 0.0047490257 | N9: =(1+M9)*L9 -> 492.84411 | O9: =N9*F9 -> 2217.7985
A10: 45689 | B10: GOINFRA | C10: 20230 | D10: LOCAÇÃO DE CONTAINER SEM REVESTIMENTO INTERNO PARA ALMOXARIFADO / DEPÓSITO 6,00 X 2,40 M, INCLUSIVE MOBILIÁRIO (EXCLUSO MOBILIZAÇÃO / DESMOBILIZAÇÃO)LOCAÇÃO DE CONTAINER SEM REVESTIMENTO INTERNO PARA ALMOXARIFADO / DEPÓSITO 6,00 X 2,40 M, INCLUSIVE MOBILIÁRIO (EXCLUSO MOBILIZAÇÃO / DESMOBILIZAÇÃO) | E10: mês | F10: ='MEM. CÁLC'!D11 -> 3 | G10: 1135.26 | H10: 0 | I10: =G10+H10 -> 1135.26 | J10: =I10*F10 -> 3405.78 | K10: =$H$5 -> 0.1827 | L10: =(1+K10)*I10 -> 1342.672 | M10: =INCC!$C$26 -> 0.0047490257 | N10: =(1+M10)*L10 -> 1349.0484 | O10: =N10*F10 -> 4047.1452
A11: 45717 | B11: GOINFRA | C11: 20232 | D11: LOCAÇÃO DE CONTAINER SANITÁRIO MISTO 6,00 X 2,40 M, COM 3 VASOS, 6 CHUVEIROS, LAVATÓRIO E MICTÓRIO (EXCLUSO MOBILIZAÇÃO / DESMOBILIZAÇÃO) | E11: mês | F11: ='MEM. CÁLC'!D12 -> 3 | G11: 1325.95 | H11: 0 | I11: =G11+H11 -> 1325.95 | J11: =I11*F11 -> 3977.85 | K11: =$H$5 -> 0.1827 | L11: =(1+K11)*I11 -> 1568.2011 | M11: =INCC!$C$26 -> 0.0047490257 | N11: =(1+M11)*L11 -> 1575.6485 | O11: =N11*F11 -> 4726.9455
A12: 45748 | B12: GOINFRA | C12: 60105 | D12: ANDAIME METALICO FACHADEIRO (ALUGUEL/MES) | E12: m2xmes | F12: ='MEM. CÁLC'!D14 -> 2785.59 | G12: 19.39 | H12: 5.58 | I12: =G12+H12 -> 24.97 | J12: =I12*F12 -> 69556.182 | K12: =$H$5 -> 0.1827 | L12: =(1+K12)*I12 -> 29.532019 | M12: =INCC!$C$26 -> 0.0047490257 | N12: =(1+M12)*L12 -> 29.672267 | O12: =N12*F12 -> 82654.771
A13: 02. | D13: TRANSPORTES | G13: =SUM(G14:G16) -> 570.24 | H13: =SUM(H14:H16) -> 512.63 | I13: =SUM(I14:I16) -> 1082.87 | J13: =SUM(J14:J16) -> 10625.137 | L13: =SUM(L14:L16) -> 1325.3246 | N13: =SUM(N14:N16) -> 1331.6186 | O13: =SUM(O14:O16) -> 13065.862
A14: 45659 | B14: GOINFRA | C14: 30105 | D14: TRANSPORTE DE ENTULHO EM CAÇAMBA ESTACIONÁRIA INCLUSO A CARGA MANUAL | E14: m3 | F14: ='MEM. CÁLC'!D19 -> 87.74 | G14: 96.8 | H14: 13.21 | I14: =G14+H14 -> 110.01 | J14: =I14*F14 -> 9652.2774 | K14: =$F$5 -> 0.2239 | L14: =(1+K14)*I14 -> 134.64124 | M14: =INCC!$C$26 -> 0.0047490257 | N14: =(1+M14)*L14 -> 135.28065 | O14: =N14*F14 -> 11869.525
A15: 45690 | B15: GOINFRA | C15: 30114 | D15: MOBILIZAÇÃO DO CANTEIRO DE OBRAS - INCLUSIVE CARGA E DESCARGA E A HORA IMPRODUTIVA DO CAMINHÃO - ( EXCLUSO O TRANSPORTE ) | E15: un | F15: ='MEM. CÁLC'!D20 -> 1 | G15: 236.72 | H15: 249.71 | I15: =G15+H15 -> 486.43 | J15: =I15*F15 -> 486.43 | K15: =$F$5 -> 0.2239 | L15: =(1+K15)*I15 -> 595.34168 | M15: =INCC!$C$26 -> 0.0047490257 | N15: =(1+M15)*L15 -> 598.16897 | O15: =N15*F15 -> 598.16897
A16: 45718 | B16: GOINFRA | C16: 30116 | D16: DESMOBILIZAÇÃO DO CANTEIRO DE OBRAS - INCLUSIVE CARGA E DESCARGA E A HORA IMPRODUTIVA DO CAMINHÃO - ( EXCLUSO O TRANSPORTE ) | E16: un | F16: ='MEM. CÁLC'!D21 -> 1 | G16: 236.72 | H16: 249.71 | I16: =G16+H16 -> 486.43 | J16: =I16*F16 -> 486.43 | K16: =$F$5 -> 0.2239 | L16: =(1+K16)*I16 -> 595.34168 | M16: =INCC!$C$26 -> 0.0047490257 | N16: =(1+M16)*L16 -> 598.16897 | O16: =N16*F16 -> 598.16897
A17: 03. | D17: PAISAGISMO | G17: =SUM(G18:G19) -> 38.2 | H17: =SUM(H18:H19) -> 24.05 | I17: =SUM(I18:I19) -> 62.25 | J17: =SUM(J18:J19) -> 1007.1522 | L17: =SUM(L18:L19) -> 76.187775 | N17: =SUM(N18:N19) -> 76.422844 | O17: =SUM(O18:O19) -> 1235.4655
A18: 46025 | B18: GOINFRA | C18: 270213 | D18: PREPARAÇÃO C/ ADUBAÇÃO DO TERRENO EM FORMA DE CANTEIRO E PLANTIO DE FORRAÇÃO AMBOS C/PROFUNDIDADE DE 30 CM - EXCLUSO O CUSTO DE AQUISIÇÃO DA MUDA | E18: m2 | F18: 3.4579 | G18: 2.7 | H18: 21 | I18: =G18+H18 -> 23.7 | J18: =I18*F18 -> 81.95223 | K18: =$F$5 -> 0.2239 | L18: =(1+K18)*I18 -> 29.00643 | M18: =INCC!$C$26 -> 0.0047490257 | N18: =(1+M18)*L18 -> 29.144182 | O18: =N18*F18 -> 100.77767
A19: 46056 | B19: ORSE | C19: 2397 | D19: Fornecimento e plantio de arbustos ornamentais | E19: un. | F19: 24 | G19: 35.5 | H19: =1.38+1.54+0.13 -> 3.05 | I19: =G19+H19 -> 38.55 | J19: =I19*F19 -> 925.2 | K19: =$F$5 -> 0.2239 | L19: =(1+K19)*I19 -> 47.181345 | M19: =INCC!$C$29 -> 0.0020626076 | N19: =(1+M19)*L19 -> 47.278662 | O19: =N19*F19 -> 1134.6879
A20: 04. | D20: INST. ELÉT./TELEFÔNICA/CABEAMENTO ESTRUTURADO | G20: =SUM(G21:G40) -> 1101.6126 | H20: =SUM(H21:H40) -> 178.24175 | I20: =SUM(I21:I40) -> 1279.8543 | J20: =SUM(J21:J40) -> 7491.2923 | L20: =SUM(L21:L40) -> 1566.4137 | N20: =SUM(N21:N40) -> 1569.1055 | O20: =SUM(O21:O40) -> 9197.8692
A21: 46026 | B21: GOINFRA | C21: 71231 | D21: ELETRODUTO METALICO FLEXIVEL COM REVESTIMENTO EM PVC PRETO DIAMETRO 3/4" | E21: m | F21: 3 | G21: 9.52 | H21: 8.78 | I21: =G21+H21 -> 18.3 | J21: =I21*F21 -> 54.9 | K21: =$F$5 -> 0.2239 | L21: =(1+K21)*I21 -> 22.39737 | M21: =INCC!$C$26 -> 0.0047490257 | N21: =(1+M21)*L21 -> 22.503736 | O21: =N21*F21 -> 67.511207
A22: 46057 | B22: GOINFRA | C22: 71193 | D22: ELETRODUTO PVC FLEXÍVEL - MANGUEIRA CORRUGADA LEVE - DIAM. 20MM | E22: m | F22: 12 | G22: 8.78 | H22: 2 | I22: =G22+H22 -> 10.78 | J22: =I22*F22 -> 129.36 | K22: =$F$5 -> 0.2239 | L22: =(1+K22)*I22 -> 13.193642 | M22: =INCC!$C$26 -> 0.0047490257 | N22: =(1+M22)*L22 -> 13.256299 | O22: =N22*F22 -> 159.07559
A23: 46085 | B23: GOINFRA | C23: 70371 | D23: ABRAÇADEIRA METALICA TIPO "D" DIAM. 3/4" | E23: un. | F23: 40 | G23: 0.51 | H23: 1.08 | I23: =G23+H23 -> 1.59 | J23: =I23*F23 -> 63.6 | K23: =$F$5 -> 0.2239 | L23: =(1+K23)*I23 -> 1.946001 | M23: =INCC!$C$26 -> 0.0047490257 | N23: =(1+M23)*L23 -> 1.9552426 | O23: =N23*F23 -> 78.209704
A24: 46116 | B24: GOINFRA | C24: 71211 | D24: ELETRODUTO EM AÇO GALVANIZADO A FOGO DIÂMETRO 3/4" - PESADO | E24: m | F24: 40 | G24: 15.5 | H24: 27.6 | I24: =G24+H24 -> 43.1 | J24: =I24*F24 -> 1724 | K24: =$F$5 -> 0.2239 | L24: =(1+K24)*I24 -> 52.75009 | M24: =INCC!$C$26 -> 0.0047490257 | N24: =(1+M24)*L24 -> 53.000602 | O24: =N24*F24 -> 2120.0241
A25: 46146 | B25: GOINFRA | C25: 70932 | D25: CONDULETE METÁLICO - TAMPÃO DE 3/4" | E25: un. | F25: 63 | G25: 1.54 | H25: 0.25 | I25: =G25+H25 -> 1.79 | J25: =I25*F25 -> 112.77 | K25: =$F$5 -> 0.2239 | L25: =(1+K25)*I25 -> 2.190781 | M25: =INCC!$C$26 -> 0.0047490257 | N25: =(1+M25)*L25 -> 2.2011851 | O25: =N25*F25 -> 138.67466
A26: 46177 | B26: GOINFRA | C26: 70929 | D26: CONDULETE METÁLICO - CAIXA COM 5 ENTRADAS | E26: un. | F26: 23 | G26: 17.57 | H26: 9.33 | I26: =G26+H26 -> 26.9 | J26: =I26*F26 -> 618.7 | K26: =$F$5 -> 0.2239 | L26: =(1+K26)*I26 -> 32.92291 | M26: =INCC!$C$26 -> 0.0047490257 | N26: =(1+M26)*L26 -> 33.079262 | O26: =N26*F26 -> 760.82302
A27: 46207 | B27: GOINFRA | C27: 70930 | D27: CONDULETE METÁLICO - ADAPTADOR DE SAÍDA 3/4" | E27: un. | F27: 42 | G27: 4.12 | H27: 2.68 | I27: =G27+H27 -> 6.8 | J27: =I27*F27 -> 285.6 | K27: =$F$5 -> 0.2239 | L27: =(1+K27)*I27 -> 8.32252 | M27: =INCC!$C$26 -> 0.0047490257 | N27: =(1+M27)*L27 -> 8.3620439 | O27: =N27*F27 -> 351.20584
A28: 46238 | B28: COMP. | C28: 11 | D28: CONECTOR WAGO 221-415 | E28: un. | F28: 17 | G28: ='COMP. onerado'!M72 -> 0.95195948 | H28: ='COMP. onerado'!N72 -> 4.1572496 | I28: =G28+H28 -> 5.109209 | J28: =I28*F28 -> 86.856554 | K28: =$F$5 -> 0.2239 | L28: =(1+K28)*I28 -> 6.253161 | N28: =(1+M28)*L28 -> 6.253161 | O28: =N28*F28 -> 106.30374
A29: 46269 | B29: COMP. | C29: 10 | D29: CAIXA DE PASSAGEM PVC, SOBREPOR 300X300X100mm | E29: un. | F29: 3 | G29: ='COMP. onerado'!M66 -> 120.43 | H29: ='COMP. onerado'!N66 -> 4.1572496 | I29: =G29+H29 -> 124.58725 | J29: =I29*F29 -> 373.76175 | K29: =$F$5 -> 0.2239 | L29: =(1+K29)*I29 -> 152.48233 | N29: =(1+M29)*L29 -> 152.48233 | O29: =N29*F29 -> 457.447
A30: 46299 | B30: ORSE | C30: 9039 | D30: Alçapão de alumínio, tipo escama, cor fosca | E30: un. | F30: =0.4*0.4*2 -> 0.32 | G30: 392.26 | H30: =20.1+22.39+1.72 -> 44.21 | I30: =G30+H30 -> 436.47 | J30: =I30*F30 -> 139.6704 | K30: =$F$5 -> 0.2239 | L30: =(1+K30)*I30 -> 534.19563 | M30: =INCC!$C$29 -> 0.0020626076 | N30: =(1+M30)*L30 -> 535.29747 | O30: =N30*F30 -> 171.29519
A31: 46330 | B31: GOINFRA | C31: 70563 | D31: CABO FLEXÍVEL, PVC (70° C), 450/750 V, 2,5 MM2 | E31: m | F31: 180 | G31: 2.84 | H31: 2.33 | I31: =G31+H31 -> 5.17 | J31: =I31*F31 -> 930.6 | K31: =$F$5 -> 0.2239 | L31: =(1+K31)*I31 -> 6.327563 | M31: =INCC!$C$26 -> 0.0047490257 | N31: =(1+M31)*L31 -> 6.3576128 | O31: =N31*F31 -> 1144.3703
A32: 46360 | B32: GOINFRA | C32: 70561 | D32: CABO ISOLADO PP 3 X 2,5 MM2 | E32: m | F32: 10 | G32: 7.03 | H32: 9.98 | I32: =G32+H32 -> 17.01 | J32: =I32*F32 -> 170.1 | K32: =$F$5 -> 0.2239 | L32: =(1+K32)*I32 -> 20.818539 | M32: =INCC!$C$26 -> 0.0047490257 | N32: =(1+M32)*L32 -> 20.917407 | O32: =N32*F32 -> 209.17407
A33: 4.13 | B33: GOINFRA | C33: 71431 | D33: INTERRUPTOR PARALELO SIMPLES (1 SECAO) | E33: un. | F33: 2 | G33: 12.02 | H33: 14.99 | I33: =G33+H33 -> 27.01 | J33: =I33*F33 -> 54.02 | K33: =$F$5 -> 0.2239 | L33: =(1+K33)*I33 -> 33.057539 | M33: =INCC!$C$26 -> 0.0047490257 | N33: =(1+M33)*L33 -> 33.21453 | O33: =N33*F33 -> 66.42906
A34: 4.14 | B34: GOINFRA | C34: 72475 | D34: TAMPA PARA CONDULETE METÁLICO PARA 1 INTERRUPTOR | E34: un. | F34: 2 | G34: 5.22 | H34: 1.54 | I34: =G34+H34 -> 6.76 | J34: =I34*F34 -> 13.52 | K34: =$F$5 -> 0.2239 | L34: =(1+K34)*I34 -> 8.273564 | M34: =INCC!$C$26 -> 0.0047490257 | N34: =(1+M34)*L34 -> 8.3128554 | O34: =N34*F34 -> 16.625711
A35: 4.15 | B35: GOINFRA | C35: 72395 | D35: TAMPA CEGA PARA CONDULETE METÁLICO | E35: un. | F35: 3 | G35: 4.28 | H35: 1.54 | I35: =G35+H35 -> 5.82 | J35: =I35*F35 -> 17.46 | K35: =$F$5 -> 0.2239 | L35: =(1+K35)*I35 -> 7.123098 | M35: =INCC!$C$26 -> 0.0047490257 | N35: =(1+M35)*L35 -> 7.1569258 | O35: =N35*F35 -> 21.470777
A36: 4.16 | B36: GOINFRA | C36: 72397 | D36: TAMPA CEGA PLÁSTICA 4"X2" COM FURO CENTRAL | E36: un. | F36: 18 | G36: 4.55 | H36: 1.54 | I36: =G36+H36 -> 6.09 | J36: =I36*F36 -> 109.62 | K36: =$F$5 -> 0.2239 | L36: =(1+K36)*I36 -> 7.453551 | M36: =INCC!$C$26 -> 0.0047490257 | N36: =(1+M36)*L36 -> 7.4889481 | O36: =N36*F36 -> 134.80107
A37: 4.17 | B37: GOINFRA | C37: 71171 | D37: DISJUNTOR MONOPOLAR DE 10 A 32-A | E37: un. | F37: 1 | G37: 11.26 | H37: 15.5 | I37: =G37+H37 -> 26.76 | J37: =I37*F37 -> 26.76 | K37: =$F$5 -> 0.2239 | L37: =(1+K37)*I37 -> 32.751564 | M37: =INCC!$C$26 -> 0.0047490257 | N37: =(1+M37)*L37 -> 32.907102 | O37: =N37*F37 -> 32.907102
A38: 4.18 | B38: ORSE | C38: 14072 | D38: Perfil em alumínio tipo slim de embutir para fita de LED, cores P/B/C, e=23mm | E38: m | F38: 30 | G38: 10.99 | H38: =8.28+9.23+0.69 -> 18.2 | I38: =G38+H38 -> 29.19 | J38: =I38*F38 -> 875.7 | K38: =$F$5 -> 0.2239 | L38: =(1+K38)*I38 -> 35.725641 | M38: =INCC!$C$29 -> 0.0020626076 | N38: =(1+M38)*L38 -> 35.799329 | O38: =N38*F38 -> 1073.9799
A39: 4.19 | B39: ORSE | C39: 13594 | D39: Fita de LED com fonte bivolt, 5m, e = 8mm, 2.700K (luz amarela), tipo cob, g-light ou similar | E39: un. | F39: 5 | G39: 127 | H39: =1.93+2.16+0.13 -> 4.22 | I39: =G39+H39 -> 131.22 | J39: =I39*F39 -> 656.1 | K39: =$F$5 -> 0.2239 | L39: =(1+K39)*I39 -> 160.60016 | M39: =INCC!$C$29 -> 0.0020626076 | N39: =(1+M39)*L39 -> 160.93141 | O39: =N39*F39 -> 804.65707
A40: 4.20 | B40: COMPOSIÇÃO | C40: 12 | D40: Fonte Colmeia, 200W, 12V/16.5A, Bivolt, Ref. Blumenau | E40: un. | F40: 3 | G40: ='COMP. onerado'!M78 -> 345.24063 | H40: ='COMP. onerado'!N78 -> 4.1572496 | I40: =G40+H40 -> 349.39788 | J40: =I40*F40 -> 1048.1936 | K40: =$F$5 -> 0.2239 | L40: =(1+K40)*I40 -> 427.62807 | N40: =(1+M40)*L40 -> 427.62807 | O40: =N40*F40 -> 1282.8842
A41: 05. | D41: INSTALAÇÕES PLUVIAIS | G41: =SUM(G42:G50) -> 1598.728 | H41: =SUM(H42:H50) -> 200.11978 | I41: =SUM(I42:I50) -> 1798.8478 | J41: =SUM(J42:J50) -> 12082.91 | L41: =SUM(L42:L50) -> 2201.6098 | N41: =SUM(N42:N50) -> 2206.1142 | O41: =SUM(O42:O50) -> 14797.427
A42: 46027 | B42: ORSE | C42: 10816 | D42: Grelha em aço inox para calha, dim 140 x 25 x 2.5 cm - inclusive quadro de cantoneira 1/8" x 1" | E42: un | F42: ='MEM. CÁLC'!D52 -> 1 | G42: 1390.33 | H42: =1.03+1.16+0.11 -> 2.3 | I42: =G42+H42 -> 1392.63 | J42: =I42*F42 -> 1392.63 | K42: =$F$5 -> 0.2239 | L42: =(1+K42)*I42 -> 1704.4399 | M42: =INCC!$C$29 -> 0.0020626076 | N42: =(1+M42)*L42 -> 1707.9554 | O42: =N42*F42 -> 1707.9554
A43: 46058 | B43: ORSE | C43: 11912 | D43: Corte em pavimento de asfalto/concreto, com máquina e disco diamantado - Rev 01 | E43: m | F43: ='MEM. CÁLC'!D53 -> 47.75 | G43: 1.8 | H43: =10+1.01+1.13+0.08 -> 12.22 | I43: =G43+H43 -> 14.02 | J43: =I43*F43 -> 669.455 | K43: =$F$5 -> 0.2239 | L43: =(1+K43)*I43 -> 17.159078 | M43: =INCC!$C$29 -> 0.0020626076 | N43: =(1+M43)*L43 -> 17.19447 | O43: =N43*F43 -> 821.03596
A44: 46086 | B44: GOINFRA | C44: 82302 | D44: TUBO SOLDAVEL PARA ESGOTO DIAMETRO 50 MM | E44: m | F44: ='MEM. CÁLC'!D54 -> 7.1 | G44: 9 | H44: 15.59 | I44: =G44+H44 -> 24.59 | J44: =I44*F44 -> 174.589 | K44: =$F$5 -> 0.2239 | L44: =(1+K44)*I44 -> 30.095701 | M44: =INCC!$C$26 -> 0.0047490257 | N44: =(1+M44)*L44 -> 30.238626 | O44: =N44*F44 -> 214.69425
A45: 46117 | B45: GOINFRA | C45: 20109 | D45: DEMOLIÇÃO MANUAL DE PISO CIMENTICIO SOBRE LASTRO DE CONCRETO COM TRANSPORTE ATE CAÇAMBA E CARGA | E45: m2 | F45: ='MEM. CÁLC'!D55 -> 0.56 | G45: 0 | H45: 21.15 | I45: =G45+H45 -> 21.15 | J45: =I45*F45 -> 11.844 | K45: =$F$5 -> 0.2239 | L45: =(1+K45)*I45 -> 25.885485 | M45: =INCC!$C$26 -> 0.0047490257 | N45: =(1+M45)*L45 -> 26.008416 | O45: =N45*F45 -> 14.564713
A46: 46147 | B46: GOINFRA | C46: 40101 | D46: ESCAVACAO MANUAL DE VALAS < 1 MTS. (OBRAS CIVIS) | E46: m3 | F46: ='MEM. CÁLC'!D56 -> 2.55 | G46: 0 | H46: 52.16 | I46: =G46+H46 -> 52.16 | J46: =I46*F46 -> 133.008 | K46: =$F$5 -> 0.2239 | L46: =(1+K46)*I46 -> 63.838624 | M46: =INCC!$C$26 -> 0.0047490257 | N46: =(1+M46)*L46 -> 64.141795 | O46: =N46*F46 -> 163.56158
A47: 46178 | B47: GOINFRA | C47: 40902 | D47: REATERRO COM APILOAMENTO | E47: m3 | F47: ='MEM. CÁLC'!D57 -> 2.13 | G47: 0 | H47: 34.56 | I47: =G47+H47 -> 34.56 | J47: =I47*F47 -> 73.6128 | K47: =$F$5 -> 0.2239 | L47: =(1+K47)*I47 -> 42.297984 | M47: =INCC!$C$26 -> 0.0047490257 | N47: =(1+M47)*L47 -> 42.498858 | O47: =N47*F47 -> 90.522568
A48: 46208 | B48: GOINFRA | C48: 20109 | D48: DEMOLIÇÃO MANUAL DE PISO CIMENTICIO SOBRE LASTRO DE CONCRETO COM TRANSPORTE ATE CAÇAMBA E CARGA | E48: m2 | F48: ='MEM. CÁLC'!D58 -> 5.1 | G48: 0 | H48: 21.15 | I48: =G48+H48 -> 21.15 | J48: =I48*F48 -> 107.865 | K48: =$F$5 -> 0.2239 | L48: =(1+K48)*I48 -> 25.885485 | M48: =INCC!$C$26 -> 0.0047490257 | N48: =(1+M48)*L48 -> 26.008416 | O48: =N48*F48 -> 132.64292
A49: 46239 | B49: COMPOSIÇÃO | C49: ='COMP. onerado'!A30 -> 4 | D49: ='MEM. CÁLC'!B59 -> Tubo retângular em aço galvanizado 70x30, branco ( Descidas água pluvial) | E49: m | F49: ='MEM. CÁLC'!D59 -> 42.45 | G49: ='COMP. onerado'!M30 -> 177.23804 | H49: ='COMP. onerado'!N30 -> 37.359784 | I49: =G49+H49 -> 214.59782 | J49: =I49*F49 -> 9109.6775 | K49: =$F$5 -> 0.2239 | L49: =(1+K49)*I49 -> 262.64627 | N49: =(1+M49)*L49 -> 262.64627 | O49: =N49*F49 -> 11149.334
A50: 46270 | B50: ORSE | C50: 2489 | D50: Corrente de aço galvanizado 3/16" - Rev.02 | E50: m | F50: ='MEM. CÁLC'!D60 -> 17.1 | G50: 20.36 | H50: =1.66+1.84+0.13 -> 3.63 | I50: =G50+H50 -> 23.99 | J50: =I50*F50 -> 410.229 | K50: =$F$5 -> 0.2239 | L50: =(1+K50)*I50 -> 29.361361 | M50: =INCC!$C$29 -> 0.0020626076 | N50: =(1+M50)*L50 -> 29.421922 | O50: =N50*F50 -> 503.11487
A51: 06. | D51: ALVENARIAS E DIVISÓRIAS | G51: =SUM(G52:G55) -> 297.96 | H51: =SUM(H52:H55) -> 225.3 | I51: =SUM(I52:I55) -> 523.26 | J51: =SUM(J52:J55) -> 4316.9068 | L51: =SUM(L52:L55) -> 640.41791 | N51: =SUM(N52:N55) -> 642.38798 | O51: =SUM(O52:O55) -> 5300.2574
A52: 46028 | B52: ORSE | C52: 13899 | D52: MURETA EM ALVENARIA, CHAPISCADA E REBOCADA, INCLUSIVE FUNDAÇÃO | E52: m2 | F52: ='MEM. CÁLC'!D64 -> 7.744 | G52: 185.36 | H52: =63.88+71.13+5.42+0.04 -> 140.47 | I52: =G52+H52 -> 325.83 | J52: =I52*F52 -> 2523.2275 | K52: =$F$5 -> 0.2239 | L52: =(1+K52)*I52 -> 398.78334 | M52: =INCC!$C$29 -> 0.0020626076 | N52: =(1+M52)*L52 -> 399.60587 | O52: =N52*F52 -> 3094.5479
A53: 46059 | B53: GOINFRA | C53: 120901 | D53: IMPERMEABILIZACAO-JARDINEIRA C/MANTA ANTI-RAIZ (COMPLETA) | E53: m2 | F53: ='MEM. CÁLC'!D65 -> 10.0419 | G53: 96.8 | H53: 46.03 | I53: =G53+H53 -> 142.83 | J53: =I53*F53 -> 1434.2846 | K53: =$F$5 -> 0.2239 | L53: =(1+K53)*I53 -> 174.80964 | M53: =INCC!$C$26 -> 0.0047490257 | N53: =(1+M53)*L53 -> 175.63981 | O53: =N53*F53 -> 1763.7574
A54: 46087 | B54: GOINFRA | C54: 200506 | D54: CHAPISCO GROSSO | E54: m2 | F54: ='MEM. CÁLC'!D66 -> 6.58232 | G54: 6.97 | H54: 12.07 | I54: =G54+H54 -> 19.04 | J54: =I54*F54 -> 125.32737 | K54: =$F$5 -> 0.2239 | L54: =(1+K54)*I54 -> 23.303056 | M54: =INCC!$C$26 -> 0.0047490257 | N54: =(1+M54)*L54 -> 23.413723 | O54: =N54*F54 -> 154.11662
A55: 46118 | B55: GOINFRA | C55: 200499 | D55: REBOCO PAULISTA A-14 (1CALH:4ARMLC+100kgCI/M3) | E55: m2 | F55: ='MEM. CÁLC'!D67 -> 6.58232 | G55: 8.83 | H55: 26.73 | I55: =G55+H55 -> 35.56 | J55: =I55*F55 -> 234.0673 | K55: =$F$5 -> 0.2239 | L55: =(1+K55)*I55 -> 43.521884 | M55: =INCC!$C$26 -> 0.0047490257 | N55: =(1+M55)*L55 -> 43.728571 | O55: =N55*F55 -> 287.83544
A56: 07. | D56: ESTRUTURAS METÁLICAS | G56: =SUM(G57:G58) -> 26.57 | H56: =SUM(H57:H58) -> 5.34 | I56: =SUM(I57:I58) -> 31.91 | J56: =SUM(J57:J58) -> 43546.106 | L56: =SUM(L57:L58) -> 39.054649 | N56: =SUM(N57:N58) -> 39.240121 | O56: =SUM(O57:O58) -> 53549.184
A57: 46029 | B57: GOINFRA | C57: 150204 | D57: ESTRUTURA METÁLICA CONVENCIONAL EM AÇO DO TIPO MR-250 / ASTM A36 COM FUNDO ANTICORROSIVO | E57: Kg | F57: 2256.6 | G57: 17.91 | H57: 0 | I57: =G57+H57 -> 17.91 | J57: =I57*F57 -> 40415.706 | K57: =$F$5 -> 0.2239 | L57: =(1+K57)*I57 -> 21.920049 | M57: =INCC!$C$26 -> 0.0047490257 | N57: =(1+M57)*L57 -> 22.024148 | O57: =N57*F57 -> 49699.692
A58: 46060 | B58: GOINFRA | C58: 261609 | D58: PINTURA ESMALTE ALQUIDICO ESTRUTURA METALICA 2 DEMAOS | E58: m2 | F58: 223.6 | G58: 8.66 | H58: 5.34 | I58: =G58+H58 -> 14 | J58: =I58*F58 -> 3130.4 | K58: =$F$5 -> 0.2239 | L58: =(1+K58)*I58 -> 17.1346 | M58: =INCC!$C$26 -> 0.0047490257 | N58: =(1+M58)*L58 -> 17.215973 | O58: =N58*F58 -> 3849.4915
A59: 08. | D59: COBERTURAS | G59: =SUM(G60:G65) -> 799.18693 | H59: =SUM(H60:H65) -> 208.23485 | I59: =SUM(I60:I65) -> 1007.4218 | J59: =SUM(J60:J65) -> 53462.205 | L59: =SUM(L60:L65) -> 1232.9835 | N59: =SUM(N60:N65) -> 1234.8783 | O59: =SUM(O60:O65) -> 65521.477
A60: 46030 | B60: ORSE | C60: 13060 | D60: Fornecimento e instalação de chapas de policarbonato, e=8mm em toldo/cobertura/fechamento/etc - Rev 01 | E60: m2 | F60: ='MEM. CÁLC'!D75 -> 67.4819 | G60: 435.6 | H60: =0.16+21.54+23.99+1.78 -> 47.47 | I60: =G60+H60 -> 483.07 | J60: =I60*F60 -> 32598.481 | K60: =$F$5 -> 0.2239 | L60: =(1+K60)*I60 -> 591.22937 | M60: =INCC!$C$29 -> 0.0020626076 | N60: =(1+M60)*L60 -> 592.44885 | O60: =N60*F60 -> 39979.574
A61: 46061 | B61: SINAPI | C61: 94216 | D61: TELHAMENTO COM TELHA METÁLICA TERMOACÚSTICA E = 30 MM, COM ATÉ 2 ÁGUAS, INCLUSO IÇAMENTO. AF_07/2019 | E61: m2 | F61: ='MEM. CÁLC'!D76 -> 30.5334 | G61: 188.34 | H61: 0 | I61: =G61+H61 -> 188.34 | J61: =I61*F61 -> 5750.6606 | K61: =$F$5 -> 0.2239 | L61: =(1+K61)*I61 -> 230.50933 | M61: =INCC!$C$27 -> 0 | N61: =(1+M61)*L61 -> 230.50933 | O61: =N61*F61 -> 7038.2335
A62: 46089 | B62: COMPOSIÇÃO | C62: 5 | D62: ='COMP. onerado'!D37 -> ACABAMENTO FRONTAL CALHA TIPO PLATIBANDA PINTADA NA COR BRANCA 150mm | E62: m2 | F62: ='MEM. CÁLC'!D77 -> 66.1892 | G62: ='COMP. onerado'!M37 -> 54.870268 | H62: ='COMP. onerado'!N37 -> 83.024848 | I62: =G62+H62 -> 137.89512 | J62: =I62*F62 -> 9127.1674 | K62: =$F$5 -> 0.2239 | L62: =(1+K62)*I62 -> 168.76983 | N62: =(1+M62)*L62 -> 168.76983 | O62: =N62*F62 -> 11170.74
A63: 46120 | B63: COMPOSIÇÃO | C63: ='COMP. onerado'!A50 -> 7 | D63: ='MEM. CÁLC'!B78 -> Acabamento Frontal em Aço para telha Trapezoidal Telha Térmica Sanduíche 30mm | E63: m | F63: ='MEM. CÁLC'!D78 -> 225.15 | G63: ='COMP. onerado'!M50 -> 10.686667 | H63: ='COMP. onerado'!N50 -> 6.775 | I63: =G63+H63 -> 17.461667 | J63: =I63*F63 -> 3931.4943 | K63: =$F$5 -> 0.2239 | L63: =(1+K63)*I63 -> 21.371334 | N63: =(1+M63)*L63 -> 21.371334 | O63: =N63*F63 -> 4811.7558
A64: 46150 | B64: COMPOSIÇÃO | C64: ='COMP. onerado'!A55 -> 8 | D64: ='COMP. onerado'!D55 -> Acabamento Lateral em Aço para telha Trapezoidal Telha Térmica Sanduíche 30mm | E64: m | F64: ='MEM. CÁLC'!D79 -> 13.74 | G64: ='COMP. onerado'!M55 -> 57.7 | H64: ='COMP. onerado'!N55 -> 6.775 | I64: =G64+H64 -> 64.475 | J64: =I64*F64 -> 885.8865 | K64: =$F$5 -> 0.2239 | L64: =(1+K64)*I64 -> 78.910952 | N64: =(1+M64)*L64 -> 78.910952 | O64: =N64*F64 -> 1084.2365
A65: 46181 | B65: GOINFRA | C65: 160603 | D65: RUFO DE CHAPA GALVANIZADA Nº 26 | E65: m2 | F65: ='MEM. CÁLC'!D80 -> 10.0578 | G65: 51.99 | H65: 64.19 | I65: =G65+H65 -> 116.18 | J65: =I65*F65 -> 1168.5152 | K65: =$F$5 -> 0.2239 | L65: =(1+K65)*I65 -> 142.1927 | M65: =INCC!$C$26 -> 0.0047490257 | N65: =(1+M65)*L65 -> 142.86798 | O65: =N65*F65 -> 1436.9376
A66: 09. | D66: ESQUADRIAS MADEIRAS/ METÁLICAS | G66: =SUM(G67:G73) -> 5038.4144 | H66: =SUM(H67:H73) -> 250.79176 | I66: =SUM(I67:I73) -> 5289.2062 | J66: =SUM(J67:J73) -> 880660.78 | L66: =SUM(L67:L73) -> 6473.4594 | N66: =SUM(N67:N73) -> 6482.7933 | O66: =SUM(O67:O73) -> 1077866.2
A67: 46031 | B67: COTAÇÃO | C67: 1 | D67: BRISE SOLEIL - CHAPA DE AÇO CARBONO GALVANIZADA, PERFURADA (GRADE FUROS REDONDOS ALTERNADOS HORIZONTAL) COM DIÂMETRO MÁXIMO DE FURO ≤ 4cm, ESPESSURA CHPA 2mm E PINTADA COM TINTA AUTOMOTIVA E ACABAMENTO EM VERNIZ BICOMPONENTE AUTOMOTIVO NA COR: Verde Mar ou similar (a cor deverá ser preveamente aprovada).FORNECIMENTO E INSTALAÇÃO. | E67: m2 | F67: ='MEM. CÁLC'!D84 -> 611.4144 | G67: ='COTAÇÕES'!I10 -> 1417.4643 | H67: 0 | I67: =G67+H67 -> 1417.4643 | J67: =I67*F67 -> 866658.11 | K67: =$F$5 -> 0.2239 | L67: =(1+K67)*I67 -> 1734.8346 | N67: =(1+M67)*L67 -> 1734.8346 | O67: =N67*F67 -> 1060702.9
A68: 46062 | B68: GOINFRA | C68: 180501 | D68: PORTA DE ABRIR DE 01 FOLHA EM CHAPA METÁLICA PF-1 C/FERRAGENS | E68: UN | F68: ='MEM. CÁLC'!D85 -> 1 | G68: 635.35 | H68: 63.25 | I68: =G68+H68 -> 698.6 | J68: =I68*F68 -> 698.6 | K68: =$F$5 -> 0.2239 | L68: =(1+K68)*I68 -> 855.01654 | M68: =INCC!$C$26 -> 0.0047490257 | N68: =(1+M68)*L68 -> 859.07704 | O68: =N68*F68 -> 859.07704
A69: 46090 | B69: GOINFRA | C69: 180504 | D69: PORTA DE ABRIR DE 01 FOLHA EM VENEZIANA PF-4 C/FERRAGENS | E69: m2 | F69: ='MEM. CÁLC'!D86 -> 3.36 | G69: 501.9 | H69: 63.25 | I69: =G69+H69 -> 565.15 | J69: =I69*F69 -> 1898.904 | K69: =$F$5 -> 0.2239 | L69: =(1+K69)*I69 -> 691.68709 | M69: =INCC!$C$26 -> 0.0047490257 | N69: =(1+M69)*L69 -> 694.97192 | O69: =N69*F69 -> 2335.1057
A70: 46121 | B70: ORSE | C70: 4461 | D70: Tela de aço galvanizado fio 12 bwg, malha 2", ondulada, quadrada, fixada em moldura constituída de barra chata de 1 1/2 x 1/4" | E70: m2 | F70: ='MEM. CÁLC'!D87 -> 2.73 | G70: 98.91 | H70: =8.97+9.99+0.82 -> 19.78 | I70: =G70+H70 -> 118.69 | J70: =I70*F70 -> 324.0237 | K70: =$F$5 -> 0.2239 | L70: =(1+K70)*I70 -> 145.26469 | M70: =INCC!$C$29 -> 0.0020626076 | N70: =(1+M70)*L70 -> 145.56432 | O70: =N70*F70 -> 397.39058
A71: 46151 | B71: ORSE | C71: 3149 | D71: Película insulfilm aplicada ou Similar | E71: m2 | F71: ='MEM. CÁLC'!D88 -> 28.9346 | G71: 64.67 | H71: 0 | I71: =G71+H71 -> 64.67 | J71: =I71*F71 -> 1871.2006 | K71: =$F$5 -> 0.2239 | L71: =(1+K71)*I71 -> 79.149613 | M71: =INCC!$C$29 -> 0.0020626076 | N71: =(1+M71)*L71 -> 79.312868 | O71: =N71*F71 -> 2294.8861
A72: 46182 | B72: ORSE | C72: 11573 | D72: Tampa de inspeção em chapa metálica de 1/4", inclusive tratamento e pintura em esmalte | E72: m2 | F72: ='MEM. CÁLC'!D89 -> 3.1916 | G72: 533.48 | H72: =32.31+35.99+2.6 -> 70.9 | I72: =G72+H72 -> 604.38 | J72: =I72*F72 -> 1928.9392 | K72: =$F$5 -> 0.2239 | L72: =(1+K72)*I72 -> 739.70068 | M72: =INCC!$C$29 -> 0.0020626076 | N72: =(1+M72)*L72 -> 741.22639 | O72: =N72*F72 -> 2365.6982
A73: 46212 | B73: COMPOSIÇÃO | C73: 3 | D73: ='COMP. onerado'!D23 -> Tampa circular para esgoto e drenagem, em ferro fundido, diâmetro 900 mm | E73: ='MEM. CÁLC'!C90 -> UND | F73: ='MEM. CÁLC'!D90 -> 4 | G73: ='COMP. onerado'!M23 -> 1786.6401 | H73: ='COMP. onerado'!N23 -> 33.611761 | I73: =G73+H73 -> 1820.2518 | J73: =I73*F73 -> 7281.0073 | K73: =$F$5 -> 0.2239 | L73: =(1+K73)*I73 -> 2227.8062 | N73: =(1+M73)*L73 -> 2227.8062 | O73: =N73*F73 -> 8911.2248
A74: 10. | D74: REVESTIMENTO DE PAREDES | G74: =SUM(G75:G76) -> 266.71 | H74: =SUM(H75:H76) -> 7.8786548 | I74: =SUM(I75:I76) -> 274.58865 | J74: =SUM(J75:J76) -> 32278.068 | L74: =SUM(L75:L76) -> 336.06905 | N74: =SUM(N75:N76) -> 336.06905 | O74: =SUM(O75:O76) -> 39505.127
A75: 46032 | B75: COMPOSIÇÃO | C75: 1 | D75: PAINEL RIPADO INTERNO WPC 290x16cm ( incluso instalação) | E75: und | F75: ='MEM. CÁLC'!D96 -> 137 | G75: ='COMP. onerado'!M9 -> 139.02 | H75: ='COMP. onerado'!N9 -> 7.8786548 | I75: =G75+H75 -> 146.89865 | J75: =I75*F75 -> 20125.116 | K75: =$F$5 -> 0.2239 | L75: =(1+K75)*I75 -> 179.78926 | N75: =(1+M75)*L75 -> 179.78926 | O75: =N75*F75 -> 24631.129
A76: 46063 | B76: COTAÇÃO | C76: 2 | D76: PAINEL RIPADO EXTERNO EM ALUMÍNIO, COM PINTURA SUBLIMADA MADEIRADA COR E DIMENSÕES CONFORME O PROJETO. FORNECIMENTO E INSTALAÇÃO | E76: m2 | F76: ='MEM. CÁLC'!D94 -> 95.17544 | G76: ='COTAÇÕES'!I15 -> 127.69 | H76: 0 | I76: =G76+H76 -> 127.69 | J76: =I76*F76 -> 12152.952 | K76: =$F$5 -> 0.2239 | L76: =(1+K76)*I76 -> 156.27979 | M76: 0 | N76: =(1+M76)*L76 -> 156.27979 | O76: =N76*F76 -> 14873.998
A77: 11. | D77: REVESTIMENTO DE PISO | G77: =SUM(G78:G89) -> 436.78 | H77: =SUM(H78:H89) -> 251.35 | I77: =SUM(I78:I89) -> 688.13 | J77: =SUM(J78:J89) -> 48282.005 | L77: =SUM(L78:L89) -> 842.20231 | N77: =SUM(N78:N89) -> 845.8131 | O77: =SUM(O78:O89) -> 59284.98
A78: 11.01 | B78: ORSE | C78: 8928 | D78: Revestimento cerâmico para piso ou parede, 50 x 50 cm, antiderrapante (porcelanato), Elizabeth ou similar, aplicado com argamassa industrializada ac-iii, rejuntado, exclusive regularização de base ou emboço | E78: m2 | F78: ='MEM. CÁLC'!D104 -> 136.3626 | G78: 56.47 | H78: =8.62+9.59+0.7 -> 18.91 | I78: =G78+H78 -> 75.38 | J78: =I78*F78 -> 10279.013 | K78: =$F$5 -> 0.2239 | L78: =(1+K78)*I78 -> 92.257582 | M78: =INCC!$C$29 -> 0.0020626076 | N78: =(1+M78)*L78 -> 92.447873 | O78: =N78*F78 -> 12606.432
A79: 11.02 | B79: GOINFRA | C79: 120101 | D79: REGULARIZAÇÃO (1:3) E=2 CM | E79: m2 | F79: =F78 -> 136.3626 | G79: 11.83 | H79: 14.16 | I79: =G79+H79 -> 25.99 | J79: =I79*F79 -> 3544.064 | K79: =$F$5 -> 0.2239 | L79: =(1+K79)*I79 -> 31.809161 | M79: =INCC!$C$26 -> 0.0047490257 | N79: =(1+M79)*L79 -> 31.960224 | O79: =N79*F79 -> 4358.1792
A80: 11.03 | B80: GOINFRA | C80: 220103 | D80: PISO EM CONCRETO ARMADO E=20CM BAIA TERM.RODOVIARIO 30MPA(3X3 M)COMP./S.LEITO | E80: m2 | F80: ='MEM. CÁLC'!D106 -> 65.2972 | G80: 188.29 | H80: 107.98 | I80: =G80+H80 -> 296.27 | J80: =I80*F80 -> 19345.601 | K80: =$F$5 -> 0.2239 | L80: =(1+K80)*I80 -> 362.60485 | M80: =INCC!$C$26 -> 0.0047490257 | N80: =(1+M80)*L80 -> 364.32687 | O80: =N80*F80 -> 23789.525
A81: 11.04 | B81: GOINFRA | C81: 220312 | D81: RODAPÉ DE CERÂMICA ANTIDERRAPANTE COM ARGAMASSA COLANTE | E81: m | F81: ='MEM. CÁLC'!D107 -> 23 | G81: 2.47 | H81: 9.23 | I81: =G81+H81 -> 11.7 | J81: =I81*F81 -> 269.1 | K81: =$F$5 -> 0.2239 | L81: =(1+K81)*I81 -> 14.31963 | M81: =INCC!$C$26 -> 0.0047490257 | N81: =(1+M81)*L81 -> 14.387634 | O81: =N81*F81 -> 330.91559
A82: 11.05 | B82: GOINFRA | C82: 271715 | D82: MEIO FIO PD. GOINFRA EM CONC. PRÉ MOLD. RETO/CURVO (9v12X30X100CM), FC28=20MPA COM ARGAM.(1CI:3ARMLC) P/ARREMATE DO REJUNT. - INCLUSO ESCAV./APILOAM./REATERRO E CONC.FC28= 10MPA P/ ASSENTAM. E CHUMBAMENTO | E82: m | F82: ='MEM. CÁLC'!D108 -> 35.4226 | G82: 20.54 | H82: 25.1 | I82: =G82+H82 -> 45.64 | J82: =I82*F82 -> 1616.6875 | K82: =$F$5 -> 0.2239 | L82: =(1+K82)*I82 -> 55.858796 | M82: =INCC!$C$26 -> 0.0047490257 | N82: =(1+M82)*L82 -> 56.124071 | O82: =N82*F82 -> 1988.0605
A83: 11.06 | B83: SINAPI | C83: 102491 | D83: Pintura de piso com tinta acrílica, aplicação manual, 2 demãos, incluso fundo preparador. af_05/2021 | E83: m2 | F83: ='MEM. CÁLC'!D109 -> 384.3782 | G83: 24.26 | H83: 0 | I83: =G83+H83 -> 24.26 | J83: =I83*F83 -> 9325.0151 | K83: =$F$5 -> 0.2239 | L83: =(1+K83)*I83 -> 29.691814 | M83: =INCC!$C$27 -> 0 | N83: =(1+M83)*L83 -> 29.691814 | O83: =N83*F83 -> 11412.886
A84: 11.07 | B84: GOINFRA | C84: 67022 | D84: LIMPEZA DO SUBSTRATO COM APLICAÇÃO DE JATO DE ÁGUA FRIA | E84: m2 | F84: ='MEM. CÁLC'!D110 -> 384.3782 | G84: 0.01 | H84: 2.44 | I84: =G84+H84 -> 2.45 | J84: =I84*F84 -> 941.72659 | K84: =$F$5 -> 0.2239 | L84: =(1+K84)*I84 -> 2.998555 | M84: =INCC!$C$26 -> 0.0047490257 | N84: =(1+M84)*L84 -> 3.0127952 | O84: =N84*F84 -> 1158.0528
A85: 11.08 | B85: GOINFRA | C85: 41140 | D85: REGULARIZAÇÃO DO TERRENO SEM APILOAMENTO COM TRANSPORTE MANUAL DA TERRA ESCAVADA | E85: m2 | F85: ='MEM. CÁLC'!D111 -> 130.5 | G85: 0 | H85: 3.81 | I85: =G85+H85 -> 3.81 | J85: =I85*F85 -> 497.205 | K85: =$F$5 -> 0.2239 | L85: =(1+K85)*I85 -> 4.663059 | M85: =INCC!$C$26 -> 0.0047490257 | N85: =(1+M85)*L85 -> 4.685204 | O85: =N85*F85 -> 611.41912
A86: 11.09 | B86: GOINFRA | C86: 40905 | D86: APILOAMENTO MECÂNICO | E86: m2 | F86: ='MEM. CÁLC'!D112 -> 130.5 | G86: 0.1 | H86: 0.49 | I86: =G86+H86 -> 0.59 | J86: =I86*F86 -> 76.995 | K86: =$F$5 -> 0.2239 | L86: =(1+K86)*I86 -> 0.722101 | M86: =INCC!$C$26 -> 0.0047490257 | N86: =(1+M86)*L86 -> 0.72553028 | O86: =N86*F86 -> 94.681701
A87: 11.10 | B87: GOINFRA | C87: 20110 | D87: DEMOLIÇÃO MANUAL DE PISO EM LADRILHO HIDRAULICO COM TRANSPORTE ATE CAÇAMBA E CARGA | E87: m2 | F87: ='MEM. CÁLC'!D113 -> 11.8125 | G87: 0 | H87: 13.01 | I87: =G87+H87 -> 13.01 | J87: =I87*F87 -> 153.68062 | K87: =$F$5 -> 0.2239 | L87: =(1+K87)*I87 -> 15.922939 | M87: =INCC!$C$26 -> 0.0047490257 | N87: =(1+M87)*L87 -> 15.998557 | O87: =N87*F87 -> 188.98296
A88: 11.11 | B88: GOINFRA | C88: 221126 | D88: PISO DE LADRILHO HIDRÁULICO COLORIDO MODELO TÁTIL ( ALERTA OU DIRECIONAL) SEM LASTRO | E88: m² | F88: ='MEM. CÁLC'!D114 -> 11.8125 | G88: 132.81 | H88: 35.07 | I88: =G88+H88 -> 167.88 | J88: =I88*F88 -> 1983.0825 | K88: =$F$5 -> 0.2239 | L88: =(1+K88)*I88 -> 205.46833 | M88: =INCC!$C$26 -> 0.0047490257 | N88: =(1+M88)*L88 -> 206.44411 | O88: =N88*F88 -> 2438.621
A89: 11.12 | B89: GOINFRA | C89: 20109 | D89: DEMOLIÇÃO MANUAL DE PISO CIMENTICIO SOBRE LASTRO DE CONCRETO COM TRANSPORTE ATE CAÇAMBA E CARGA | E89: m2 | F89: ='MEM. CÁLC'!D115 -> 11.8125 | G89: 0 | H89: 21.15 | I89: =G89+H89 -> 21.15 | J89: =I89*F89 -> 249.83437 | K89: =$F$5 -> 0.2239 | L89: =(1+K89)*I89 -> 25.885485 | M89: =INCC!$C$26 -> 0.0047490257 | N89: =(1+M89)*L89 -> 26.008416 | O89: =N89*F89 -> 307.22441
A90: 12. | D90: PINTURA | G90: =SUM(G91:G96) -> 64.13 | H90: =SUM(H91:H96) -> 73.45 | I90: =SUM(I91:I96) -> 137.58 | J90: =SUM(J91:J96) -> 326245.59 | L90: =SUM(L91:L96) -> 168.38416 | N90: =SUM(N91:N96) -> 168.98609 | O90: =SUM(O91:O96) -> 401170.49
A91: 46034 | B91: GOINFRA | C91: 260601 | D91: PINTURA TEXTURIZADA C/SELADOR ACRILICO (MANTER COR ORIGINAL: ELEFANTE E/OU CÉU CHUVOSO) | E91: m2 | F91: ='MEM. CÁLC'!D119 -> 9215.73 | G91: 7.37 | H91: 9.64 | I91: =G91+H91 -> 17.01 | J91: =I91*F91 -> 156759.57 | K91: =$F$5 -> 0.2239 | L91: =(1+K91)*I91 -> 20.818539 | M91: =INCC!$C$26 -> 0.0047490257 | N91: =(1+M91)*L91 -> 20.917407 | O91: =N91*F91 -> 192769.17
A92: 46065 | B92: GOINFRA | C92: 261307 | D92: PINTURA PVA LATEX 2 DEMAOS SEM SELADOR (REPINTAR TODO O TETOS DO BLOCOS) | E92: m2 | F92: ='MEM. CÁLC'!D121 -> 3489.43 | G92: 4.07 | H92: 7.65 | I92: =G92+H92 -> 11.72 | J92: =I92*F92 -> 40896.12 | K92: =$F$5 -> 0.2239 | L92: =(1+K92)*I92 -> 14.344108 | M92: =INCC!$C$26 -> 0.0047490257 | N92: =(1+M92)*L92 -> 14.412229 | O92: =N92*F92 -> 50290.463
A93: 46093 | B93: GOINFRA | C93: 261000 | D93: PINTURA LATEX ACRILICA 2 DEMAOS C/SELADOR (REPINTAR TODAS AS PAREDES INTERNAS DO BLOCOS) | E93: m2 | F93: ='MEM. CÁLC'!D122 -> 4979.486 | G93: 5.93 | H93: 10.63 | I93: =G93+H93 -> 16.56 | J93: =I93*F93 -> 82460.288 | K93: =$F$5 -> 0.2239 | L93: =(1+K93)*I93 -> 20.267784 | M93: =INCC!$C$26 -> 0.0047490257 | N93: =(1+M93)*L93 -> 20.364036 | O93: =N93*F93 -> 101402.43
A94: 46124 | B94: GOINFRA | C94: 261300 | D94: EMASSAMENTO COM MASSA PVA DUAS DEMAOS ( TETO) | E94: m2 | F94: ='MEM. CÁLC'!D123 -> 1046.829 | G94: 3.12 | H94: 13.19 | I94: =G94+H94 -> 16.31 | J94: =I94*F94 -> 17073.781 | K94: =$F$5 -> 0.2239 | L94: =(1+K94)*I94 -> 19.961809 | M94: =INCC!$C$26 -> 0.0047490257 | N94: =(1+M94)*L94 -> 20.056608 | O94: =N94*F94 -> 20995.839
A95: 46154 | B95: GOINFRA | C95: 261305 | D95: EMASSAMENTO ACRÍLICO 1 DEMÃO EM PAREDE | E95: m2 | F95: ='MEM. CÁLC'!D124 -> 1493.8458 | G95: 4.86 | H95: 10.98 | I95: =G95+H95 -> 15.84 | J95: =I95*F95 -> 23662.517 | K95: =$F$5 -> 0.2239 | L95: =(1+K95)*I95 -> 19.386576 | M95: =INCC!$C$26 -> 0.0047490257 | N95: =(1+M95)*L95 -> 19.478643 | O95: =N95*F95 -> 29098.09
A96: 46185 | B96: ORSE | C96: 13476 | D96: Pintura para exteriores, sobre paredes, com lixamento, aplicação de 01 demão de líquido selador acrílico e 01 demão de textura riscada em cores diversas, com uso de desempenadeira | E96: m2 | F96: ='MEM. CÁLC'!D125 -> 89.67932 | G96: 38.78 | H96: =9.74+10.84+0.78 -> 21.36 | I96: =G96+H96 -> 60.14 | J96: =I96*F96 -> 5393.3143 | K96: =$F$5 -> 0.2239 | L96: =(1+K96)*I96 -> 73.605346 | M96: =INCC!$C$29 -> 0.0020626076 | N96: =(1+M96)*L96 -> 73.757165 | O96: =N96*F96 -> 6614.4924
A97: 13. | D97: DIVERSOS | G97: =SUM(G98:G100) -> 1027.9769 | H97: =SUM(H98:H100) -> 255.97318 | I97: =SUM(I98:I100) -> 1283.9501 | J97: =SUM(J98:J100) -> 23018.322 | L97: =SUM(L98:L100) -> 1571.4265 | N97: =SUM(N98:N100) -> 1572.2057 | O97: =SUM(O98:O100) -> 28178.357
A98: 46035 | B98: COMPOSIÇÃO | C98: 2 | D98: GUARDA-CORPO EM TUBO DE AÇO INOX ø=1 1/2", DUPLO, montantes e fechamento em tubo 2", h= 96cm, c/acabamento polido, p/fixação em piso | E98: m | F98: ='MEM. CÁLC'!D129 -> 23 | G98: ='COMP. onerado'!M16 -> 653.74565 | H98: ='COMP. onerado'!N16 -> 210.80268 | I98: =G98+H98 -> 864.54832 | J98: =I98*F98 -> 19884.611 | K98: =$F$5 -> 0.2239 | L98: =(1+K98)*I98 -> 1058.1207 | N98: =(1+M98)*L98 -> 1058.1207 | O98: =N98*F98 -> 24336.776
A99: 46066 | B99: ORSE | C99: 8759 | D99: CORRIMÃO EM AÇO INOX ø=1 1/2", DUPLO, H=90CM | E99: m | F99: ='MEM. CÁLC'!D131 -> 8 | G99: 272.26 | H99: =16.57+18.45+1.37 -> 36.39 | I99: =G99+H99 -> 308.65 | J99: =I99*F99 -> 2469.2 | K99: =$F$5 -> 0.2239 | L99: =(1+K99)*I99 -> 377.75673 | M99: =INCC!$C$29 -> 0.0020626076 | N99: =(1+M99)*L99 -> 378.5359 | O99: =N99*F99 -> 3028.2872
A100: 46094 | B100: COMPOSIÇÃO | C100: 9 | D100: Bate rodas - Segregador para Sinalização Viária | E100: un | F100: ='MEM. CÁLC'!D135 -> 6 | G100: ='COMP. onerado'!M60 -> 101.97125 | H100: ='COMP. onerado'!N60 -> 8.7805017 | I100: =G100+H100 -> 110.75175 | J100: =I100*F100 -> 664.5105 | K100: =$F$5 -> 0.2239 | L100: =(1+K100)*I100 -> 135.54907 | N100: =(1+M100)*L100 -> 135.54907 | O100: =N100*F100 -> 813.2944
...

Sheet ORÇA desonerado
A1: ='ORÇA onerado'!A1 -> Órgão: | B1: SECRETARIA DE ESTADO DA SAÚDE DE GOIÁS | E1: Data Base ÚNICA: | F1: ='ORÇA onerado'!F1 -> 45992
A2: Unidade: | B2: SUPERINTENDÊNCIA DA ESCOLA DE SAÚDE DE GOIÁS - SESG | E2: Referência: | F2: TABELA DESONERADA
A3: Obra: | B3: FORNECIMENTO E INSTALAÇÃO BRISES, RIPADO E CORRIMÃO | F3: GOINFRA 10/2025 (reajustada pelo INCC até 12/2025); SINAPI 12/2025; ORSE - Novembro/2025 (reajustada pelo INCC até Dezembro/2025)
A4: Endereço: | B4: RUA 26, 521, VILA LEGIONARIOS, CEP: 74853-070 | F4: Data base: | H4: =F1 -> 45992
A5: Município: | B5: GOIÂNIA | E5: BDI: | F5: =BDI!E22 -> 0.2239 | G5: BDI reduz.: | H5: =BDI!K22 -> 0.1827
A6: PLANILHA ORÇAMENTÁRIA DE REFERÊNCIA
A7: ITEM | B7: FONTE | C7: CÓDIGO | D7: DESCRIÇÃO | E7: UNIDADE | F7: QUANT. | G7: PREÇO UNITÁRIO MATERIAL SEM BDI(R$) | H7: PREÇO UNITÁRIO MÃO DE OBRA SEM BDI(R$) | I7: PREÇO UNITÁRIO TOTAL SEM BDI (R$) | J7: PREÇO TOTAL SEM BDI (R$) | K7: BDI | L7: PREÇO UNITÁRIO TOTAL COM BDI (R$) | M7: ÍNDICES DE CORREÇÃO | N7: PREÇO UNITÁRIO TOTAL COM BDI + CORREÇÃO (R$) | O7: PREÇO TOTAL COM BDI + CORREÇÃO (R$)
A8: 01. | D8: SERVIÇOS PRELIMINARES | G8: =SUM(G9:G12) -> 2876.9 | H8: =SUM(H9:H12) -> 9.62 | I8: =SUM(I9:I12) -> 2886.52 | J8: =SUM(J9:J12) -> 77517.663 | L8: =SUM(L9:L12) -> 3430.3993 | N8: =SUM(N9:N12) -> 3446.6904 | O8: =SUM(O9:O12) -> 92190.189
A9: ='ORÇA onerado'!A9 -> 45658 | B9: ='ORÇA onerado'!B9 -> GOINFRA | C9: ='ORÇA onerado'!C9 -> 21301 | D9: ='ORÇA onerado'!D9 -> PLACA DE OBRA PLOTADA EM CHAPA METÁLICA 26 , AFIXADA EM CAVALETES DE MADEIRA DE LEI (VIGOTAS 6X12CM) - PADRÃO GOINFRA | E9: ='ORÇA onerado'!E9 -> m2 | F9: ='ORÇA onerado'!F9 -> 4.5 | G9: 396.3 | H9: 4.48 | I9: =G9+H9 -> 400.78 | J9: =I9*F9 -> 1803.51 | K9: =$F$5 -> 0.2239 | L9: =(1+K9)*I9 -> 490.51464 | M9: =INCC!$C$26 -> 0.0047490257 | N9: =(1+M9)*L9 -> 492.84411 | O9: =N9*F9 -> 2217.7985
A10: ='ORÇA onerado'!A10 -> 45689 | B10: ='ORÇA onerado'!B10 -> GOINFRA | C10: ='ORÇA onerado'!C10 -> 20230 | D10: ='ORÇA onerado'!D10 -> LOCAÇÃO DE CONTAINER SEM REVESTIMENTO INTERNO PARA ALMOXARIFADO / DEPÓSITO 6,00 X 2,40 M, INCLUSIVE MOBILIÁRIO (EXCLUSO MOBILIZAÇÃO / DESMOBILIZAÇÃO)LOCAÇÃO DE CONTAINER SEM REVESTIMENTO INTERNO PARA ALMOXARIFADO / DEPÓSITO 6,00 X 2,40 M, INCLUSIVE MOBILIÁRIO (EXCLUSO MOBILIZAÇÃO / DESMOBILIZAÇÃO) | E10: ='ORÇA onerado'!E10 -> mês | F10: ='ORÇA onerado'!F10 -> 3 | G10: 1135.26 | H10: 0 | I10: =G10+H10 -> 1135.26 | J10: =I10*F10 -> 3405.78 | K10: =$H$5 -> 0.1827 | L10: =(1+K10)*I10 -> 1342.672 | M10: =INCC!$C$26 -> 0.0047490257 | N10: =(1+M10)*L10 -> 1349.0484 | O10: =N10*F10 -> 4047.1452
A11: ='ORÇA onerado'!A11 -> 45717 | B11: ='ORÇA onerado'!B11 -> GOINFRA | C11: ='ORÇA onerado'!C11 -> 20232 | D11: ='ORÇA onerado'!D11 -> LOCAÇÃO DE CONTAINER SANITÁRIO MISTO 6,00 X 2,40 M, COM 3 VASOS, 6 CHUVEIROS, LAVATÓRIO E MICTÓRIO (EXCLUSO MOBILIZAÇÃO / DESMOBILIZAÇÃO) | E11: ='ORÇA onerado'!E11 -> mês | F11: ='ORÇA onerado'!F11 -> 3 | G11: 1325.95 | H11: 0 | I11: =G11+H11 -> 1325.95 | J11: =I11*F11 -> 3977.85 | K11: =$H$5 -> 0.1827 | L11: =(1+K11)*I11 -> 1568.2011 | M11: =INCC!$C$26 -> 0.0047490257 | N11: =(1+M11)*L11 -> 1575.6485 | O11: =N11*F11 -> 4726.9455
A12: ='ORÇA onerado'!A12 -> 45748 | B12: ='ORÇA onerado'!B12 -> GOINFRA | C12: ='ORÇA onerado'!C12 -> 60105 | D12: ='ORÇA onerado'!D12 -> ANDAIME METALICO FACHADEIRO (ALUGUEL/MES) | E12: ='ORÇA onerado'!E12 -> m2xmes | F12: ='ORÇA onerado'!F12 -> 2785.59 | G12: 19.39 | H12: 5.14 | I12: =G12+H12 -> 24.53 | J12: =I12*F12 -> 68330.523 | K12: =$H$5 -> 0.1827 | L12: =(1+K12)*I12 -> 29.011631 | M12: =INCC!$C$26 -> 0.0047490257 | N12: =(1+M12)*L12 -> 29.149408 | O12: =N12*F12 -> 81198.299
A13: ='ORÇA onerado'!A13 -> 02. | B13: ='ORÇA onerado'!B13 | C13: ='ORÇA onerado'!C13 | D13: ='ORÇA onerado'!D13 -> TRANSPORTES | E13: ='ORÇA onerado'!E13 | F13: ='ORÇA onerado'!F13 | G13: =SUM(G14:G16) -> 555.56 | H13: =SUM(H14:H16) -> 474.3 | I13: =SUM(I14:I16) -> 1029.86 | J13: =SUM(J14:J16) -> 10486.255 | L13: =SUM(L14:L16) -> 1260.4457 | N13: =SUM(N14:N16) -> 1266.4315 | O13: =SUM(O14:O16) -> 12895.077
A14: ='ORÇA onerado'!A14 -> 45659 | B14: ='ORÇA onerado'!B14 -> GOINFRA | C14: ='ORÇA onerado'!C14 -> 30105 | D14: ='ORÇA onerado'!D14 -> TRANSPORTE DE ENTULHO EM CAÇAMBA ESTACIONÁRIA INCLUSO A CARGA MANUAL | E14: ='ORÇA onerado'!E14 -> m3 | F14: ='ORÇA onerado'!F14 -> 87.74 | G14: 96.8 | H14: 12.22 | I14: =G14+H14 -> 109.02 | J14: =I14*F14 -> 9565.4148 | K14: =$F$5 -> 0.2239 | L14: =(1+K14)*I14 -> 133.42958 | M14: =INCC!$C$26 -> 0.0047490257 | N14: =(1+M14)*L14 -> 134.06324 | O14: =N14*F14 -> 11762.709
A15: ='ORÇA onerado'!A15 -> 45690 | B15: ='ORÇA onerado'!B15 -> GOINFRA | C15: ='ORÇA onerado'!C15 -> 30114 | D15: ='ORÇA onerado'!D15 -> MOBILIZAÇÃO DO CANTEIRO DE OBRAS - INCLUSIVE CARGA E DESCARGA E A HORA IMPRODUTIVA DO CAMINHÃO - ( EXCLUSO O TRANSPORTE ) | E15: ='ORÇA onerado'!E15 -> un | F15: ='ORÇA onerado'!F15 -> 1 | G15: 229.38 | H15: 231.04 | I15: =G15+H15 -> 460.42 | J15: =I15*F15 -> 460.42 | K15: =$F$5 -> 0.2239 | L15: =(1+K15)*I15 -> 563.50804 | M15: =INCC!$C$26 -> 0.0047490257 | N15: =(1+M15)*L15 -> 566.18415 | O15: =N15*F15 -> 566.18415
A16: ='ORÇA onerado'!A16 -> 45718 | B16: ='ORÇA onerado'!B16 -> GOINFRA | C16: ='ORÇA onerado'!C16 -> 30116 | D16: ='ORÇA onerado'!D16 -> DESMOBILIZAÇÃO DO CANTEIRO DE OBRAS - INCLUSIVE CARGA E DESCARGA E A HORA IMPRODUTIVA DO CAMINHÃO - ( EXCLUSO O TRANSPORTE ) | E16: ='ORÇA onerado'!E16 -> un | F16: ='ORÇA onerado'!F16 -> 1 | G16: 229.38 | H16: 231.04 | I16: =G16+H16 -> 460.42 | J16: =I16*F16 -> 460.42 | K16: =$F$5 -> 0.2239 | L16: =(1+K16)*I16 -> 563.50804 | M16: =INCC!$C$26 -> 0.0047490257 | N16: =(1+M16)*L16 -> 566.18415 | O16: =N16*F16 -> 566.18415
A17: 03. | D17: PAISAGISMO | G17: =SUM(G18:G19) -> 38.2 | H17: =SUM(H18:H19) -> 22.48 | I17: =SUM(I18:I19) -> 60.68 | J17: =SUM(J18:J19) -> 1001.7233 | L17: =SUM(L18:L19) -> 74.266252 | N17: =SUM(N18:N19) -> 74.492196 | O17: =SUM(O18:O19) -> 1228.7896
A18: ='ORÇA onerado'!A18 -> 46025 | B18: ='ORÇA onerado'!B18 -> GOINFRA | C18: ='ORÇA onerado'!C18 -> 270213 | D18: ='ORÇA onerado'!D18 -> PREPARAÇÃO C/ ADUBAÇÃO DO TERRENO EM FORMA DE CANTEIRO E PLANTIO DE FORRAÇÃO AMBOS C/PROFUNDIDADE DE 30 CM - EXCLUSO O CUSTO DE AQUISIÇÃO DA MUDA | E18: ='ORÇA onerado'!E18 -> m2 | F18: ='ORÇA onerado'!F18 -> 3.4579 | G18: 2.7 | H18: 19.43 | I18: =G18+H18 -> 22.13 | J18: =I18*F18 -> 76.523327 | K18: =$F$5 -> 0.2239 | L18: =(1+K18)*I18 -> 27.084907 | M18: =INCC!$C$26 -> 0.0047490257 | N18: =(1+M18)*L18 -> 27.213534 | O18: =N18*F18 -> 94.101679
A19: ='ORÇA onerado'!A19 -> 46056 | B19: ='ORÇA onerado'!B19 -> ORSE | C19: ='ORÇA onerado'!C19 -> 2397 | D19: ='ORÇA onerado'!D19 -> Fornecimento e plantio de arbustos ornamentais | E19: ='ORÇA onerado'!E19 -> un. | F19: ='ORÇA onerado'!F19 -> 24 | G19: ='ORÇA onerado'!G19 -> 35.5 | H19: ='ORÇA onerado'!H19 -> 3.05 | I19: =G19+H19 -> 38.55 | J19: =I19*F19 -> 925.2 | K19: =$F$5 -> 0.2239 | L19: =(1+K19)*I19 -> 47.181345 | M19: =INCC!$C$29 -> 0.0020626076 | N19: =(1+M19)*L19 -> 47.278662 | O19: =N19*F19 -> 1134.6879
A20: 04. | D20: INST. ELÉT./TELEFÔNICA/CABEAMENTO ESTRUTURADO | G20: =SUM(G21:G40) -> 1098.9726 | H20: =SUM(H21:H40) -> 171.65137 | I20: =SUM(I21:I40) -> 1270.624 | J20: =SUM(J21:J40) -> 7312.1861 | L20: =SUM(L21:L40) -> 1555.1167 | N20: =SUM(N21:N40) -> 1557.7607 | O20: =SUM(O21:O40) -> 8977.6651
A21: ='ORÇA onerado'!A21 -> 46026 | B21: ='ORÇA onerado'!B21 -> GOINFRA | C21: ='ORÇA onerado'!C21 -> 71231 | D21: ='ORÇA onerado'!D21 -> ELETRODUTO METALICO FLEXIVEL COM REVESTIMENTO EM PVC PRETO DIAMETRO 3/4" | E21: ='ORÇA onerado'!E21 -> m | F21: ='ORÇA onerado'!F21 -> 3 | G21: 9.52 | H21: 8.07 | I21: =G21+H21 -> 17.59 | J21: =I21*F21 -> 52.77 | K21: =$F$5 -> 0.2239 | L21: =(1+K21)*I21 -> 21.528401 | M21: =INCC!$C$26 -> 0.0047490257 | N21: =(1+M21)*L21 -> 21.63064 | O21: =N21*F21 -> 64.89192
A22: ='ORÇA onerado'!A22 -> 46057 | B22: ='ORÇA onerado'!B22 -> GOINFRA | C22: ='ORÇA onerado'!C22 -> 71193 | D22: ='ORÇA onerado'!D22 -> ELETRODUTO PVC FLEXÍVEL - MANGUEIRA CORRUGADA LEVE - DIAM. 20MM | E22: ='ORÇA onerado'!E22 -> m | F22: ='ORÇA onerado'!F22 -> 12 | G22: 2 | H22: 8.07 | I22: =G22+H22 -> 10.07 | J22: =I22*F22 -> 120.84 | K22: =$F$5 -> 0.2239 | L22: =(1+K22)*I22 -> 12.324673 | M22: =INCC!$C$26 -> 0.0047490257 | N22: =(1+M22)*L22 -> 12.383203 | O22: =N22*F22 -> 148.59844
A23: ='ORÇA onerado'!A23 -> 46085 | B23: ='ORÇA onerado'!B23 -> GOINFRA | C23: ='ORÇA onerado'!C23 -> 70371 | D23: ='ORÇA onerado'!D23 -> ABRAÇADEIRA METALICA TIPO "D" DIAM. 3/4" | E23: ='ORÇA onerado'!E23 -> un. | F23: ='ORÇA onerado'!F23 -> 40 | G23: 1.08 | H23: 0.47 | I23: =G23+H23 -> 1.55 | J23: =I23*F23 -> 62 | K23: =$F$5 -> 0.2239 | L23: =(1+K23)*I23 -> 1.897045 | M23: =INCC!$C$26 -> 0.0047490257 | N23: =(1+M23)*L23 -> 1.9060541 | O23: =N23*F23 -> 76.242165
A24: ='ORÇA onerado'!A24 -> 46116 | B24: ='ORÇA onerado'!B24 -> GOINFRA | C24: ='ORÇA onerado'!C24 -> 71211 | D24: ='ORÇA onerado'!D24 -> ELETRODUTO EM AÇO GALVANIZADO A FOGO DIÂMETRO 3/4" - PESADO | E24: ='ORÇA onerado'!E24 -> m | F24: ='ORÇA onerado'!F24 -> 40 | G24: 27.6 | H24: 14.25 | I24: =G24+H24 -> 41.85 | J24: =I24*F24 -> 1674 | K24: =$F$5 -> 0.2239 | L24: =(1+K24)*I24 -> 51.220215 | M24: =INCC!$C$26 -> 0.0047490257 | N24: =(1+M24)*L24 -> 51.463461 | O24: =N24*F24 -> 2058.5384
A25: ='ORÇA onerado'!A25 -> 46146 | B25: ='ORÇA onerado'!B25 -> GOINFRA | C25: ='ORÇA onerado'!C25 -> 70932 | D25: ='ORÇA onerado'!D25 -> CONDULETE METÁLICO - TAMPÃO DE 3/4" | E25: ='ORÇA onerado'!E25 -> un. | F25: ='ORÇA onerado'!F25 -> 63 | G25: 0.25 | H25: 1.42 | I25: =G25+H25 -> 1.67 | J25: =I25*F25 -> 105.21 | K25: =$F$5 -> 0.2239 | L25: =(1+K25)*I25 -> 2.043913 | M25: =INCC!$C$26 -> 0.0047490257 | N25: =(1+M25)*L25 -> 2.0536196 | O25: =N25*F25 -> 129.37803
A26: ='ORÇA onerado'!A26 -> 46177 | B26: ='ORÇA onerado'!B26 -> GOINFRA | C26: ='ORÇA onerado'!C26 -> 70929 | D26: ='ORÇA onerado'!D26 -> CONDULETE METÁLICO - CAIXA COM 5 ENTRADAS | E26: ='ORÇA onerado'!E26 -> un. | F26: ='ORÇA onerado'!F26 -> 23 | G26: 9.33 | H26: 16.15 | I26: =G26+H26 -> 25.48 | J26: =I26*F26 -> 586.04 | K26: =$F$5 -> 0.2239 | L26: =(1+K26)*I26 -> 31.184972 | M26: =INCC!$C$26 -> 0.0047490257 | N26: =(1+M26)*L26 -> 31.33307 | O26: =N26*F26 -> 720.66062
A27: ='ORÇA onerado'!A27 -> 46207 | B27: ='ORÇA onerado'!B27 -> GOINFRA | C27: ='ORÇA onerado'!C27 -> 70930 | D27: ='ORÇA onerado'!D27 -> CONDULETE METÁLICO - ADAPTADOR DE SAÍDA 3/4" | E27: ='ORÇA onerado'!E27 -> un. | F27: ='ORÇA onerado'!F27 -> 42 | G27: 2.68 | H27: 3.8 | I27: =G27+H27 -> 6.48 | J27: =I27*F27 -> 272.16 | K27: =$F$5 -> 0.2239 | L27: =(1+K27)*I27 -> 7.930872 | M27: =INCC!$C$26 -> 0.0047490257 | N27: =(1+M27)*L27 -> 7.9685359 | O27: =N27*F27 -> 334.67851
A28: ='ORÇA onerado'!A28 -> 46238 | B28: ='ORÇA onerado'!B28 -> COMP. | C28: ='ORÇA onerado'!C28 -> 11 | D28: ='ORÇA onerado'!D28 -> CONECTOR WAGO 221-415 | E28: ='ORÇA onerado'!E28 -> un. | F28: ='ORÇA onerado'!F28 -> 17 | G28: ='COMP. desonerado'!M72 -> 0.95195948 | H28: ='COMP. desonerado'!N72 -> 3.8204577 | I28: =G28+H28 -> 4.7724172 | J28: =I28*F28 -> 81.131092 | K28: =$F$5 -> 0.2239 | L28: =(1+K28)*I28 -> 5.8409614 | N28: =(1+M28)*L28 -> 5.8409614 | O28: =N28*F28 -> 99.296343
A29: ='ORÇA onerado'!A29 -> 46269 | B29: ='ORÇA onerado'!B29 -> COMP. | C29: ='ORÇA onerado'!C29 -> 10 | D29: ='ORÇA onerado'!D29 -> CAIXA DE PASSAGEM PVC, SOBREPOR 300X300X100mm | E29: ='ORÇA onerado'!E29 -> un. | F29: ='ORÇA onerado'!F29 -> 3 | G29: ='COMP. desonerado'!M66 -> 120.43 | H29: ='COMP. desonerado'!N66 -> 3.8204577 | I29: =G29+H29 -> 124.25046 | J29: =I29*F29 -> 372.75137 | K29: =$F$5 -> 0.2239 | L29: =(1+K29)*I29 -> 152.07014 | N29: =(1+M29)*L29 -> 152.07014 | O29: =N29*F29 -> 456.21041
A30: ='ORÇA onerado'!A30 -> 46299 | B30: ='ORÇA onerado'!B30 -> ORSE | C30: ='ORÇA onerado'!C30 -> 9039 | D30: ='ORÇA onerado'!D30 -> Alçapão de alumínio, tipo escama, cor fosca | E30: ='ORÇA onerado'!E30 -> un. | F30: ='ORÇA onerado'!F30 -> 0.32 | G30: ='ORÇA onerado'!G30 -> 392.26 | H30: ='ORÇA onerado'!H30 -> 44.21 | I30: =G30+H30 -> 436.47 | J30: =I30*F30 -> 139.6704 | K30: =$F$5 -> 0.2239 | L30: =(1+K30)*I30 -> 534.19563 | M30: =INCC!$C$29 -> 0.0020626076 | N30: =(1+M30)*L30 -> 535.29747 | O30: =N30*F30 -> 171.29519
A31: ='ORÇA onerado'!A31 -> 46330 | B31: ='ORÇA onerado'!B31 -> GOINFRA | C31: ='ORÇA onerado'!C31 -> 70563 | D31: ='ORÇA onerado'!D31 -> CABO FLEXÍVEL, PVC (70° C), 450/750 V, 2,5 MM2 | E31: ='ORÇA onerado'!E31 -> m | F31: ='ORÇA onerado'!F31 -> 180 | G31: 2.33 | H31: 2.6 | I31: =G31+H31 -> 4.93 | J31: =I31*F31 -> 887.4 | K31: =$F$5 -> 0.2239 | L31: =(1+K31)*I31 -> 6.033827 | M31: =INCC!$C$26 -> 0.0047490257 | N31: =(1+M31)*L31 -> 6.0624818 | O31: =N31*F31 -> 1091.2467
A32: ='ORÇA onerado'!A32 -> 46360 | B32: ='ORÇA onerado'!B32 -> GOINFRA | C32: ='ORÇA onerado'!C32 -> 70561 | D32: ='ORÇA onerado'!D32 -> CABO ISOLADO PP 3 X 2,5 MM2 | E32: ='ORÇA onerado'!E32 -> m | F32: ='ORÇA onerado'!F32 -> 10 | G32: 9.98 | H32: 6.45 | I32: =G32+H32 -> 16.43 | J32: =I32*F32 -> 164.3 | K32: =$F$5 -> 0.2239 | L32: =(1+K32)*I32 -> 20.108677 | M32: =INCC!$C$26 -> 0.0047490257 | N32: =(1+M32)*L32 -> 20.204174 | O32: =N32*F32 -> 202.04174
A33: ='ORÇA onerado'!A33 -> 4.13 | B33: ='ORÇA onerado'!B33 -> GOINFRA | C33: ='ORÇA onerado'!C33 -> 71431 | D33: ='ORÇA onerado'!D33 -> INTERRUPTOR PARALELO SIMPLES (1 SECAO) | E33: ='ORÇA onerado'!E33 -> un. | F33: ='ORÇA onerado'!F33 -> 2 | G33: 12.02 | H33: 13.77 | I33: =G33+H33 -> 25.79 | J33: =I33*F33 -> 51.58 | K33: =$F$5 -> 0.2239 | L33: =(1+K33)*I33 -> 31.564381 | M33: =INCC!$C$26 -> 0.0047490257 | N33: =(1+M33)*L33 -> 31.714281 | O33: =N33*F33 -> 63.428562
A34: ='ORÇA onerado'!A34 -> 4.14 | B34: ='ORÇA onerado'!B34 -> GOINFRA | C34: ='ORÇA onerado'!C34 -> 72475 | D34: ='ORÇA onerado'!D34 -> TAMPA PARA CONDULETE METÁLICO PARA 1 INTERRUPTOR | E34: ='ORÇA onerado'!E34 -> un. | F34: ='ORÇA onerado'!F34 -> 2 | G34: 5.22 | H34: 1.42 | I34: =G34+H34 -> 6.64 | J34: =I34*F34 -> 13.28 | K34: =$F$5 -> 0.2239 | L34: =(1+K34)*I34 -> 8.126696 | M34: =INCC!$C$26 -> 0.0047490257 | N34: =(1+M34)*L34 -> 8.1652899 | O34: =N34*F34 -> 16.33058
A35: ='ORÇA onerado'!A35 -> 4.15 | B35: ='ORÇA onerado'!B35 -> GOINFRA | C35: ='ORÇA onerado'!C35 -> 72395 | D35: ='ORÇA onerado'!D35 -> TAMPA CEGA PARA CONDULETE METÁLICO | E35: ='ORÇA onerado'!E35 -> un. | F35: ='ORÇA onerado'!F35 -> 3 | G35: 4.28 | H35: 1.42 | I35: =G35+H35 -> 5.7 | J35: =I35*F35 -> 17.1 | K35: =$F$5 -> 0.2239 | L35: =(1+K35)*I35 -> 6.97623 | M35: =INCC!$C$26 -> 0.0047490257 | N35: =(1+M35)*L35 -> 7.0093603 | O35: =N35*F35 -> 21.028081
A36: ='ORÇA onerado'!A36 -> 4.16 | B36: ='ORÇA onerado'!B36 -> GOINFRA | C36: ='ORÇA onerado'!C36 -> 72397 | D36: ='ORÇA onerado'!D36 -> TAMPA CEGA PLÁSTICA 4"X2" COM FURO CENTRAL | E36: ='ORÇA onerado'!E36 -> un. | F36: ='ORÇA onerado'!F36 -> 18 | G36: 4.55 | H36: 1.42 | I36: =G36+H36 -> 5.97 | J36: =I36*F36 -> 107.46 | K36: =$F$5 -> 0.2239 | L36: =(1+K36)*I36 -> 7.306683 | M36: =INCC!$C$26 -> 0.0047490257 | N36: =(1+M36)*L36 -> 7.3413826 | O36: =N36*F36 -> 132.14489
A37: ='ORÇA onerado'!A37 -> 4.17 | B37: ='ORÇA onerado'!B37 -> GOINFRA | C37: ='ORÇA onerado'!C37 -> 71171 | D37: ='ORÇA onerado'!D37 -> DISJUNTOR MONOPOLAR DE 10 A 32-A | E37: ='ORÇA onerado'!E37 -> un. | F37: ='ORÇA onerado'!F37 -> 1 | G37: 11.26 | H37: 14.25 | I37: =G37+H37 -> 25.51 | J37: =I37*F37 -> 25.51 | K37: =$F$5 -> 0.2239 | L37: =(1+K37)*I37 -> 31.221689 | M37: =INCC!$C$26 -> 0.0047490257 | N37: =(1+M37)*L37 -> 31.369962 | O37: =N37*F37 -> 31.369962
A38: ='ORÇA onerado'!A38 -> 4.18 | B38: ='ORÇA onerado'!B38 -> ORSE | C38: ='ORÇA onerado'!C38 -> 14072 | D38: ='ORÇA onerado'!D38 -> Perfil em alumínio tipo slim de embutir para fita de LED, cores P/B/C, e=23mm | E38: ='ORÇA onerado'!E38 -> m | F38: ='ORÇA onerado'!F38 -> 30 | G38: ='ORÇA onerado'!G38 -> 10.99 | H38: ='ORÇA onerado'!H38 -> 18.2 | I38: =G38+H38 -> 29.19 | J38: =I38*F38 -> 875.7 | K38: =$F$5 -> 0.2239 | L38: =(1+K38)*I38 -> 35.725641 | M38: =INCC!$C$29 -> 0.0020626076 | N38: =(1+M38)*L38 -> 35.799329 | O38: =N38*F38 -> 1073.9799
A39: ='ORÇA onerado'!A39 -> 4.19 | B39: ='ORÇA onerado'!B39 -> ORSE | C39: ='ORÇA onerado'!C39 -> 13594 | D39: ='ORÇA onerado'!D39 -> Fita de LED com fonte bivolt, 5m, e = 8mm, 2.700K (luz amarela), tipo cob, g-light ou similar | E39: ='ORÇA onerado'!E39 -> un. | F39: ='ORÇA onerado'!F39 -> 5 | G39: ='ORÇA onerado'!G39 -> 127 | H39: ='ORÇA onerado'!H39 -> 4.22 | I39: =G39+H39 -> 131.22 | J39: =I39*F39 -> 656.1 | K39: =$F$5 -> 0.2239 | L39: =(1+K39)*I39 -> 160.60016 | M39: =INCC!$C$29 -> 0.0020626076 | N39: =(1+M39)*L39 -> 160.93141 | O39: =N39*F39 -> 804.65707
A40: ='ORÇA onerado'!A40 -> 4.20 | B40: ='ORÇA onerado'!B40 -> COMPOSIÇÃO | C40: ='ORÇA onerado'!C40 -> 12 | D40: ='ORÇA onerado'!D40 -> Fonte Colmeia, 200W, 12V/16.5A, Bivolt, Ref. Blumenau | E40: ='ORÇA onerado'!E40 -> un. | F40: ='ORÇA onerado'!F40 -> 3 | G40: ='COMP. desonerado'!M78 -> 345.24063 | H40: ='COMP. desonerado'!N78 -> 3.8204577 | I40: =G40+H40 -> 349.06109 | J40: =I40*F40 -> 1047.1833 | K40: =$F$5 -> 0.2239 | L40: =(1+K40)*I40 -> 427.21587 | N40: =(1+M40)*L40 -> 427.21587 | O40: =N40*F40 -> 1281.6476
A41: 05. | D41: INSTALAÇÕES PLUVIAIS | G41: =SUM(G42:G50) -> 1598.34 | H41: =SUM(H42:H50) -> 185.9416 | I41: =SUM(I42:I50) -> 1784.2816 | J41: =SUM(J42:J50) -> 11896.816 | L41: =SUM(L42:L50) -> 2183.7823 | N41: =SUM(N42:N50) -> 2188.2229 | O41: =SUM(O42:O50) -> 14569.471
A42: ='ORÇA onerado'!A42 -> 46027 | B42: ='ORÇA onerado'!B42 -> ORSE | C42: ='ORÇA onerado'!C42 -> 10816 | D42: ='ORÇA onerado'!D42 -> Grelha em aço inox para calha, dim 140 x 25 x 2.5 cm - inclusive quadro de cantoneira 1/8" x 1" | E42: ='ORÇA onerado'!E42 -> un | F42: ='ORÇA onerado'!F42 -> 1 | G42: ='ORÇA onerado'!G42 -> 1390.33 | H42: ='ORÇA onerado'!H42 -> 2.3 | I42: =G42+H42 -> 1392.63 | J42: =I42*F42 -> 1392.63 | K42: =$F$5 -> 0.2239 | L42: =(1+K42)*I42 -> 1704.4399 | M42: =INCC!$C$29 -> 0.0020626076 | N42: =(1+M42)*L42 -> 1707.9554 | O42: =N42*F42 -> 1707.9554
A43: ='ORÇA onerado'!A43 -> 46058 | B43: ='ORÇA onerado'!B43 -> ORSE | C43: ='ORÇA onerado'!C43 -> 11912 | D43: ='ORÇA onerado'!D43 -> Corte em pavimento de asfalto/concreto, com máquina e disco diamantado - Rev 01 | E43: ='ORÇA onerado'!E43 -> m | F43: ='ORÇA onerado'!F43 -> 47.75 | G43: ='ORÇA onerado'!G43 -> 1.8 | H43: ='ORÇA onerado'!H43 -> 12.22 | I43: =G43+H43 -> 14.02 | J43: =I43*F43 -> 669.455 | K43: =$F$5 -> 0.2239 | L43: =(1+K43)*I43 -> 17.159078 | M43: =INCC!$C$29 -> 0.0020626076 | N43: =(1+M43)*L43 -> 17.19447 | O43: =N43*F43 -> 821.03596
A44: ='ORÇA onerado'!A44 -> 46086 | B44: ='ORÇA onerado'!B44 -> GOINFRA | C44: ='ORÇA onerado'!C44 -> 82302 | D44: ='ORÇA onerado'!D44 -> TUBO SOLDAVEL PARA ESGOTO DIAMETRO 50 MM | E44: ='ORÇA onerado'!E44 -> m | F44: ='ORÇA onerado'!F44 -> 7.1 | G44: 9 | H44: 14.35 | I44: =G44+H44 -> 23.35 | J44: =I44*F44 -> 165.785 | K44: =$F$5 -> 0.2239 | L44: =(1+K44)*I44 -> 28.578065 | M44: =INCC!$C$26 -> 0.0047490257 | N44: =(1+M44)*L44 -> 28.713783 | O44: =N44*F44 -> 203.86786
A45: ='ORÇA onerado'!A45 -> 46117 | B45: ='ORÇA onerado'!B45 -> GOINFRA | C45: ='ORÇA onerado'!C45 -> 20109 | D45: ='ORÇA onerado'!D45 -> DEMOLIÇÃO MANUAL DE PISO CIMENTICIO SOBRE LASTRO DE CONCRETO COM TRANSPORTE ATE CAÇAMBA E CARGA | E45: ='ORÇA onerado'!E45 -> m2 | F45: ='ORÇA onerado'!F45 -> 0.56 | G45: 0 | H45: 19.53 | I45: =G45+H45 -> 19.53 | J45: =I45*F45 -> 10.9368 | K45: =$F$5 -> 0.2239 | L45: =(1+K45)*I45 -> 23.902767 | M45: =INCC!$C$26 -> 0.0047490257 | N45: =(1+M45)*L45 -> 24.016282 | O45: =N45*F45 -> 13.449118
A46: ='ORÇA onerado'!A46 -> 46147 | B46: ='ORÇA onerado'!B46 -> GOINFRA | C46: ='ORÇA onerado'!C46 -> 40101 | D46: ='ORÇA onerado'!D46 -> ESCAVACAO MANUAL DE VALAS < 1 MTS. (OBRAS CIVIS) | E46: ='ORÇA onerado'!E46 -> m3 | F46: ='ORÇA onerado'!F46 -> 2.55 | G46: 0 | H46: 48.26 | I46: =G46+H46 -> 48.26 | J46: =I46*F46 -> 123.063 | K46: =$F$5 -> 0.2239 | L46: =(1+K46)*I46 -> 59.065414 | M46: =INCC!$C$26 -> 0.0047490257 | N46: =(1+M46)*L46 -> 59.345917 | O46: =N46*F46 -> 151.33209
A47: ='ORÇA onerado'!A47 -> 46178 | B47: ='ORÇA onerado'!B47 -> GOINFRA | C47: ='ORÇA onerado'!C47 -> 40902 | D47: ='ORÇA onerado'!D47 -> REATERRO COM APILOAMENTO | E47: ='ORÇA onerado'!E47 -> m3 | F47: ='ORÇA onerado'!F47 -> 2.13 | G47: 0 | H47: 31.97 | I47: =G47+H47 -> 31.97 | J47: =I47*F47 -> 68.0961 | K47: =$F$5 -> 0.2239 | L47: =(1+K47)*I47 -> 39.128083 | M47: =INCC!$C$26 -> 0.0047490257 | N47: =(1+M47)*L47 -> 39.313903 | O47: =N47*F47 -> 83.738614
A48: ='ORÇA onerado'!A48 -> 46208 | B48: ='ORÇA onerado'!B48 -> GOINFRA | C48: ='ORÇA onerado'!C48 -> 20109 | D48: ='ORÇA onerado'!D48 -> DEMOLIÇÃO MANUAL DE PISO CIMENTICIO SOBRE LASTRO DE CONCRETO COM TRANSPORTE ATE CAÇAMBA E CARGA | E48: ='ORÇA onerado'!E48 -> m2 | F48: ='ORÇA onerado'!F48 -> 5.1 | G48: 0 | H48: 19.53 | I48: =G48+H48 -> 19.53 | J48: =I48*F48 -> 99.603 | K48: =$F$5 -> 0.2239 | L48: =(1+K48)*I48 -> 23.902767 | M48: =INCC!$C$26 -> 0.0047490257 | N48: =(1+M48)*L48 -> 24.016282 | O48: =N48*F48 -> 122.48304
A49: ='ORÇA onerado'!A49 -> 46239 | B49: ='ORÇA onerado'!B49 -> COMPOSIÇÃO | C49: ='ORÇA onerado'!C49 -> 4 | D49: ='ORÇA onerado'!D49 -> Tubo retângular em aço galvanizado 70x30, branco ( Descidas água pluvial) | E49: ='ORÇA onerado'!E49 -> m | F49: ='ORÇA onerado'!F49 -> 42.45 | G49: ='COMP. desonerado'!I30 -> 176.85 | H49: ='COMP. desonerado'!J30 -> 34.1516 | I49: =G49+H49 -> 211.0016 | J49: =I49*F49 -> 8957.0179 | K49: =$F$5 -> 0.2239 | L49: =(1+K49)*I49 -> 258.24486 | N49: =(1+M49)*L49 -> 258.24486 | O49: =N49*F49 -> 10962.494
A50: ='ORÇA onerado'!A50 -> 46270 | B50: ='ORÇA onerado'!B50 -> ORSE | C50: ='ORÇA onerado'!C50 -> 2489 | D50: ='ORÇA onerado'!D50 -> Corrente de aço galvanizado 3/16" - Rev.02 | E50: ='ORÇA onerado'!E50 -> m | F50: ='ORÇA onerado'!F50 -> 17.1 | G50: ='ORÇA onerado'!G50 -> 20.36 | H50: ='ORÇA onerado'!H50 -> 3.63 | I50: =G50+H50 -> 23.99 | J50: =I50*F50 -> 410.229 | K50: =$F$5 -> 0.2239 | L50: =(1+K50)*I50 -> 29.361361 | M50: =INCC!$C$29 -> 0.0020626076 | N50: =(1+M50)*L50 -> 29.421922 | O50: =N50*F50 -> 503.11487
A51: 06. | D51: ALVENARIAS E DIVISÓRIAS | G51: =SUM(G52:G55) -> 297.96 | H51: =SUM(H52:H55) -> 218.41 | I51: =SUM(I52:I55) -> 516.37 | J51: =SUM(J52:J55) -> 4258.4774 | L51: =SUM(L52:L55) -> 631.98524 | N51: =SUM(N52:N55) -> 633.91526 | O51: =SUM(O52:O55) -> 5228.406
A52: ='ORÇA onerado'!A52 -> 46028 | B52: ='ORÇA onerado'!B52 -> ORSE | C52: ='ORÇA onerado'!C52 -> 13899 | D52: ='ORÇA onerado'!D52 -> MURETA EM ALVENARIA, CHAPISCADA E REBOCADA, INCLUSIVE FUNDAÇÃO | E52: ='ORÇA onerado'!E52 -> m2 | F52: ='ORÇA onerado'!F52 -> 7.744 | G52: ='ORÇA onerado'!G52 -> 185.36 | H52: ='ORÇA onerado'!H52 -> 140.47 | I52: =G52+H52 -> 325.83 | J52: =I52*F52 -> 2523.2275 | K52: =$F$5 -> 0.2239 | L52: =(1+K52)*I52 -> 398.78334 | M52: =INCC!$C$29 -> 0.0020626076 | N52: =(1+M52)*L52 -> 399.60587 | O52: =N52*F52 -> 3094.5479
A53: ='ORÇA onerado'!A53 -> 46059 | B53: ='ORÇA onerado'!B53 -> GOINFRA | C53: ='ORÇA onerado'!C53 -> 120901 | D53: ='ORÇA onerado'!D53 -> IMPERMEABILIZACAO-JARDINEIRA C/MANTA ANTI-RAIZ (COMPLETA) | E53: ='ORÇA onerado'!E53 -> m2 | F53: ='ORÇA onerado'!F53 -> 10.0419 | G53: 96.8 | H53: 42.25 | I53: =G53+H53 -> 139.05 | J53: =I53*F53 -> 1396.3262 | K53: =$F$5 -> 0.2239 | L53: =(1+K53)*I53 -> 170.18329 | M53: =INCC!$C$26 -> 0.0047490257 | N53: =(1+M53)*L53 -> 170.9915 | O53: =N53*F53 -> 1717.0795
A54: ='ORÇA onerado'!A54 -> 46087 | B54: ='ORÇA onerado'!B54 -> GOINFRA | C54: ='ORÇA onerado'!C54 -> 200506 | D54: ='ORÇA onerado'!D54 -> CHAPISCO GROSSO | E54: ='ORÇA onerado'!E54 -> m2 | F54: ='ORÇA onerado'!F54 -> 6.58232 | G54: 6.97 | H54: 11.1 | I54: =G54+H54 -> 18.07 | J54: =I54*F54 -> 118.94252 | K54: =$F$5 -> 0.2239 | L54: =(1+K54)*I54 -> 22.115873 | M54: =INCC!$C$26 -> 0.0047490257 | N54: =(1+M54)*L54 -> 22.220902 | O54: =N54*F54 -> 146.26509
A55: ='ORÇA onerado'!A55 -> 46118 | B55: ='ORÇA onerado'!B55 -> GOINFRA | C55: ='ORÇA onerado'!C55 -> 200499 | D55: ='ORÇA onerado'!D55 -> REBOCO PAULISTA A-14 (1CALH:4ARMLC+100kgCI/M3) | E55: ='ORÇA onerado'!E55 -> m2 | F55: ='ORÇA onerado'!F55 -> 6.58232 | G55: 8.83 | H55: 24.59 | I55: =G55+H55 -> 33.42 | J55: =I55*F55 -> 219.98113 | K55: =$F$5 -> 0.2239 | L55: =(1+K55)*I55 -> 40.902738 | M55: =INCC!$C$26 -> 0.0047490257 | N55: =(1+M55)*L55 -> 41.096986 | O55: =N55*F55 -> 270.51351
A56: 07. | D56: ESTRUTURAS METÁLICAS | G56: =SUM(G57:G58) -> 26.57 | H56: =SUM(H57:H58) -> 4.9 | I56: =SUM(I57:I58) -> 31.47 | J56: =SUM(J57:J58) -> 43447.722 | L56: =SUM(L57:L58) -> 38.516133 | N56: =SUM(N57:N58) -> 38.699047 | O56: =SUM(O57:O58) -> 53428.2
A57: ='ORÇA onerado'!A57 -> 46029 | B57: ='ORÇA onerado'!B57 -> GOINFRA | C57: ='ORÇA onerado'!C57 -> 150204 | D57: ='ORÇA onerado'!D57 -> ESTRUTURA METÁLICA CONVENCIONAL EM AÇO DO TIPO MR-250 / ASTM A36 COM FUNDO ANTICORROSIVO | E57: ='ORÇA onerado'!E57 -> Kg | F57: ='ORÇA onerado'!F57 -> 2256.6 | G57: 17.91 | H57: 0 | I57: =G57+H57 -> 17.91 | J57: =I57*F57 -> 40415.706 | K57: =$F$5 -> 0.2239 | L57: =(1+K57)*I57 -> 21.920049 | M57: =INCC!$C$26 -> 0.0047490257 | N57: =(1+M57)*L57 -> 22.024148 | O57: =N57*F57 -> 49699.692
A58: ='ORÇA onerado'!A58 -> 46060 | B58: ='ORÇA onerado'!B58 -> GOINFRA | C58: ='ORÇA onerado'!C58 -> 261609 | D58: ='ORÇA onerado'!D58 -> PINTURA ESMALTE ALQUIDICO ESTRUTURA METALICA 2 DEMAOS | E58: ='ORÇA onerado'!E58 -> m2 | F58: ='ORÇA onerado'!F58 -> 223.6 | G58: 8.66 | H58: 4.9 | I58: =G58+H58 -> 13.56 | J58: =I58*F58 -> 3032.016 | K58: =$F$5 -> 0.2239 | L58: =(1+K58)*I58 -> 16.596084 | M58: =INCC!$C$26 -> 0.0047490257 | N58: =(1+M58)*L58 -> 16.674899 | O58: =N58*F58 -> 3728.5075
A59: ='ORÇA onerado'!A59 -> 08. | D59: COBERTURAS | G59: =SUM(G60:G65) -> 798.95693 | H59: =SUM(H60:H65) -> 197.29183 | I59: =SUM(I60:I65) -> 996.24877 | J59: =SUM(J60:J65) -> 53074.235 | L59: =SUM(L60:L65) -> 1219.3089 | N59: =SUM(N60:N65) -> 1221.1732 | O59: =SUM(O60:O65) -> 65046.334
A60: ='ORÇA onerado'!A60 -> 46030 | B60: ='ORÇA onerado'!B60 -> ORSE | C60: ='ORÇA onerado'!C60 -> 13060 | D60: ='ORÇA onerado'!D60 -> Fornecimento e instalação de chapas de policarbonato, e=8mm em toldo/cobertura/fechamento/etc - Rev 01 | E60: ='ORÇA onerado'!E60 -> m2 | F60: ='ORÇA onerado'!F60 -> 67.4819 | G60: ='ORÇA onerado'!G60 -> 435.6 | H60: ='ORÇA onerado'!H60 -> 47.47 | I60: =G60+H60 -> 483.07 | J60: =I60*F60 -> 32598.481 | K60: =$F$5 -> 0.2239 | L60: =(1+K60)*I60 -> 591.22937 | M60: =INCC!$C$29 -> 0.0020626076 | N60: =(1+M60)*L60 -> 592.44885 | O60: =N60*F60 -> 39979.574
A61: ='ORÇA onerado'!A61 -> 46061 | B61: ='ORÇA onerado'!B61 -> SINAPI | C61: ='ORÇA onerado'!C61 -> 94216 | D61: ='ORÇA onerado'!D61 -> TELHAMENTO COM TELHA METÁLICA TERMOACÚSTICA E = 30 MM, COM ATÉ 2 ÁGUAS, INCLUSO IÇAMENTO. AF_07/2019 | E61: ='ORÇA onerado'!E61 -> m2 | F61: ='ORÇA onerado'!F61 -> 30.5334 | G61: 188.11 | H61: 0 | I61: =G61+H61 -> 188.11 | J61: =I61*F61 -> 5743.6379 | K61: =$F$5 -> 0.2239 | L61: =(1+K61)*I61 -> 230.22783 | M61: =INCC!$C$27 -> 0 | N61: =(1+M61)*L61 -> 230.22783 | O61: =N61*F61 -> 7029.6384
A62: ='ORÇA onerado'!A62 -> 46089 | B62: ='ORÇA onerado'!B62 -> COMPOSIÇÃO | C62: ='ORÇA onerado'!C62 -> 5 | D62: ='ORÇA onerado'!D62 -> ACABAMENTO FRONTAL CALHA TIPO PLATIBANDA PINTADA NA COR BRANCA 150mm | E62: ='ORÇA onerado'!E62 -> m2 | F62: ='ORÇA onerado'!F62 -> 66.1892 | G62: ='COMP. desonerado'!M37 -> 54.870268 | H62: ='COMP. desonerado'!N37 -> 76.376831 | I62: =G62+H62 -> 131.2471 | J62: =I62*F62 -> 8687.1405 | K62: =$F$5 -> 0.2239 | L62: =(1+K62)*I62 -> 160.63332 | N62: =(1+M62)*L62 -> 160.63332 | O62: =N62*F62 -> 10632.191
A63: ='ORÇA onerado'!A63 -> 46120 | B63: ='ORÇA onerado'!B63 -> COMPOSIÇÃO | C63: ='ORÇA onerado'!C63 -> 7 | D63: ='ORÇA onerado'!D63 -> Acabamento Frontal em Aço para telha Trapezoidal Telha Térmica Sanduíche 30mm | E63: ='ORÇA onerado'!E63 -> m | F63: ='ORÇA onerado'!F63 -> 225.15 | G63: ='COMP. desonerado'!M50 -> 10.686667 | H63: ='COMP. desonerado'!N50 -> 7.2425 | I63: =G63+H63 -> 17.929167 | J63: =I63*F63 -> 4036.7519 | K63: =$F$5 -> 0.2239 | L63: =(1+K63)*I63 -> 21.943507 | N63: =(1+M63)*L63 -> 21.943507 | O63: =N63*F63 -> 4940.5806
A64: ='ORÇA onerado'!A64 -> 46150 | B64: ='ORÇA onerado'!B64 -> COMPOSIÇÃO | C64: ='ORÇA onerado'!C64 -> 8 | D64: ='ORÇA onerado'!D64 -> Acabamento Lateral em Aço para telha Trapezoidal Telha Térmica Sanduíche 30mm | E64: ='ORÇA onerado'!E64 -> m | F64: ='ORÇA onerado'!F64 -> 13.74 | G64: ='COMP. desonerado'!M55 -> 57.7 | H64: ='COMP. desonerado'!N55 -> 7.2425 | I64: =G64+H64 -> 64.9425 | J64: =I64*F64 -> 892.30995 | K64: =$F$5 -> 0.2239 | L64: =(1+K64)*I64 -> 79.483126 | N64: =(1+M64)*L64 -> 79.483126 | O64: =N64*F64 -> 1092.0981
A65: ='ORÇA onerado'!A65 -> 46181 | B65: ='ORÇA onerado'!B65 -> GOINFRA | C65: ='ORÇA onerado'!C65 -> 160603 | D65: ='ORÇA onerado'!D65 -> RUFO DE CHAPA GALVANIZADA Nº 26 | E65: ='ORÇA onerado'!E65 -> m2 | F65: ='ORÇA onerado'!F65 -> 10.0578 | G65: 51.99 | H65: 58.96 | I65: =G65+H65 -> 110.95 | J65: =I65*F65 -> 1115.9129 | K65: =$F$5 -> 0.2239 | L65: =(1+K65)*I65 -> 135.79171 | M65: =INCC!$C$26 -> 0.0047490257 | N65: =(1+M65)*L65 -> 136.43658 | O65: =N65*F65 -> 1372.2519
A66: 09. | D66: ESQUADRIAS MADEIRAS/ METÁLICAS | G66: =SUM(G67:G73) -> 5038.2778 | H66: =SUM(H67:H73) -> 237.75328 | I66: =SUM(I67:I73) -> 5276.0311 | J66: =SUM(J67:J73) -> 880626.65 | L66: =SUM(L67:L73) -> 6457.3345 | N66: =SUM(N67:N73) -> 6466.6091 | O66: =SUM(O67:O73) -> 1077824.3
A67: ='ORÇA onerado'!A67 -> 46031 | B67: ='ORÇA onerado'!B67 -> COTAÇÃO | C67: ='ORÇA onerado'!C67 -> 1 | D67: ='ORÇA onerado'!D67 -> BRISE SOLEIL - CHAPA DE AÇO CARBONO GALVANIZADA, PERFURADA (GRADE FUROS REDONDOS ALTERNADOS HORIZONTAL) COM DIÂMETRO MÁXIMO DE FURO ≤ 4cm, ESPESSURA CHPA 2mm E PINTADA COM TINTA AUTOMOTIVA E ACABAMENTO EM VERNIZ BICOMPONENTE AUTOMOTIVO NA COR: Verde Mar ou similar (a cor deverá ser preveamente aprovada).FORNECIMENTO E INSTALAÇÃO. | E67: ='ORÇA onerado'!E67 -> m2 | F67: ='ORÇA onerado'!F67 -> 611.4144 | G67: ='COTAÇÕES'!I10 -> 1417.4643 | H67: 0 | I67: =G67+H67 -> 1417.4643 | J67: =I67*F67 -> 866658.11 | K67: =$F$5 -> 0.2239 | L67: =(1+K67)*I67 -> 1734.8346 | N67: =(1+M67)*L67 -> 1734.8346 | O67: =N67*F67 -> 1060702.9
A68: ='ORÇA onerado'!A68 -> 46062 | B68: ='ORÇA onerado'!B68 -> GOINFRA | C68: ='ORÇA onerado'!C68 -> 180501 | D68: ='ORÇA onerado'!D68 -> PORTA DE ABRIR DE 01 FOLHA EM CHAPA METÁLICA PF-1 C/FERRAGENS | E68: ='ORÇA onerado'!E68 -> UN | F68: ='ORÇA onerado'!F68 -> 1 | G68: 635.35 | H68: 58.15 | I68: =G68+H68 -> 693.5 | J68: =I68*F68 -> 693.5 | K68: =$F$5 -> 0.2239 | L68: =(1+K68)*I68 -> 848.77465 | M68: =INCC!$C$26 -> 0.0047490257 | N68: =(1+M68)*L68 -> 852.8055 | O68: =N68*F68 -> 852.8055
A69: ='ORÇA onerado'!A69 -> 46090 | B69: ='ORÇA onerado'!B69 -> GOINFRA | C69: ='ORÇA onerado'!C69 -> 180504 | D69: ='ORÇA onerado'!D69 -> PORTA DE ABRIR DE 01 FOLHA EM VENEZIANA PF-4 C/FERRAGENS | E69: ='ORÇA onerado'!E69 -> m2 | F69: ='ORÇA onerado'!F69 -> 3.36 | G69: 501.9 | H69: 58.15 | I69: =G69+H69 -> 560.05 | J69: =I69*F69 -> 1881.768 | K69: =$F$5 -> 0.2239 | L69: =(1+K69)*I69 -> 685.4452 | M69: =INCC!$C$26 -> 0.0047490257 | N69: =(1+M69)*L69 -> 688.70039 | O69: =N69*F69 -> 2314.0333
A70: ='ORÇA onerado'!A70 -> 46121 | B70: ='ORÇA onerado'!B70 -> ORSE | C70: ='ORÇA onerado'!C70 -> 4461 | D70: ='ORÇA onerado'!D70 -> Tela de aço galvanizado fio 12 bwg, malha 2", ondulada, quadrada, fixada em moldura constituída de barra chata de 1 1/2 x 1/4" | E70: ='ORÇA onerado'!E70 -> m2 | F70: ='ORÇA onerado'!F70 -> 2.73 | G70: ='ORÇA onerado'!G70 -> 98.91 | H70: ='ORÇA onerado'!H70 -> 19.78 | I70: =G70+H70 -> 118.69 | J70: =I70*F70 -> 324.0237 | K70: =$F$5 -> 0.2239 | L70: =(1+K70)*I70 -> 145.26469 | M70: =INCC!$C$29 -> 0.0020626076 | N70: =(1+M70)*L70 -> 145.56432 | O70: =N70*F70 -> 397.39058
A71: ='ORÇA onerado'!A71 -> 46151 | B71: ='ORÇA onerado'!B71 -> ORSE | C71: ='ORÇA onerado'!C71 -> 3149 | D71: ='ORÇA onerado'!D71 -> Película insulfilm aplicada ou Similar | E71: ='ORÇA onerado'!E71 -> m2 | F71: ='ORÇA onerado'!F71 -> 28.9346 | G71: ='ORÇA onerado'!G71 -> 64.67 | H71: ='ORÇA onerado'!H71 -> 0 | I71: =G71+H71 -> 64.67 | J71: =I71*F71 -> 1871.2006 | K71: =$F$5 -> 0.2239 | L71: =(1+K71)*I71 -> 79.149613 | M71: =INCC!$C$29 -> 0.0020626076 | N71: =(1+M71)*L71 -> 79.312868 | O71: =N71*F71 -> 2294.8861
A72: ='ORÇA onerado'!A72 -> 46182 | B72: ='ORÇA onerado'!B72 -> ORSE | C72: ='ORÇA onerado'!C72 -> 11573 | D72: ='ORÇA onerado'!D72 -> Tampa de inspeção em chapa metálica de 1/4", inclusive tratamento e pintura em esmalte | E72: ='ORÇA onerado'!E72 -> m2 | F72: ='ORÇA onerado'!F72 -> 3.1916 | G72: ='ORÇA onerado'!G72 -> 533.48 | H72: ='ORÇA onerado'!H72 -> 70.9 | I72: =G72+H72 -> 604.38 | J72: =I72*F72 -> 1928.9392 | K72: =$F$5 -> 0.2239 | L72: =(1+K72)*I72 -> 739.70068 | M72: =INCC!$C$29 -> 0.0020626076 | N72: =(1+M72)*L72 -> 741.22639 | O72: =N72*F72 -> 2365.6982
A73: ='ORÇA onerado'!A73 -> 46212 | B73: ='ORÇA onerado'!B73 -> COMPOSIÇÃO | C73: ='ORÇA onerado'!C73 -> 3 | D73: ='ORÇA onerado'!D73 -> Tampa circular para esgoto e drenagem, em ferro fundido, diâmetro 900 mm | E73: ='ORÇA onerado'!E73 -> UND | F73: ='ORÇA onerado'!F73 -> 4 | G73: ='COMP. desonerado'!M23 -> 1786.5035 | H73: ='COMP. desonerado'!N23 -> 30.77328 | I73: =G73+H73 -> 1817.2768 | J73: =I73*F73 -> 7269.1071 | K73: =$F$5 -> 0.2239 | L73: =(1+K73)*I73 -> 2224.165 | N73: =(1+M73)*L73 -> 2224.165 | O73: =N73*F73 -> 8896.6602
A74: 10. | D74: REVESTIMENTO DE PAREDES | G74: =SUM(G75:G76) -> 266.71 | H74: =SUM(H75:H76) -> 7.2419329 | I74: =SUM(I75:I76) -> 273.95193 | J74: =SUM(J75:J76) -> 32190.837 | L74: =SUM(L75:L76) -> 335.28977 | N74: =SUM(N75:N76) -> 335.28977 | O74: =SUM(O75:O76) -> 39398.365
A75: ='ORÇA onerado'!A75 -> 46032 | B75: ='ORÇA onerado'!B75 -> COMPOSIÇÃO | C75: ='ORÇA onerado'!C75 -> 1 | D75: ='ORÇA onerado'!D75 -> PAINEL RIPADO INTERNO WPC 290x16cm ( incluso instalação) | E75: ='ORÇA onerado'!E75 -> und | F75: ='ORÇA onerado'!F75 -> 137 | G75: ='COMP. desonerado'!M9 -> 139.02 | H75: ='COMP. desonerado'!N9 -> 7.2419329 | I75: =G75+H75 -> 146.26193 | J75: =I75*F75 -> 20037.885 | K75: =$F$5 -> 0.2239 | L75: =(1+K75)*I75 -> 179.00998 | N75: =(1+M75)*L75 -> 179.00998 | O75: =N75*F75 -> 24524.367
A76: ='ORÇA onerado'!A76 -> 46063 | B76: ='ORÇA onerado'!B76 -> COTAÇÃO | C76: ='ORÇA onerado'!C76 -> 2 | D76: ='ORÇA onerado'!D76 -> PAINEL RIPADO EXTERNO EM ALUMÍNIO, COM PINTURA SUBLIMADA MADEIRADA COR E DIMENSÕES CONFORME O PROJETO. FORNECIMENTO E INSTALAÇÃO | E76: ='ORÇA onerado'!E76 -> m2 | F76: ='ORÇA onerado'!F76 -> 95.17544 | G76: ='COTAÇÕES'!I15 -> 127.69 | H76: 0 | I76: =G76+H76 -> 127.69 | J76: =I76*F76 -> 12152.952 | K76: =$F$5 -> 0.2239 | L76: =(1+K76)*I76 -> 156.27979 | N76: =(1+M76)*L76 -> 156.27979 | O76: =N76*F76 -> 14873.998
A77: 11. | D77: REVESTIMENTO DE PISO | G77: =SUM(G78:G89) -> 323.51 | H77: =SUM(H78:H89) -> 223.93 | I77: =SUM(I78:I89) -> 547.44 | J77: =SUM(J78:J89) -> 61171.038 | L77: =SUM(L78:L89) -> 670.01182 | N77: =SUM(N78:N89) -> 672.80975 | O77: =SUM(O78:O89) -> 75136.66
A78: ='ORÇA onerado'!A78 -> 11.01 | B78: ='ORÇA onerado'!B78 -> ORSE | C78: ='ORÇA onerado'!C78 -> 8928 | D78: ='ORÇA onerado'!D78 -> Revestimento cerâmico para piso ou parede, 50 x 50 cm, antiderrapante (porcelanato), Elizabeth ou similar, aplicado com argamassa industrializada ac-iii, rejuntado, exclusive regularização de base ou emboço | E78: ='ORÇA onerado'!E78 -> m2 | F78: ='ORÇA onerado'!F78 -> 136.3626 | G78: ='ORÇA onerado'!G78 -> 56.47 | H78: ='ORÇA onerado'!H78 -> 18.91 | I78: =G78+H78 -> 75.38 | J78: =I78*F78 -> 10279.013 | K78: =$F$5 -> 0.2239 | L78: =(1+K78)*I78 -> 92.257582 | M78: =INCC!$C$29 -> 0.0020626076 | N78: =(1+M78)*L78 -> 92.447873 | O78: =N78*F78 -> 12606.432
A79: ='ORÇA onerado'!A79 -> 11.02 | B79: ='ORÇA onerado'!B79 -> GOINFRA | C79: ='ORÇA onerado'!C79 -> 120101 | D79: ='ORÇA onerado'!D79 -> REGULARIZAÇÃO (1:3) E=2 CM | E79: ='ORÇA onerado'!E79 -> m2 | F79: ='ORÇA onerado'!F79 -> 136.3626 | G79: 11.83 | H79: 13.04 | I79: =G79+H79 -> 24.87 | J79: =I79*F79 -> 3391.3379 | K79: =$F$5 -> 0.2239 | L79: =(1+K79)*I79 -> 30.438393 | M79: =INCC!$C$26 -> 0.0047490257 | N79: =(1+M79)*L79 -> 30.582946 | O79: =N79*F79 -> 4170.37
A80: ='ORÇA onerado'!A80 -> 11.03 | B80: ='ORÇA onerado'!B80 -> GOINFRA | C80: ='ORÇA onerado'!C80 -> 220103 | D80: ='ORÇA onerado'!D80 -> PISO EM CONCRETO ARMADO E=20CM BAIA TERM.RODOVIARIO 30MPA(3X3 M)COMP./S.LEITO | E80: ='ORÇA onerado'!E80 -> m2 | F80: ='ORÇA onerado'!F80 -> 65.2972 | G80: 188.13 | H80: 99.46 | I80: =G80+H80 -> 287.59 | J80: =I80*F80 -> 18778.822 | K80: =$F$5 -> 0.2239 | L80: =(1+K80)*I80 -> 351.9814 | M80: =INCC!$C$26 -> 0.0047490257 | N80: =(1+M80)*L80 -> 353.65297 | O80: =N80*F80 -> 23092.549
A81: ='ORÇA onerado'!A81 -> 11.04 | B81: ='ORÇA onerado'!B81 -> GOINFRA | C81: ='ORÇA onerado'!C81 -> 220312 | D81: ='ORÇA onerado'!D81 -> RODAPÉ DE CERÂMICA ANTIDERRAPANTE COM ARGAMASSA COLANTE | E81: ='ORÇA onerado'!E81 -> m | F81: ='ORÇA onerado'!F81 -> 23 | G81: 2.47 | H81: 8.48 | I81: =G81+H81 -> 10.95 | J81: =I81*F81 -> 251.85 | K81: =$F$5 -> 0.2239 | L81: =(1+K81)*I81 -> 13.401705 | M81: =INCC!$C$26 -> 0.0047490257 | N81: =(1+M81)*L81 -> 13.46535 | O81: =N81*F81 -> 309.70305
A82: ='ORÇA onerado'!A82 -> 11.05 | B82: ='ORÇA onerado'!B82 -> GOINFRA | C82: ='ORÇA onerado'!C82 -> 271715 | D82: ='ORÇA onerado'!D82 -> MEIO FIO PD. GOINFRA EM CONC. PRÉ MOLD. RETO/CURVO (9v12X30X100CM), FC28=20MPA COM ARGAM.(1CI:3ARMLC) P/ARREMATE DO REJUNT. - INCLUSO ESCAV./APILOAM./REATERRO E CONC.FC28= 10MPA P/ ASSENTAM. E CHUMBAMENTO | E82: ='ORÇA onerado'!E82 -> m | F82: ='ORÇA onerado'!F82 -> 35.4226 | G82: 20.54 | H82: 23.14 | I82: =G82+H82 -> 43.68 | J82: =I82*F82 -> 1547.2592 | K82: =$F$5 -> 0.2239 | L82: =(1+K82)*I82 -> 53.459952 | M82: =INCC!$C$26 -> 0.0047490257 | N82: =(1+M82)*L82 -> 53.713835 | O82: =N82*F82 -> 1902.6837
A83: ='ORÇA onerado'!A83 -> 11.06 | B83: ='ORÇA onerado'!B83 -> SINAPI | C83: ='ORÇA onerado'!C83 -> 102491 | D83: ='ORÇA onerado'!D83 -> Pintura de piso com tinta acrílica, aplicação manual, 2 demãos, incluso fundo preparador. af_05/2021 | E83: ='ORÇA onerado'!E83 -> m2 | F83: ='ORÇA onerado'!F83 -> 384.3782 | G83: 20.54 | H83: 23.14 | I83: =G83+H83 -> 43.68 | J83: =I83*F83 -> 16789.64 | K83: =$F$5 -> 0.2239 | L83: =(1+K83)*I83 -> 53.459952 | M83: =INCC!$C$26 -> 0.0047490257 | N83: =(1+M83)*L83 -> 53.713835 | O83: =N83*F83 -> 20646.427
A84: ='ORÇA onerado'!A84 -> 11.07 | B84: ='ORÇA onerado'!B84 -> GOINFRA | C84: ='ORÇA onerado'!C84 -> 67022 | D84: ='ORÇA onerado'!D84 -> LIMPEZA DO SUBSTRATO COM APLICAÇÃO DE JATO DE ÁGUA FRIA | E84: ='ORÇA onerado'!E84 -> m2 | F84: ='ORÇA onerado'!F84 -> 384.3782 | G84: 23.42 | H84: 0 | I84: =G84+H84 -> 23.42 | J84: =I84*F84 -> 9002.1374 | K84: =$F$5 -> 0.2239 | L84: =(1+K84)*I84 -> 28.663738 | M84: =INCC!$C$27 -> 0 | N84: =(1+M84)*L84 -> 28.663738 | O84: =N84*F84 -> 11017.716
A85: ='ORÇA onerado'!A85 -> 11.08 | B85: ='ORÇA onerado'!B85 -> GOINFRA | C85: ='ORÇA onerado'!C85 -> 41140 | D85: ='ORÇA onerado'!D85 -> REGULARIZAÇÃO DO TERRENO SEM APILOAMENTO COM TRANSPORTE MANUAL DA TERRA ESCAVADA | E85: ='ORÇA onerado'!E85 -> m2 | F85: ='ORÇA onerado'!F85 -> 130.5 | G85: 0.01 | H85: 2.25 | I85: =G85+H85 -> 2.26 | J85: =I85*F85 -> 294.93 | K85: =$F$5 -> 0.2239 | L85: =(1+K85)*I85 -> 2.766014 | M85: =INCC!$C$26 -> 0.0047490257 | N85: =(1+M85)*L85 -> 2.7791499 | O85: =N85*F85 -> 362.67906
A86: ='ORÇA onerado'!A86 -> 11.09 | B86: ='ORÇA onerado'!B86 -> GOINFRA | C86: ='ORÇA onerado'!C86 -> 40905 | D86: ='ORÇA onerado'!D86 -> APILOAMENTO MECÂNICO | E86: ='ORÇA onerado'!E86 -> m2 | F86: ='ORÇA onerado'!F86 -> 130.5 | G86: 0 | H86: 3.5 | I86: =G86+H86 -> 3.5 | J86: =I86*F86 -> 456.75 | K86: =$F$5 -> 0.2239 | L86: =(1+K86)*I86 -> 4.28365 | M86: =INCC!$C$26 -> 0.0047490257 | N86: =(1+M86)*L86 -> 4.3039932 | O86: =N86*F86 -> 561.67111
A87: ='ORÇA onerado'!A87 -> 11.10 | B87: ='ORÇA onerado'!B87 -> GOINFRA | C87: ='ORÇA onerado'!C87 -> 20110 | D87: ='ORÇA onerado'!D87 -> DEMOLIÇÃO MANUAL DE PISO EM LADRILHO HIDRAULICO COM TRANSPORTE ATE CAÇAMBA E CARGA | E87: ='ORÇA onerado'!E87 -> m2 | F87: ='ORÇA onerado'!F87 -> 11.8125 | G87: 0.1 | H87: 0.46 | I87: =G87+H87 -> 0.56 | J87: =I87*F87 -> 6.615 | K87: =$F$5 -> 0.2239 | L87: =(1+K87)*I87 -> 0.685384 | M87: =INCC!$C$26 -> 0.0047490257 | N87: =(1+M87)*L87 -> 0.68863891 | O87: =N87*F87 -> 8.1345471
A88: ='ORÇA onerado'!A88 -> 11.11 | B88: ='ORÇA onerado'!B88 -> GOINFRA | C88: ='ORÇA onerado'!C88 -> 221126 | D88: ='ORÇA onerado'!D88 -> PISO DE LADRILHO HIDRÁULICO COLORIDO MODELO TÁTIL ( ALERTA OU DIRECIONAL) SEM LASTRO | E88: ='ORÇA onerado'!E88 -> m² | F88: ='ORÇA onerado'!F88 -> 11.8125 | G88: 0 | H88: 12.02 | I88: =G88+H88 -> 12.02 | J88: =I88*F88 -> 141.98625 | K88: =$F$5 -> 0.2239 | L88: =(1+K88)*I88 -> 14.711278 | M88: =INCC!$C$26 -> 0.0047490257 | N88: =(1+M88)*L88 -> 14.781142 | O88: =N88*F88 -> 174.60224
A89: ='ORÇA onerado'!A89 -> 11.12 | B89: ='ORÇA onerado'!B89 -> GOINFRA | C89: ='ORÇA onerado'!C89 -> 20109 | D89: ='ORÇA onerado'!D89 -> DEMOLIÇÃO MANUAL DE PISO CIMENTICIO SOBRE LASTRO DE CONCRETO COM TRANSPORTE ATE CAÇAMBA E CARGA | E89: ='ORÇA onerado'!E89 -> m2 | F89: ='ORÇA onerado'!F89 -> 11.8125 | G89: 0 | H89: 19.53 | I89: =G89+H89 -> 19.53 | J89: =I89*F89 -> 230.69813 | K89: =$F$5 -> 0.2239 | L89: =(1+K89)*I89 -> 23.902767 | M89: =INCC!$C$26 -> 0.0047490257 | N89: =(1+M89)*L89 -> 24.016282 | O89: =N89*F89 -> 283.69233
A90: 12. | D90: PINTURA | G90: =SUM(G91:G96) -> 99.79 | H90: =SUM(H91:H96) -> 78.4 | I90: =SUM(I91:I96) -> 178.19 | J90: =SUM(J91:J96) -> 376986.17 | L90: =SUM(L91:L96) -> 218.08674 | N90: =SUM(N91:N96) -> 218.92471 | O90: =SUM(O91:O96) -> 463566.82
A91: ='ORÇA onerado'!A91 -> 46034 | B91: ='ORÇA onerado'!B91 -> GOINFRA | C91: ='ORÇA onerado'!C91 -> 260601 | D91: ='ORÇA onerado'!D91 -> PINTURA TEXTURIZADA C/SELADOR ACRILICO (MANTER COR ORIGINAL: ELEFANTE E/OU CÉU CHUVOSO) | E91: ='ORÇA onerado'!E91 -> m2 | F91: ='ORÇA onerado'!F91 -> 9215.73 | G91: 7.37 | H91: 8.84 | I91: =G91+H91 -> 16.21 | J91: =I91*F91 -> 149386.98 | K91: =$F$5 -> 0.2239 | L91: =(1+K91)*I91 -> 19.839419 | M91: =INCC!$C$26 -> 0.0047490257 | N91: =(1+M91)*L91 -> 19.933637 | O91: =N91*F91 -> 183703.02
A92: ='ORÇA onerado'!A92 -> 46065 | B92: ='ORÇA onerado'!B92 -> GOINFRA | C92: ='ORÇA onerado'!C92 -> 261307 | D92: ='ORÇA onerado'!D92 -> PINTURA PVA LATEX 2 DEMAOS SEM SELADOR (REPINTAR TODO O TETOS DO BLOCOS) | E92: ='ORÇA onerado'!E92 -> m2 | F92: ='ORÇA onerado'!F92 -> 3489.43 | G92: 4.07 | H92: 7.02 | I92: =G92+H92 -> 11.09 | J92: =I92*F92 -> 38697.779 | K92: =$F$5 -> 0.2239 | L92: =(1+K92)*I92 -> 13.573051 | M92: =INCC!$C$26 -> 0.0047490257 | N92: =(1+M92)*L92 -> 13.63751 | O92: =N92*F92 -> 47587.136
A93: ='ORÇA onerado'!A93 -> 46093 | B93: ='ORÇA onerado'!B93 -> GOINFRA | C93: ='ORÇA onerado'!C93 -> 261000 | D93: ='ORÇA onerado'!D93 -> PINTURA LATEX ACRILICA 2 DEMAOS C/SELADOR (REPINTAR TODAS AS PAREDES INTERNAS DO BLOCOS) | E93: ='ORÇA onerado'!E93 -> m2 | F93: ='ORÇA onerado'!F93 -> 4979.486 | G93: 5.93 | H93: 9.74 | I93: =G93+H93 -> 15.67 | J93: =I93*F93 -> 78028.546 | K93: =$F$5 -> 0.2239 | L93: =(1+K93)*I93 -> 19.178513 | M93: =INCC!$C$26 -> 0.0047490257 | N93: =(1+M93)*L93 -> 19.269592 | O93: =N93*F93 -> 95952.665
A94: ='ORÇA onerado'!A94 -> 46124 | B94: ='ORÇA onerado'!B94 -> GOINFRA | C94: ='ORÇA onerado'!C94 -> 261300 | D94: ='ORÇA onerado'!D94 -> EMASSAMENTO COM MASSA PVA DUAS DEMAOS ( TETO) | E94: ='ORÇA onerado'!E94 -> m2 | F94: ='ORÇA onerado'!F94 -> 1046.829 | G94: 4.86 | H94: 10.08 | I94: =G94+H94 -> 14.94 | J94: =I94*F94 -> 15639.625 | K94: =$F$5 -> 0.2239 | L94: =(1+K94)*I94 -> 18.285066 | M94: =INCC!$C$26 -> 0.0047490257 | N94: =(1+M94)*L94 -> 18.371902 | O94: =N94*F94 -> 19232.24
A95: ='ORÇA onerado'!A95 -> 46154 | B95: ='ORÇA onerado'!B95 -> GOINFRA | C95: ='ORÇA onerado'!C95 -> 261305 | D95: ='ORÇA onerado'!D95 -> EMASSAMENTO ACRÍLICO 1 DEMÃO EM PAREDE | E95: ='ORÇA onerado'!E95 -> m2 | F95: ='ORÇA onerado'!F95 -> 1493.8458 | G95: ='ORÇA onerado'!G96 -> 38.78 | H95: ='ORÇA onerado'!H96 -> 21.36 | I95: =G95+H95 -> 60.14 | J95: =I95*F95 -> 89839.886 | K95: =$F$5 -> 0.2239 | L95: =(1+K95)*I95 -> 73.605346 | M95: =INCC!$C$26 -> 0.0047490257 | N95: =(1+M95)*L95 -> 73.9549 | O95: =N95*F95 -> 110477.22
A96: ='ORÇA onerado'!A96 -> 46185 | B96: ='ORÇA onerado'!B96 -> ORSE | C96: 13476 | D96: ='ORÇA onerado'!D96 -> Pintura para exteriores, sobre paredes, com lixamento, aplicação de 01 demão de líquido selador acrílico e 01 demão de textura riscada em cores diversas, com uso de desempenadeira | E96: ='ORÇA onerado'!E96 -> m2 | F96: 89.68 | G96: 38.78 | H96: =9.74+10.84+0.78 -> 21.36 | I96: =G96+H96 -> 60.14 | J96: =I96*F96 -> 5393.3552 | K96: =$F$5 -> 0.2239 | L96: =(1+K96)*I96 -> 73.605346 | M96: =INCC!$C$29 -> 0.0020626076 | N96: =(1+M96)*L96 -> 73.757165 | O96: =N96*F96 -> 6614.5426
A97: 13. | D97: DIVERSOS | G97: =SUM(G98:G100) -> 1027.9769 | H97: =SUM(H98:H100) -> 238.00123 | I97: =SUM(I98:I100) -> 1265.9781 | J97: =SUM(J98:J100) -> 22617.573 | L97: =SUM(L98:L100) -> 1549.4306 | N97: =SUM(N98:N100) -> 1550.2098 | O97: =SUM(O98:O100) -> 27687.881
A98: ='ORÇA onerado'!A98 -> 46035 | B98: ='ORÇA onerado'!B98 -> COMPOSIÇÃO | C98: ='ORÇA onerado'!C98 -> 2 | D98: ='ORÇA onerado'!D98 -> GUARDA-CORPO EM TUBO DE AÇO INOX ø=1 1/2", DUPLO, montantes e fechamento em tubo 2", h= 96cm, c/acabamento polido, p/fixação em piso | E98: ='ORÇA onerado'!E98 -> m | F98: ='ORÇA onerado'!F98 -> 23 | G98: ='COMP. desonerado'!M16 -> 653.74565 | H98: ='COMP. desonerado'!N16 -> 193.57223 | I98: =G98+H98 -> 847.31788 | J98: =I98*F98 -> 19488.311 | K98: =$F$5 -> 0.2239 | L98: =(1+K98)*I98 -> 1037.0324 | N98: =(1+M98)*L98 -> 1037.0324 | O98: =N98*F98 -> 23851.744
A99: ='ORÇA onerado'!A99 -> 46066 | B99: ='ORÇA onerado'!B99 -> ORSE | C99: ='ORÇA onerado'!C99 -> 8759 | D99: ='ORÇA onerado'!D99 -> CORRIMÃO EM AÇO INOX ø=1 1/2", DUPLO, H=90CM | E99: ='ORÇA onerado'!E99 -> m | F99: ='ORÇA onerado'!F99 -> 8 | G99: ='ORÇA onerado'!G99 -> 272.26 | H99: ='ORÇA onerado'!H99 -> 36.39 | I99: =G99+H99 -> 308.65 | J99: =I99*F99 -> 2469.2 | K99: =$F$5 -> 0.2239 | L99: =(1+K99)*I99 -> 377.75673 | M99: =INCC!$C$29 -> 0.0020626076 | N99: =(1+M99)*L99 -> 378.5359 | O99: =N99*F99 -> 3028.2872
A100: ='ORÇA onerado'!A100 -> 46094 | B100: ='ORÇA onerado'!B100 -> COMPOSIÇÃO | C100: ='ORÇA onerado'!C100 -> 9 | D100: ='ORÇA onerado'!D100 -> Bate rodas - Segregador para Sinalização Viária | E100: ='ORÇA onerado'!E100 -> un | F100: ='ORÇA onerado'!F100 -> 6 | G100: ='COMP. desonerado'!M60 -> 101.97125 | H100: ='COMP. desonerado'!N60 -> 8.038997 | I100: =G100+H100 -> 110.01024 | J100: =I100*F100 -> 660.06147 | K100: =$F$5 -> 0.2239 | L100: =(1+K100)*I100 -> 134.64154 | N100: =(1+M100)*L100 -> 134.64154 | O100: =N100*F100 -> 807.84923
...

Sheet MEM. CÁLC
A1: Órgão: | B1: SECRETARIA DE ESTADO DA SAÚDE DE GOIÁS | E1: DATA: | F1: =TODAY() -> 46056
A2: Unidade: | B2: SUPERINTENDÊNCIA DA ESCOLA DE SAÚDE DE GOIÁS - SESG | E2: REVISÃO: | F2: Emissão 02
A3: Obra: | B3: FORNECIMENTO E INSTALAÇÃO BRISES, RIPADO E CORRIMÃO | E3: REFERÊNCIA:
A4: Endereço: | B4: RUA 26, 521, VILA LEGIONARIOS, CEP: 74853-070
A5: Município: | B5: GOIÂNIA
A6: MEMORIAL DE CÁLCULO
A8: Item | B8: Descrição dos Serviços | C8: Un. | D8: Total | E8: Descrição conforme a necessidade de cada item
A9: ='ORÇA onerado'!A8 -> 01. | B9: SERVIÇOS PRELIMINARES
A10: ='ORÇA onerado'!A9 -> 45658 | B10: ='ORÇA onerado'!D9 -> PLACA DE OBRA PLOTADA EM CHAPA METÁLICA 26 , AFIXADA EM CAVALETES DE MADEIRA DE LEI (VIGOTAS 6X12CM) - PADRÃO GOINFRA | C10: ='ORÇA onerado'!E9 -> m2 | D10: 4.5 | E10: Medida determinada pela GOINFRA
A11: ='ORÇA onerado'!A10 -> 45689 | B11: ='ORÇA onerado'!D10 -> LOCAÇÃO DE CONTAINER SEM REVESTIMENTO INTERNO PARA ALMOXARIFADO / DEPÓSITO 6,00 X 2,40 M, INCLUSIVE MOBILIÁRIO (EXCLUSO MOBILIZAÇÃO / DESMOBILIZAÇÃO)LOCAÇÃO DE CONTAINER SEM REVESTIMENTO INTERNO PARA ALMOXARIFADO / DEPÓSITO 6,00 X 2,40 M, INCLUSIVE MOBILIÁRIO (EXCLUSO MOBILIZAÇÃO / DESMOBILIZAÇÃO) | C11: ='ORÇA onerado'!E10 -> mês | D11: 3 | E11: Tempo de execução da obra
A12: ='ORÇA onerado'!A11 -> 45717 | B12: ='ORÇA onerado'!D11 -> LOCAÇÃO DE CONTAINER SANITÁRIO MISTO 6,00 X 2,40 M, COM 3 VASOS, 6 CHUVEIROS, LAVATÓRIO E MICTÓRIO (EXCLUSO MOBILIZAÇÃO / DESMOBILIZAÇÃO) | C12: ='ORÇA onerado'!E11 -> mês | D12: 3 | E12: Tempo de execução da obra
A13: Item | B13: Descrição dos Serviços | C13: Un. | D13: Total | E13: Fachada 4 Bl A - Brise | F13: Fachada 1 Bl A - Brise | G13: Fachada 2 Bl D - Brise | H13: Fachada 3 Bl B - Brise | I13: Fachada 3 Bl D - Brise | J13: Fachada 1 Bl D - Ripado | K13: Fachada 1 Bl F - Ripado | L13: Fachada 1 Bl E - Brise | M13: Fachada 2 Bl E - Brise | N13: Fachada 2 Bl F - Brise | O13: Fachada Auditório 1 - Brise | P13: Fachada Auditório 2 - Brise | Q13: Fachada Auditório 3 - Brise | R13: Fachada 2 Bl D - Ripado | S13: Fachada 3 Bl D - Ripado | T13: Foi considerado um acréscimo de 5% sobre as medidas coletadas para instalação dos brises, a fim de cobrir eventuais imprevistos, perdas e ajustes necessários durante a execução.
A14: ='ORÇA onerado'!A12 -> 45748 | B14: ='ORÇA onerado'!D12 -> ANDAIME METALICO FACHADEIRO (ALUGUEL/MES) | C14: m2xmes | D14: =(E14+F14+G14+H14+I14+J14+K14+L14+M14+N14+O14+P14+Q14+R14+S14)*3 -> 2785.59 | E14: 43.04 | F14: 25.17 | G14: 122.48 | H14: 74.03 | I14: 67.91 | J14: 16.97 | K14: 26.76 | L14: 46.69 | M14: 132.55 | N14: 18.59 | O14: 159.7 | P14: 37.52 | Q14: 146.67 | R14: 4.94 | S14: 5.51
A17: 2 | B17: TRANSPORTES
A18: Item | B18: Descrição dos Serviços | C18: Un. | D18: Total | E18: LIMPEZA MANUAL
A19: ='ORÇA onerado'!A14 -> 45659 | B19: ='ORÇA onerado'!D14 -> TRANSPORTE DE ENTULHO EM CAÇAMBA ESTACIONÁRIA INCLUSO A CARGA MANUAL | C19: ='ORÇA onerado'!E14 -> m3 | D19: 87.74 | E19: 0 | F19: Para o entulho gerado durante a obra, foi estimado volume de 7% da área de construção
A20: ='ORÇA onerado'!A15 -> 45690 | B20: ='ORÇA onerado'!D15 -> MOBILIZAÇÃO DO CANTEIRO DE OBRAS - INCLUSIVE CARGA E DESCARGA E A HORA IMPRODUTIVA DO CAMINHÃO - ( EXCLUSO O TRANSPORTE ) | C20: ='ORÇA onerado'!E15 -> un | D20: 1
A21: ='ORÇA onerado'!A16 -> 45718 | B21: ='ORÇA onerado'!D16 -> DESMOBILIZAÇÃO DO CANTEIRO DE OBRAS - INCLUSIVE CARGA E DESCARGA E A HORA IMPRODUTIVA DO CAMINHÃO - ( EXCLUSO O TRANSPORTE ) | C21: ='ORÇA onerado'!E16 -> un | D21: 1
A24: 3 | B24: ='ORÇA onerado'!D17 -> PAISAGISMO
A25: ='ORÇA onerado'!A18 -> 46025 | B25: ='ORÇA onerado'!D18 -> PREPARAÇÃO C/ ADUBAÇÃO DO TERRENO EM FORMA DE CANTEIRO E PLANTIO DE FORRAÇÃO AMBOS C/PROFUNDIDADE DE 30 CM - EXCLUSO O CUSTO DE AQUISIÇÃO DA MUDA | C25: ='ORÇA onerado'!E18 -> m2 | D25: 3.4579 | E25: área da floreira
A26: ='ORÇA onerado'!A19 -> 46056 | B26: ='ORÇA onerado'!D19 -> Fornecimento e plantio de arbustos ornamentais | C26: ='ORÇA onerado'!E19 -> un. | D26: 24 | E26: qtde de projeto
A29: 4 | B29: INST. ELÉT./TELEFÔNICA/CABEAMENTO ESTRUTURADO
A30: ='ORÇA onerado'!A21 -> 46026 | B30: ='ORÇA onerado'!D21 -> ELETRODUTO METALICO FLEXIVEL COM REVESTIMENTO EM PVC PRETO DIAMETRO 3/4" | C30: ='ORÇA onerado'!E21 -> m | D30: ='ORÇA onerado'!F21 -> 3 | E30: qtde de projeto/ lista de materiais
A31: ='ORÇA onerado'!A22 -> 46057 | B31: ='ORÇA onerado'!D22 -> ELETRODUTO PVC FLEXÍVEL - MANGUEIRA CORRUGADA LEVE - DIAM. 20MM | C31: ='ORÇA onerado'!E22 -> m | D31: ='ORÇA onerado'!F22 -> 12 | E31: qtde de projeto/ lista de materiais
A32: ='ORÇA onerado'!A23 -> 46085 | B32: ='ORÇA onerado'!D23 -> ABRAÇADEIRA METALICA TIPO "D" DIAM. 3/4" | C32: ='ORÇA onerado'!E23 -> un. | D32: ='ORÇA onerado'!F23 -> 40 | E32: qtde de projeto/ lista de materiais
A33: ='ORÇA onerado'!A24 -> 46116 | B33: ='ORÇA onerado'!D24 -> ELETRODUTO EM AÇO GALVANIZADO A FOGO DIÂMETRO 3/4" - PESADO | C33: ='ORÇA onerado'!E24 -> m | D33: ='ORÇA onerado'!F24 -> 40 | E33: qtde de projeto/ lista de materiais
A34: ='ORÇA onerado'!A25 -> 46146 | B34: ='ORÇA onerado'!D25 -> CONDULETE METÁLICO - TAMPÃO DE 3/4" | C34: ='ORÇA onerado'!E25 -> un. | D34: ='ORÇA onerado'!F25 -> 63 | E34: qtde de projeto/ lista de materiais
A35: ='ORÇA onerado'!A26 -> 46177 | B35: ='ORÇA onerado'!D26 -> CONDULETE METÁLICO - CAIXA COM 5 ENTRADAS | C35: ='ORÇA onerado'!E26 -> un. | D35: ='ORÇA onerado'!F26 -> 23 | E35: qtde de projeto/ lista de materiais
A36: ='ORÇA onerado'!A27 -> 46207 | B36: ='ORÇA onerado'!D27 -> CONDULETE METÁLICO - ADAPTADOR DE SAÍDA 3/4" | C36: ='ORÇA onerado'!E27 -> un. | D36: ='ORÇA onerado'!F27 -> 42 | E36: qtde de projeto/ lista de materiais
A37: ='ORÇA onerado'!A28 -> 46238 | B37: ='ORÇA onerado'!D28 -> CONECTOR WAGO 221-415 | C37: ='ORÇA onerado'!E28 -> un. | D37: ='ORÇA onerado'!F28 -> 17 | E37: qtde de projeto/ lista de materiais
A38: ='ORÇA onerado'!A29 -> 46269 | B38: ='ORÇA onerado'!D29 -> CAIXA DE PASSAGEM PVC, SOBREPOR 300X300X100mm | C38: ='ORÇA onerado'!E29 -> un. | D38: ='ORÇA onerado'!F29 -> 3 | E38: qtde de projeto/ lista de materiais
A39: ='ORÇA onerado'!A30 -> 46299 | B39: ='ORÇA onerado'!D30 -> Alçapão de alumínio, tipo escama, cor fosca | C39: ='ORÇA onerado'!E30 -> un. | D39: ='ORÇA onerado'!F30 -> 0.32 | E39: qtde de projeto/ lista de materiais
A40: ='ORÇA onerado'!A31 -> 46330 | B40: ='ORÇA onerado'!D31 -> CABO FLEXÍVEL, PVC (70° C), 450/750 V, 2,5 MM2 | C40: ='ORÇA onerado'!E31 -> m | D40: ='ORÇA onerado'!F31 -> 180 | E40: qtde de projeto/ lista de materiais
A41: ='ORÇA onerado'!A32 -> 46360 | B41: ='ORÇA onerado'!D32 -> CABO ISOLADO PP 3 X 2,5 MM2 | C41: ='ORÇA onerado'!E32 -> m | D41: ='ORÇA onerado'!F32 -> 10 | E41: qtde de projeto/ lista de materiais
... A49: ='ORÇA onerado'!A40 -> 4.20 | B49: ='ORÇA onerado'!D40 -> Fonte Colmeia, 200W, 12V/16.5A, Bivolt, Ref. Blumenau | C49: ='ORÇA onerado'!E40 -> un. | D49: ='ORÇA onerado'!F40 -> 3 | E49: qtde de projeto/ lista de materiais
A51: 5 | B51: INSTALAÇÕES PLUVIAIS
A52: ='ORÇA onerado'!A42 -> 46027 | B52: ='ORÇA onerado'!D42 -> Grelha em aço inox para calha, dim 140 x 25 x 2.5 cm - inclusive quadro de cantoneira 1/8" x 1" | C52: ='ORÇA onerado'!E42 -> un | D52: 1 | E52: rampa perto das floreira | F52: grelha de 1.4*,25
A53: ='ORÇA onerado'!A43 -> 46058 | B53: ='ORÇA onerado'!D43 -> Corte em pavimento de asfalto/concreto, com máquina e disco diamantado - Rev 01 | C53: ='ORÇA onerado'!E43 -> m | D53: =191*0.25 -> 47.75 | E53: 191 un de 25*25cm | F53: Piso tátil
A54: ='ORÇA onerado'!A44 -> 46086 | B54: ='ORÇA onerado'!D44 -> TUBO SOLDAVEL PARA ESGOTO DIAMETRO 50 MM | C54: ='ORÇA onerado'!E44 -> m | D54: 7.1 | E54: tubo de 50, prof 1m, compr 7.10m | F54: Tubulação grelha
A55: ='ORÇA onerado'!A45 -> 46117 | B55: ='ORÇA onerado'!D45 -> DEMOLIÇÃO MANUAL DE PISO CIMENTICIO SOBRE LASTRO DE CONCRETO COM TRANSPORTE ATE CAÇAMBA E CARGA | C55: ='ORÇA onerado'!E45 -> m2 | D55: =1.6*0.35 -> 0.56 | E55: 10cm p cada lado da grelha. 1,6*0,35 | F55: Tubulação grelha
A56: ='ORÇA onerado'!A46 -> 46147 | B56: ='ORÇA onerado'!D46 -> ESCAVACAO MANUAL DE VALAS < 1 MTS. (OBRAS CIVIS) | C56: ='ORÇA onerado'!E46 -> m3 | D56: =(1.4+7.1)*0.3*1 -> 2.55 | E56: (1,4 grelha+ 7,1 tubo)*0,30 de largura * 1m profundidade | F56: Tubulação grelha
A57: ='ORÇA onerado'!A47 -> 46178 | B57: ='ORÇA onerado'!D47 -> REATERRO COM APILOAMENTO | C57: ='ORÇA onerado'!E47 -> m3 | D57: =7.1*0.3*1 -> 2.13 | E57: 7,1 tubo * 0,3 * 1
A58: ='ORÇA onerado'!A48 -> 46208 | B58: ='ORÇA onerado'!D48 -> DEMOLIÇÃO MANUAL DE PISO CIMENTICIO SOBRE LASTRO DE CONCRETO COM TRANSPORTE ATE CAÇAMBA E CARGA | C58: ='ORÇA onerado'!E48 -> m2 | D58: 5.1 | F58: Área da floreira
A59: 46239 | B59: ='COMP. onerado'!D30 -> Tubo retângular em aço galvanizado 70x30, branco ( Descidas água pluvial) | C59: ='COMP. onerado'!E30 -> m | D59: =15*(0.13+0.18+2.34+0.18) -> 42.45 | E59: (15 descidas na passarela )* (0,13+0,18+2,34+0,18)
A60: ='ORÇA onerado'!A50 -> 46270 | B60: ='ORÇA onerado'!D50 -> Corrente de aço galvanizado 3/16" - Rev.02 | C60: ='ORÇA onerado'!E50 -> m | D60: =3*2.85*2 -> 17.1 | E60: 3 Descidas com 3und de corrente cada | F60: Bloco A e B
A62: 6 | B62: ALVENARIAS E DIVISÓRIAS
A63: Item | B63: Descrição dos Serviços | C63: Un. | D63: Total | E63: Entrada Principal | F63: Fachada 1 - Bloco C | G63: floreira perto das viaturas
A64: ='ORÇA onerado'!A52 -> 46028 | B64: ='ORÇA onerado'!D52 -> MURETA EM ALVENARIA, CHAPISCADA E REBOCADA, INCLUSIVE FUNDAÇÃO | C64: ='ORÇA onerado'!E52 -> m2 | D64: =E64+F64+G64 -> 7.744 | E64: 0.38 | F64: 0.78 | G64: =0.4*(2.01+5.87+0.6+5.27+1.18+1.53) -> 6.584
A65: ='ORÇA onerado'!A53 -> 46059 | B65: ='ORÇA onerado'!D53 -> IMPERMEABILIZACAO-JARDINEIRA C/MANTA ANTI-RAIZ (COMPLETA) | C65: ='ORÇA onerado'!E53 -> m2 | D65: =(0.4*(2.01+5.87+0.6+5.27+1.18+1.53))+3.4579 -> 10.0419 | E65: 3,4579 área do fundo + (2,01+5,87+0,6+5,27+1,18+1,53) perimetro * 0,4 altura
A66: ='ORÇA onerado'!A54 -> 46087 | B66: ='ORÇA onerado'!D54 -> CHAPISCO GROSSO | C66: ='ORÇA onerado'!E54 -> m2 | D66: =16.4558*0.4 -> 6.58232 | E66: 16,4558 perimetro externo * 0,4 altura | F66: floreira
A67: ='ORÇA onerado'!A55 -> 46118 | B67: ='ORÇA onerado'!D55 -> REBOCO PAULISTA A-14 (1CALH:4ARMLC+100kgCI/M3) | C67: ='ORÇA onerado'!E55 -> m2 | D67: =16.4558*0.4 -> 6.58232 | E67: 16,4558 perimetro externo * 0,4 altura | F67: floreira
A70: 7 | B70: ='ORÇA onerado'!D56 -> ESTRUTURAS METÁLICAS
A71: ='ORÇA onerado'!A57 -> 46029 | B71: ='ORÇA onerado'!D57 -> ESTRUTURA METÁLICA CONVENCIONAL EM AÇO DO TIPO MR-250 / ASTM A36 COM FUNDO ANTICORROSIVO | C71: ='ORÇA onerado'!E57 -> Kg | D71: 2256.6 | E71: Baseado no projeto estrutural da passarela
A72: ='ORÇA onerado'!A58 -> 46060 | B72: ='ORÇA onerado'!D58 -> PINTURA ESMALTE ALQUIDICO ESTRUTURA METALICA 2 DEMAOS | C72: ='ORÇA onerado'!E58 -> m2 | D72: 223.6 | E72: Baseado no projeto estrutural da passarela
A74: 8 | B74: COBERTURAS | D74: Total | E74: retangular | F74: em L
A75: 46030 | B75: ='ORÇA onerado'!D60 -> Fornecimento e instalação de chapas de policarbonato, e=8mm em toldo/cobertura/fechamento/etc - Rev 01 | C75: ='ORÇA onerado'!E60 -> m2 | D75: =E75+F75 -> 67.4819 | E75: 18.1242 | F75: 49.3577 | G75: Entrada da recepçao principal do bloco F. Fachada posterior do bloco F
A76: 46061 | B76: ='ORÇA onerado'!D61 -> TELHAMENTO COM TELHA METÁLICA TERMOACÚSTICA E = 30 MM, COM ATÉ 2 ÁGUAS, INCLUSO IÇAMENTO. AF_07/2019 | C76: ='ORÇA onerado'!E61 -> m2 | D76: =14.3234+16.21 -> 30.5334 | E76: Acesso copa de distribuicao Bloco A, e Acesso Bloco B
A77: 46089 | B77: ='ORÇA onerado'!D62 -> ACABAMENTO FRONTAL CALHA TIPO PLATIBANDA PINTADA NA COR BRANCA 150mm | C77: ='ORÇA onerado'!E62 -> m2 | D77: =SUM(E77:G77) -> 66.1892 | E77: =39.999+(9*0.15) -> 41.349 | F77: 24.8402 | G77: 15cm de largura | H77: Passarela + cobertura do bloco A (novo)/ Calha quadrada tipo platibanda
A78: 46120 | B78: Acabamento Frontal em Aço para telha Trapezoidal Telha Térmica Sanduíche 30mm | C78: m | D78: =13.95+39.98+39.98+36.16+36.16+24.96+24.96+9 -> 225.15
A79: 46150 | B79: Acabamento Lateral em Aço para telha Trapezoidal Telha Térmica Sanduíche 30mm | C79: m | D79: =2.74+1.92+2.05+2.05+1.38+1.8+1.8 -> 13.74 | E79: Quantidade levantada no projeto arquitetura
A80: 46150 | B80: ='ORÇA onerado'!D65 -> RUFO DE CHAPA GALVANIZADA Nº 26 | C80: m2 | D80: =(1.38*2+13.95+8.51)*0.3+(0.06*(12.72+12.72+9.99+0.58+5.52)) -> 10.0578 | E80: Bloco A e Recepção
A82: 9 | B82: ESQUADRIAS MADEIRAS/ METÁLICAS
A83: Item | B83: Descrição dos Serviços | C83: Un. | D83: Total | E83: fachada 1A + 2D | F83: fachada 3, bloco B | G83: fachada 3, bloco D | H83: fachada 1, bloco E | I83: fachada 2, bloco E | J83: fachada auditorio 1 | K83: fachada auditorio 2 | L83: fachada auditorio 3 | M83: guarita vista 1 | N83: guarita vista 2 | O83: guarita vista 3 | P83: guarita vista 4
A84: 46031 | B84: BRISE SOLEIL - CHAPA DE AÇO CARBONO GALVANIZADA, PERFURADA (GRADE FUROS REDONDOS ALTERNADOS HORIZONTAL) COM DIÂMETRO MÁXIMO DE FURO ≤ 4cm, ESPESSURA CHPA 2mm E PINTADA COM TINTA AUTOMOTIVA E ACABAMENTO EM VERNIZ BICOMPONENTE AUTOMOTIVO NA COR: Verde Mar ou similar (a cor deverá ser preveamente aprovada).FORNECIMENTO E INSTALAÇÃO. | C84: m2 | D84: =SUM(E84:U84) -> 611.4144 | E84: 115.1552 | F84: 73.8697 | G84: 59.3526 | H84: 46.6107 | I84: 132.2275 | J84: 74.2269 | K84: 17.9751 | L84: 67.8198 | M84: 2.288 | N84: 8.1986 | O84: 11.4983 | P84: 2.192
A85: 46062 | B85: PORTA DE ABRIR DE 01 FOLHA EM CHAPA METÁLICA PF-1 C/FERRAGENS | C85: UN | D85: 1 | E85: 1
A86: 46090 | B86: ='ORÇA onerado'!D69 -> PORTA DE ABRIR DE 01 FOLHA EM VENEZIANA PF-4 C/FERRAGENS | C86: m2 | D86: =0.8*2.1*2 -> 3.36 | E86: 2 unidades de 0,80x2,10
A87: 46121 | B87: ='ORÇA onerado'!D70 -> Tela de aço galvanizado fio 12 bwg, malha 2", ondulada, quadrada, fixada em moldura constituída de barra chata de 1 1/2 x 1/4" | C87: m2 | D87: =3*0.7*1.3 -> 2.73 | E87: Janelas copa de distribuicao Bloco A | F87: 3 janelas de 0,70 por 1,30
A88: 46151 | B88: ='ORÇA onerado'!D71 -> Película insulfilm aplicada ou Similar | C88: m2 | D88: =2*3.2896+3.465+18.8904 -> 28.9346 | E88: 3 portas + 2 paineis de vidro | F88: Entrada da recepçao principal do bloco F. Fachada posterior do bloco F
A89: 46182 | B89: ='ORÇA onerado'!D72 -> Tampa de inspeção em chapa metálica de 1/4", inclusive tratamento e pintura em esmalte | C89: m2 | D89: 3.1916 | E89: Conforme relatório fotográfico Ligia e Lorena. Tampas da entrada principal
A90: 46212 | B90: ='COMP. onerado'!D23 -> Tampa circular para esgoto e drenagem, em ferro fundido, diâmetro 900 mm | C90: UND | D90: 4 | E90: Tampas dos 4 sumidouros
A92: 10 | B92: REVESTIMENTO DE PAREDES
A93: Item | B93: Descrição dos Serviços | C93: Un. | D93: Total | E93: Bloco F | F93: Bloco A | G93: Bloco D
A94: 46032 | B94: PAINEL RIPADO EXTERNO EM ALUMÍNIO, COM PINTURA SUBLIMADA MADEIRADA COR E DIMENSÕES CONFORME O PROJETO. FORNECIMENTO E INSTALAÇÃO | C94: m2 | D94: =E94+F94+G94 -> 95.17544 | E94: 30.3384 | F94: 62.94704 | G94: =0.9*2.1 -> 1.89
A95: Item | B95: Descrição dos Serviços | C95: Un. | D95: Total | E95: Bloco F | F95: Bloco A
A96: 46063 | B96: PAINEL RIPADO INTERNO WPC 290x16cm ( incluso instalação) | C96: und | D96: 137 | E96: 10.95 | F96: 52.35
A103: 11 | B103: REVESTIMENTO DE PISO
A104: ='ORÇA onerado'!A78 -> 11.01 | B104: ='ORÇA onerado'!D78 -> Revestimento cerâmico para piso ou parede, 50 x 50 cm, antiderrapante (porcelanato), Elizabeth ou similar, aplicado com argamassa industrializada ac-iii, rejuntado, exclusive regularização de base ou emboço | C104: ='ORÇA onerado'!E78 -> m2 | D104: 136.3626 | E104: Anexo Bloco D e acesso Bloco recepcao
A105: ='ORÇA onerado'!A79 -> 11.02 | B105: ='ORÇA onerado'!D79 -> REGULARIZAÇÃO (1:3) E=2 CM | C105: ='ORÇA onerado'!E79 -> m2 | D105: =D104+D106 -> 201.6598 | E105: soma porcelanato e concreto industrial
A106: ='ORÇA onerado'!A80 -> 11.03 | B106: ='ORÇA onerado'!D80 -> PISO EM CONCRETO ARMADO E=20CM BAIA TERM.RODOVIARIO 30MPA(3X3 M)COMP./S.LEITO | C106: ='ORÇA onerado'!E80 -> m2 | D106: 65.2972 | E106: rampa + estacionamento de serviço
A107: ='ORÇA onerado'!A81 -> 11.04 | B107: ='ORÇA onerado'!D81 -> RODAPÉ DE CERÂMICA ANTIDERRAPANTE COM ARGAMASSA COLANTE | C107: ='ORÇA onerado'!E81 -> m | D107: 23 | E107: 23m linear de parede, sem considerar parede ripada
A108: ='ORÇA onerado'!A82 -> 11.05 | B108: ='ORÇA onerado'!D82 -> MEIO FIO PD. GOINFRA EM CONC. PRÉ MOLD. RETO/CURVO (9v12X30X100CM), FC28=20MPA COM ARGAM.(1CI:3ARMLC) P/ARREMATE DO REJUNT. - INCLUSO ESCAV./APILOAM./REATERRO E CONC.FC28= 10MPA P/ ASSENTAM. E CHUMBAMENTO | C108: ='ORÇA onerado'!E82 -> m | D108: 35.4226 | E108: rampa + estacionamento de serviço
A109: ='ORÇA onerado'!A83 -> 11.06 | B109: ='ORÇA onerado'!D83 -> Pintura de piso com tinta acrílica, aplicação manual, 2 demãos, incluso fundo preparador. af_05/2021 | C109: ='ORÇA onerado'!E83 -> m2 | D109: =301.4126+60.5567+22.4089 -> 384.3782 | E109: passarela + em volta do bloco A
A110: ='ORÇA onerado'!A84 -> 11.07 | B110: ='ORÇA onerado'!D84 -> LIMPEZA DO SUBSTRATO COM APLICAÇÃO DE JATO DE ÁGUA FRIA | C110: ='ORÇA onerado'!E84 -> m2 | D110: =301.4126+60.5567+22.4089 -> 384.3782 | E110: passarela + em volta do bloco A
A111: ='ORÇA onerado'!A85 -> 11.08 | B111: ='ORÇA onerado'!D85 -> REGULARIZAÇÃO DO TERRENO SEM APILOAMENTO COM TRANSPORTE MANUAL DA TERRA ESCAVADA | C111: ='ORÇA onerado'!E85 -> m2 | D111: =87*1.5 -> 130.5 | E111: 87 área *1,5 considerando incerteza
A112: ='ORÇA onerado'!A86 -> 11.09 | B112: ='ORÇA onerado'!D86 -> APILOAMENTO MECÂNICO | C112: ='ORÇA onerado'!E86 -> m2 | D112: =87*1.5 -> 130.5 | E112: 87 área *1,5 considerando incerteza
A113: ='ORÇA onerado'!A87 -> 11.10 | B113: ='ORÇA onerado'!D87 -> DEMOLIÇÃO MANUAL DE PISO EM LADRILHO HIDRAULICO COM TRANSPORTE ATE CAÇAMBA E CARGA | C113: ='ORÇA onerado'!E87 -> m2 | D113: =D114 -> 11.8125 | E113: 189 un de 25*25cm
A114: ='ORÇA onerado'!A88 -> 11.11 | B114: ='ORÇA onerado'!D88 -> PISO DE LADRILHO HIDRÁULICO COLORIDO MODELO TÁTIL ( ALERTA OU DIRECIONAL) SEM LASTRO | C114: ='ORÇA onerado'!E88 -> m² | D114: =0.25*0.25*189 -> 11.8125 | E114: 189 un de 25*25cm
A115: 11.13 | B115: DEMOLIÇÃO MANUAL DE PISO CIMENTICIO SOBRE LASTRO DE CONCRETO COM TRANSPORTE ATE CAÇAMBA E CARGA | C115: ='ORÇA onerado'!E89 -> m2 | D115: =0.25*0.25*189 -> 11.8125 | E115: 189 un de 25*25cm
A117: 12 | B117: PINTURA
A118: Item | B118: Descrição dos Serviços | C118: Un. | D118: Total | E118: Bloco A | F118: Bloco B | G118: Bloco C | H118: Bloco D | I118: Bloco E | J118: Bloco F | K118: Resíduos | L118: Cs Bombas | M118: Guarita
A119: 46034 | B119: ='ORÇA onerado'!D91 -> PINTURA TEXTURIZADA C/SELADOR ACRILICO (MANTER COR ORIGINAL: ELEFANTE E/OU CÉU CHUVOSO) | C119: m2 | D119: =SUM(E119:M119) -> 9215.73 | E119: 1215.64 | F119: 404.24 | G119: 2845.31 | H119: 422.08 | I119: 3975.84 | J119: 59.12 | K119: 92.89 | L119: 36.03 | M119: 164.58
A120: Item | B120: Descrição dos Serviços | C120: Un. | D120: Total | E120: Bloco A | F120: Bloco B | G120: Bloco D | H120: Bloco E | I120: Bloco F | J120: Ac. Bl C | K120: Bloco C
A121: ='ORÇA onerado'!A92 -> 46065 | B121: ='ORÇA onerado'!D92 -> PINTURA PVA LATEX 2 DEMAOS SEM SELADOR (REPINTAR TODO O TETOS DO BLOCOS) | C121: ='ORÇA onerado'!E92 -> m2 | D121: =E121+F121+G121+H121+I121+J121+K121 -> 3489.43 | E121: 549.84 | F121: 762.46 | G121: 708.29 | H121: 804.54 | I121: 62.25 | J121: 25.39 | K121: 576.66
A122: ='ORÇA onerado'!A93 -> 46093 | B122: ='ORÇA onerado'!D93 -> PINTURA LATEX ACRILICA 2 DEMAOS C/SELADOR (REPINTAR TODAS AS PAREDES INTERNAS DO BLOCOS) | C122: ='ORÇA onerado'!E93 -> m2 | D122: =F122+G122+H122+I122+J122+K122+E122 -> 4979.486 | E122: =386-((5.1+5.1+2.84)*2.1+(1.6*0.6)+3*(3*1.7)+3*(0.8*2.1)+2*(0.9*2.1)) -> 333.536 | F122: =1134.69 -> 1134.69 | G122: 1173.49 | H122: =869.81+433.48+534.62 -> 1837.91 | I122: 45.74 | J122: 0 | K122: 454.12
A123: 46124 | B123: ='ORÇA onerado'!D94 -> EMASSAMENTO COM MASSA PVA DUAS DEMAOS ( TETO) | C123: ='ORÇA onerado'!E94 -> m2 | D123: =D121*0.3 -> 1046.829 | E123: Considerado 30% da área do teto para eventuais reformas
A124: ='ORÇA onerado'!A95 -> 46154 | B124: ='ORÇA onerado'!D95 -> EMASSAMENTO ACRÍLICO 1 DEMÃO EM PAREDE | C124: ='ORÇA onerado'!E95 -> m2 | D124: =D122*0.3 -> 1493.8458 | E124: Considerado 30% da área do teto para eventuais reformas
A125: 46185 | B125: ='ORÇA onerado'!D96 -> Pintura para exteriores, sobre paredes, com lixamento, aplicação de 01 demão de líquido selador acrílico e 01 demão de textura riscada em cores diversas, com uso de desempenadeira | C125: ='ORÇA onerado'!E96 -> m2 | D125: =16.4558*0.4+(2.9*7.01)+2*( 5.97+18.68*0.8)+6.98*3 -> 89.67932 | E125: 16,4558 perimetro externo * 0,4 altura (floreira) | F125: cimento queimado na floreira, e repintar na entrada principal (2,90*7,01) | G125: Cimento queimado nos bancos A= 2*( 5,97+18,68*0,8) | H125: Cimento queimado Entrada principal A=6,98*3
A127: 13 | B127: DIVERSOS
A128: Item | B128: Descrição dos Serviços | C128: Un. | D128: Total | E128: Entrada Principal | F128: Fachada 1 - Bloco C
A129: 46035 | B129: GUARDA-CORPO EM TUBO DE AÇO INOX ø=1 1/2", DUPLO, montantes e fechamento em tubo 2", h= 96cm, c/acabamento polido, p/fixação em piso | C129: m | D129: 23 | E129: 14.82 | F129: 7.6
...

Sheet CRONO
A1: Órgão: | B1: SECRETARIA DE ESTADO DA SAÚDE DE GOIÁS | D1: TABELA | E1: ONERADA | H1: Data Base ÚNICA: | J1: ='ORÇA onerado'!F1 -> 45992
A2: Unidade: | B2: SUPERINTENDÊNCIA DA ESCOLA DE SAÚDE DE GOIÁS - SESG | D2: Referência: | E2: GOINFRA 10/2025 (reajustada pelo INCC até 12/2025); SINAPI 12/2025; ORSE - Novembro/2025 (reajustada pelo INCC até Dezembro/2025)
A3: Obra: | B3: FORNECIMENTO E INSTALAÇÃO BRISES, RIPADO E CORRIMÃO
A4: Endereço: | B4: RUA 26, 521, VILA LEGIONARIOS, CEP: 74853-070 | D4: BDI:
A5: Município: | B5: GOIÂNIA | D5: BDI reduz.:
A7: CRONOGRAMA FÍSICO-FINANCEIRO ONERADO
A9: ÍTEM | B9: SERVIÇOS | C9: R$ TOTAL | D9: % DO TOTAL | E9: PERÍODO - MÊS
C10: C/ BDI + INCC | E10: 1° | F10: 2° | G10: 3° | H10: 4° | I10: 5° | J10: 6°
A11: 01. | B11: =RESUMO!B10 -> SERVIÇOS PRELIMINARES | C11: =RESUMO!D10 -> 93646.66 | D11: =C11/$C$53 -> 0.046180173
E12: 0.33 | F12: 0.33 | G12: 0.34
E13: =$C$11*E12 -> 30903.398 | F13: =$C$11*F12 -> 30903.398 | G13: =$C$11*G12 -> 31839.864
A14: 02. | B14: =RESUMO!B11 -> TRANSPORTES | C14: =RESUMO!D11 -> 13065.862 | D14: =C14/$C$53 -> 0.006443196
E15: 0.33 | F15: 0.33 | G15: 0.34
E16: =E15*$C$14 -> 4311.7346 | F16: =F15*$C$14 -> 4311.7346 | G16: =G15*$C$14 -> 4442.3932
A17: 03. | B17: =RESUMO!B12 -> PAISAGISMO | C17: =RESUMO!D12 -> 1235.4655 | D17: =C17/$C$53 -> 0.0006092477
E18: 0 | F18: 0 | G18: 1
E19: =E18*$C$17 -> 0 | F19: =F18*$C$17 -> 0 | G19: =G18*$C$17 -> 1235.4655
A20: 04. | B20: =RESUMO!B13 -> INST. ELÉT./TELEFÔNICA/CABEAMENTO ESTRUTURADO | C20: =RESUMO!D13 -> 9197.8692 | D20: =C20/$C$53 -> 0.0045357644
E21: 0 | F21: 0.5 | G21: 0.5
E22: =E21*$C$20 -> 0 | F22: =F21*$C$20 -> 4598.9346 | G22: =G21*$C$20 -> 4598.9346
A23: 05. | B23: =RESUMO!B14 -> INSTALAÇÕES PLUVIAIS | C23: =RESUMO!D14 -> 14797.427 | D23: =C23/$C$53 -> 0.0072970858
E24: 1 | F24: 0 | G24: 0
E25: =E24*$C$23 -> 14797.427 | F25: =F24*$C$23 -> 0 | G25: =G24*$C$23 -> 0
A26: 06. | B26: =RESUMO!B15 -> ALVENARIAS E DIVISÓRIAS | C26: =RESUMO!D15 -> 5300.2574 | D26: =C26/$C$53 -> 0.002613727
E27: 1 | F27: 0 | G27: 0
E28: =E27*$C$26 -> 5300.2574 | F28: =F27*$C$26 -> 0 | G28: =G27*$C$26 -> 0
A29: 07. | B29: =RESUMO!B16 -> ESTRUTURAS METÁLICAS | C29: =RESUMO!D16 -> 53549.184 | D29: =C29/$C$53 -> 0.026406821
E30: 0.8 | F30: 0.2 | G30: 0
E31: =E30*$C$29 -> 42839.347 | F31: =F30*$C$29 -> 10709.837 | G31: =G30*$C$29 -> 0
A32: 08. | B32: =RESUMO!B17 -> COBERTURAS | C32: =RESUMO!D17 -> 65521.477 | D32: =C32/$C$53 -> 0.032310743
E33: 0.2 | F33: 0.8 | G33: 0
E34: =E33*$C$32 -> 13104.295 | F34: =F33*$C$32 -> 52417.182 | G34: =G33*$C$32 -> 0
A35: 09. | B35: =RESUMO!B18 -> ESQUADRIAS MADEIRAS/ METÁLICAS | C35: =RESUMO!D18 -> 1077866.2 | D35: =C35/$C$53 -> 0.53153043
E36: 0.2 | F36: 0.4 | G36: 0.4
E37: =E36*$C$35 -> 215573.25 | F37: =F36*$C$35 -> 431146.5 | G37: =G36*$C$35 -> 431146.5
A38: 10. | B38: =RESUMO!B19 -> REVESTIMENTO DE PAREDES | C38: =RESUMO!D19 -> 39505.127 | D38: =C38/$C$53 -> 0.019481246
E39: 0 | F39: 0.2 | G39: 0.8
E40: =E39*$C$38 -> 0 | F40: =F39*$C$38 -> 7901.0254 | G40: =G39*$C$38 -> 31604.102
A41: 11. | B41: =RESUMO!B20 -> REVESTIMENTO DE PISO | C41: =RESUMO!D20 -> 59284.98 | D41: =C41/$C$53 -> 0.029235326
E42: 0.2 | F42: 0.4 | G42: 0.4
E43: =E42*$C$41 -> 11856.996 | F43: =F42*$C$41 -> 23713.992 | G43: =G42*$C$41 -> 23713.992
A44: 12. | B44: =RESUMO!B21 -> PINTURA | C44: =RESUMO!D21 -> 401170.49 | D44: =C44/$C$53 -> 0.19783004
E45: 0.33 | F45: 0.33 | G45: 0.34
E46: =E45*$C$44 -> 132386.26 | F46: =F45*$C$44 -> 132386.26 | G46: =G45*$C$44 -> 136397.97
A47: 13. | B47: =RESUMO!B22 -> DIVERSOS | C47: =RESUMO!D22 -> 28178.357 | D47: =C47/$C$53 -> 0.013895652
E48: 0 | F48: 0.2 | G48: 0.8
E49: =E48*$C$47 -> 0 | F49: =F48*$C$47 -> 5635.6715 | G49: =G48*$C$47 -> 22542.686
A50: 14. | B50: =RESUMO!B23 -> ADMINISTRAÇÃO - MENSALISTAS | C50: =RESUMO!D23 -> 165534.86 | D50: =C50/$C$53 -> 0.081630551
E51: 0.33 | F51: 0.33 | G51: 0.34
E52: =E51*$C$50 -> 54626.504 | F52: =F51*$C$50 -> 54626.504 | G52: =G51*$C$50 -> 56281.853
C53: =SUM(C11:C50) -> 2027854.3 | D53: =SUM(D11:D50) -> 1
B54: TOTAL MENSAL | E54: =E13+E16+E19+E22+E25+E28+E31+E34+E37+E40+E43+E46+E49+E52 -> 525699.47 | F54: =F13+F16+F19+F22+F25+F28+F31+F34+F37+F40+F43+F46+F49+F52 -> 758351.04 | G54: =G13+G16+G19+G22+G25+G28+G31+G34+G37+G40+G43+G46+G49+G52 -> 743803.75
B55: TOTAL ACUMULADO | C55: =C11+C14+C17+C20+C23+C26+C29+C32+C35+C38+C41+C44+C47+C50 -> 2027854.3 | D55: =D11+D14+D17+D20+D23+D26+D29+D32+D35+D38+D41+D44+D47+D50 -> 1 | E55: =E54 -> 525699.47 | F55: =F54+E55 -> 1284050.5 | G55: =G54+F55 -> 2027854.3
B56: PERCENTUAL DO MÊS | E56: =E54/$C$55 -> 0.25923928 | F56: =F54/$C$55 -> 0.37396723 | G56: =G54/$C$55 -> 0.3667935
B57: PERCENTUAL ACUMULADO | E57: =E55/$C$55 -> 0.25923928 | F57: =F55/$C$55 -> 0.6332065 | G57: =G55/$C$55 -> 1

Sheet INCC
A1: Órgão: | B1: SECRETARIA DE ESTADO DA SAÚDE DE GOIÁS | C1: DATA: | D1: =TODAY() -> 46056
A2: Unidade: | B2: SUPERINTENDÊNCIA DA ESCOLA DE SAÚDE DE GOIÁS - SESG | C2: REVISÃO: | D2: - Emissão inicial
A3: Obra: | B3: FORNECIMENTO E INSTALAÇÃO BRISES, RIPADO E CORRIMÃO | C3: REFERÊNCIA:
A4: Endereço: | B4: RUA 26, 521, VILA LEGIONARIOS, CEP: 74853-070
A5: Município: | B5: GOIÂNIA
A6: ENCARGOS SOCIAIS
A8: INCC ACUMULADO - (I-Io)/Io = I/Io - 1
A9: Mês | B9: 2023 | C9: 2024 | D9: 2025 | E9: 2026
A10: Janeiro | B10: 1056.418 | C10: 1091.25 | D10: 1169.116
A11: Fevereiro | B11: 1056.896 | C11: 1092.685 | D11: 1173.775
A12: Março | B12: 1060.116 | C12: 1095.738 | D12: 1178.386
A13: Abril | B13: 1061.635 | C13: 1101.389 | D13: 1184.462
A14: Maio | B14: 1067.919 | C14: 1110.887 | D14: 1191.327
A15: Junho | B15: 1075.54 | C15: 1118.827 | D15: 1199.509
A16: Julho | B16: 1076.626 | C16: 1126.916 | D16: 1210.471
A17: Agosto | B17: 1078.412 | C17: 1134.775 | D17: 1216.706
A18: Setembro | B18: 1082.104 | C18: 1141.398 | D18: 1218.747
A19: Outubro | B19: 1084.242 | C19: 1149.17 | D19: 1222.356
A20: Novembro | B20: 1084.986 | C20: 1153.725 | D20: 1225.633
A21: Dezembro | B21: 1088.312 | C21: 1159.536 | D21: 1228.161
A22: TABELA DE ÍNDICES DO INCC. FONTE: FGV
A25: REF.: | B25: DATA REF.: | C25: INCC - dezembro/2025
A26: GOINFRA | B26: 45931 | C26: =$D$21/D19-1 -> 0.0047490257
A27: SINAPI | B27: 45992 | C27: =D21/D21-1 -> 0
A28: SEINFRA - CE | B28: 45200 | C28: =$D$21/B19-1 -> 0.13273697
A29: ORSE - SE | B29: 45962 | C29: =$D$21/D20-1 -> 0.0020626076
A33: BASE: | B33: https://indiceseconomicos.secovi.com.br/indicadormensal.php?idindicador=59

Sheet BDI
A1: Órgão: | B1: SECRETARIA DE ESTADO DA SAÚDE DE GOIÁS | H1: Data Base ÚNICA: | I1: xxx
A2: Unidade: | B2: SUPERINTENDÊNCIA DA ESCOLA DE SAÚDE DE GOIÁS - SESG | H2: Referência: | I2: TABELA ONERADA
A3: Obra: | B3: FORNECIMENTO E INSTALAÇÃO BRISES, RIPADO E CORRIMÃO
A4: Endereço: | B4: RUA 26, 521, VILA LEGIONARIOS, CEP: 74853-070 | I4: TODAS PLANILHAS CORRIGIDAS POR INCC-FGV ATÉ: | K4: =I1 -> xxx
A5: Município: | B5: GOIÂNIA
A6: PLANILHA ORÇAMENTÁRIA DE REFERÊNCIA / COMPOSIÇÃO DO BDI
A8: COMPOSIÇÃO DO BDI SERVIÇOS | G8: COMPOSIÇÃO DO BDI EQUIPAMENTOS
A9: ITEM | B9: DESCRIÇÃO | C9: OBSERVAÇÃO | D9: % SOBRE O PV | E9: % SOBRE O CD | G9: ITEM | H9: DESCRIÇÃO | I9: OBSERVAÇÃO | J9: % SOBRE O PV | K9: % SOBRE O CD
A10: A | B10: DESPESAS INDIRETAS | E10: 0.0618 | G10: A | H10: DESPESAS INDIRETAS | K10: 0.0516
A11: 01 | B11: Administração Central | E11: 0.04 | G11: 01 | H11: Administração Central | K11: 0.0345
A12: 02 | B12: Despesas Financeiras | E12: 0.0123 | G12: 02 | H12: Despesas Financeiras | K12: 0.0123
A13: 03 | B13: Riscos | E13: 0.0097 | G13: 03 | H13: Riscos | K13: 0.0056
A14: 04 | B14: Seguros e Garantias Contratuais | E14: 0.0012 | G14: 04 | H14: Seguros e Garantias Contratuais | K14: 0.0006
A15: B | B15: RESULTADO | E15: 0.074 | G15: B | H15: RESULTADO | K15: 0.048
A16: 01 | B16: Lucro | E16: 0.074 | G16: 01 | H16: Lucro | K16: 0.048
A17: C | B17: TRIBUTOS | D17: =SUM(D18:D21) -> 0.0665 | G17: C | H17: TRIBUTOS | J17: =SUM(J18:J21) -> 0.0665
A18: 01 | B18: PIS | D18: 0.0065 | G18: 01 | H18: PIS | J18: 0.0065
A19: 02 | B19: COFINS | D19: 0.03 | G19: 02 | H19: COFINS | J19: 0.03
A20: 03 | B20: CPRB | D20: 0 | G20: 03 | H20: CPRB | J20: 0
A21: 04 | B21: ISS | D21: 0.03 | G21: 04 | H21: ISS | J21: 0.03
A22: BDI COM TRIBUTOS (A+B+C) | E22: =ROUND((((1+E11+E14+E13)*(1+E12)*(1+E16))/(1-D17))-1,4) -> 0.2239 | G22: BDI COM TRIBUTOS (A+B+C) | K22: =ROUND((((1+K11+K14+K13)*(1+K12)*(1+K16))/(1-J17))-1,4) -> 0.1827
A24: OBSERVAÇÕES | G24: OBSERVAÇÕES
A25: PV | B25: - Preço de Venda | G25: PV | H25: - Preço de Venda
A26: CD | B26: - Custo Direto | G26: CD | H26: - Custo Direto

Sheet ENC. SOC.
A1: Órgão: | B1: SECRETARIA DE ESTADO DA SAÚDE DE GOIÁS | C1: DATA: | D1: =TODAY() -> 46056
A2: Unidade: | B2: SUPERINTENDÊNCIA DA ESCOLA DE SAÚDE DE GOIÁS - SESG | C2: REVISÃO: | D2: - Emissão inicial
A3: Obra: | B3: FORNECIMENTO E INSTALAÇÃO BRISES, RIPADO E CORRIMÃO | C3: REFERÊNCIA:
A4: Endereço: | B4: RUA 26, 521, VILA LEGIONARIOS, CEP: 74853-070
A5: Município: | B5: GOIÂNIA
A6: ENCARGOS SOCIAIS
A8: CÓDIGO | B8: DESCRIÇÃO | C8: HORISTA | E8: MENSALISTA
C9: SEM DESONERAÇÃO | D9: COM DESONERAÇÃO | E9: SEM DESONERAÇÃO | F9: COM DESONERAÇÃO
A10: GRUPO A
A11: A1 | B11: INSS | C11: 0.2 | D11: 0.05 | E11: 0.2 | F11: 0.05
A12: A2 | B12: FGTS | C12: 0.08 | D12: 0.08 | E12: 0.08 | F12: 0.08
A13: A3 | B13: SESI | C13: 0.015 | D13: 0.015 | E13: 0.015 | F13: 0.015
A14: A4 | B14: SENAI | C14: 0.01 | D14: 0.01 | E14: 0.01 | F14: 0.01
A15: A5 | B15: INCRA | C15: 0.002 | D15: 0.002 | E15: 0.002 | F15: 0.002
A16: A6 | B16: Salário Educação | C16: 0.025 | D16: 0.025 | E16: 0.025 | F16: 0.025
A17: A7 | B17: Seguro Contra Acidentes de Trabalho | C17: 0.03 | D17: 0.03 | E17: 0.03 | F17: 0.03
A18: A8 | B18: SEBRAE | C18: 0.006 | D18: 0.006 | E18: 0.006 | F18: 0.006
A19: A9 | B19: SECONCI | C19: 0.01 | D19: 0.01 | E19: 0.01 | F19: 0.01
A20: A | B20: Total | C20: 0.378 | D20: 0.228 | E20: 0.378 | F20: 0.228
A21: GRUPO B
A22: B1 | B22: Repouso Semanal Remunerado | C22: 0.1816 | D22: 0.1816 | E22: 0 | F22: 0
A23: B2 | B23: Feriados | C23: 0.0417 | D23: 0.0417 | E23: 0 | F23: 0
A24: B3 | B24: Auxílio - Enfermidade | C24: 0.0094 | D24: 0.0094 | E24: 0.007 | F24: 0.007
A25: B4 | B25: Auxílio Acidente | C25: 0.0005 | D25: 0.0005 | E25: 0.0004 | F25: 0.0004
A26: B5 | B26: Licença Paternidade | C26: 0.0006 | D26: 0.0006 | E26: 0.0005 | F26: 0.0005
A27: B6 | B27: Faltas Justificadas | C27: 0.0075 | D27: 0.0075 | E27: 0.0056 | F27: 0.0056
A28: B7 | B28: Férias Gozadas | C28: 0.119 | D28: 0.119 | E28: 0.0888 | F28: 0.0888
A29: B8 | B29: Licença Maternidade | C29: 0.0001 | D29: 0.0001 | E29: 0.0001 | F29: 0.0001
A30: B9 | B30: 13° Salário | C30: 0.1117 | D30: 0.1117 | E30: 0.0833 | F30: 0.0833
A31: B | B31: Total | C31: 0.4721 | D31: 0.4721 | E31: 0.1857 | F31: 0.1857
A32: GRUPO C
A33: C1 | B33: Aviso Prévio Indenizado | C33: 0.0698 | D33: 0.0698 | E33: 0.052 | F33: 0.052
A34: C2 | B34: Aviso Prévio Trabalhado | C34: 0.0016 | D34: 0.0016 | E34: 0.0012 | F34: 0.0012
A35: C3 | B35: Férias Indenizadas + 1/3 | C35: 0.0235 | D35: 0.0235 | E35: 0.0174 | F35: 0.0174
A36: C4 | B36: Multa por Rescisão do Contrato de Trabalho sem Justa Causa | C36: 0.0381 | D36: 0.0381 | E36: 0.0283 | F36: 0.0283
A37: C5 | B37: Indenização Adicional | C37: 0.0059 | D37: 0.0059 | E37: 0.0044 | F37: 0.0044
A38: C | B38: Total | C38: 0.1389 | D38: 0.1389 | E38: 0.1033 | F38: 0.1033
A39: GRUPO D
A40: D1 | B40: Incidência do Grupo A sobre B | C40: 0.1785 | D40: 0.1021 | E40: 0.0702 | F40: 0.0382
A41: D2 | B41: Incidência do Grupo A sobre aviso prévio trabalhado | C41: 0.0006 | D41: 0.0004 | E41: 0.0005 | F41: 0.0003
A42: D3 | B42: Incidência do FGTS sobre Aviso Prévio Indenizado | C42: 0.0056 | D42: 0.0056 | E42: 0.0042 | F42: 0.0042
A43: D | B43: Total | C43: 0.1847 | D43: 0.1081 | E43: 0.0749 | F43: 0.0427
A44: TOTAL (A+B+C+D) | C44: 1.1737 | D44: 0.9471 | E44: 0.7419 | F44: 0.5597
A46: Fonte: | B46: https://www.goinfra.go.gov.br/arquivos/arquivos/ENCARGOS_SOCIAIS_GOINFRA_HORIS%20-%202025.02.pdf
A47: Fonte: | B47: https://www.goinfra.go.gov.br/arquivos/arquivos/ENCARGOS_SOCIAIS_GOINFRA_MENSA%20-%202025.02.pdf

Sheet COMP. onerado
A1: Órgão: | B1: SECRETARIA DE ESTADO DA SAÚDE DE GOIÁS | E1: DATA: | F1: =TODAY() -> 46056
A2: Unidade: | B2: SUPERINTENDÊNCIA DA ESCOLA DE SAÚDE DE GOIÁS - SESG | E2: REVISÃO: | F2: Emissão 02
A3: Obra: | B3: FORNECIMENTO E INSTALAÇÃO BRISES, RIPADO E CORRIMÃO | E3: GOINFRA 10/2025 (reajustada pelo INCC até 12/2025); SINAPI 12/2025; ORSE - Novembro/2025 (reajustada pelo INCC até Dezembro/2025)
A4: Endereço: | B4: RUA 26, 521, VILA LEGIONARIOS, CEP: 74853-070
A5: Município: | B5: GOIÂNIA
A6: COMPOSIÇÕES DE CUSTOS UNITÁRIOS
A8: CÓDIGO COMP. | B8: TABELA / COTAÇÃO | C8: Código | D8: DESCRIÇÃO DA COMPOSIÇÃO | E8: Un. | F8: Qtde | G8: Material unitário (R$) | H8: Mão de obra unitário (R$) | I8: Material Total (R$) | J8: Mão de obra Total (R$) | K8: Valor Total (R$) | L8: ÍNDICES DE CORREÇÃO | M8: PREÇO MATERIAL TOTAL + CORREÇÃO (R$) | N8: PREÇO M. OBRA TOTAL+ CORREÇÃO (R$) | O8: Valor Total (R$)+ CORREÇÃO
A9: 1 | D9: Painel ripado interno wpc 290x16cm ( incluso instalação) | E9: m | I9: =SUM(I10:I13) -> 139.02 | J9: =SUM(J10:J13) -> 7.869 | K9: =SUM(K10:K13) -> 146.889 | M9: =SUM(M10:M13) -> 139.02 | N9: =SUM(N10:N13) -> 7.8786548 | O9: =N9+M9 -> 146.89865
B10: COTAÇÃO | C10: 2 | D10: Painel ripado interno wpc 290x16cm | E10: Un. | F10: 1 | G10: ='COTAÇÕES'!I15 -> 127.69 | H10: 0 | I10: =G10*F10 -> 127.69 | J10: =F10*H10 -> 0 | K10: =I10+J10 -> 127.69 | L10: 0 | M10: =(1+L10)*I10 -> 127.69 | N10: =(1+L10)*J10 -> 0 | O10: =N10+M10 -> 127.69
B11: SINAPI | C11: 131 | D11: Adesivo estrutural a base de resina epoxi, bicomponente, pastoso (tixotropico) | E11: UN | F11: 0.25 | G11: 45.32 | H11: 0 | I11: =G11*F11 -> 11.33 | J11: =F11*H11 -> 0 | K11: =I11+J11 -> 11.33 | L11: =INCC!C27 -> 0 | M11: =(1+L11)*I11 -> 11.33 | N11: =(1+L11)*J11 -> 0 | O11: =N11+M11 -> 11.33
B12: GOINFRA | C12: 5 | D12: SERVENTE | E12: H | F12: 0.1 | G12: 0 | H12: 20.33 | I12: =G12*F12 -> 0 | J12: =F12*H12 -> 2.033 | K12: =I12+J12 -> 2.033 | L12: =INCC!$C$26 -> 0.0047490257 | M12: =(1+L12)*I12 -> 0 | N12: =(1+L12)*J12 -> 2.0426548 | O12: =N12+M12 -> 2.0426548
B13: GOINFRA | C13: 33 | D13: MONTADOR DE DIVISÓRIA/PAINEL | E13: H | F13: 0.2 | G13: 0 | H13: 29.18 | I13: =G13*F13 -> 0 | J13: =F13*H13 -> 5.836 | K13: =I13+J13 -> 5.836 | L13: =INCC!C27 -> 0 | M13: =(1+L13)*I13 -> 0 | N13: =(1+L13)*J13 -> 5.836 | O13: =N13+M13 -> 5.836
A15: CÓDIGO COMP. | B15: TABELA / COTAÇÃO | C15: Código | D15: DESCRIÇÃO DA COMPOSIÇÃO | E15: Un. | F15: Qtde | G15: Material unitário (R$) | H15: Mão de obra unitário (R$) | I15: Material Total (R$) | J15: Mão de obra Total (R$) | K15: Valor Total (R$) | L15: ÍNDICES DE CORREÇÃO | M15: PREÇO MATERIAL TOTAL + CORREÇÃO (R$) | N15: PREÇO M. OBRA TOTAL+ CORREÇÃO (R$) | O15: Valor Total (R$)+ CORREÇÃO
A16: 2 | D16: GUARDA-CORPO EM TUBO DE AÇO INOX ø=1 1/2", DUPLO, montantes e fechamento em tubo 2", h= 96cm, c/acabamento polido, p/fixação em piso | E16: pç | I16: =SUM(I17:I19) -> 652.4 | J16: =SUM(J17:J19) -> 209.8063 | K16: =SUM(K17:K19) -> 862.2063 | M16: =SUM(M17:M20) -> 653.74565 | N16: =SUM(N17:N20) -> 210.80268 | O16: =N16+M16 -> 864.54832
B17: ORSE | C17: 7309 | D17: Guarda-corpo em tubo de aço inox ø=1 1/2", duplo, montantes e fechamento em tubo 2", h= 96cm, c/acabamento polido, p/fixação em piso | E17: m | F17: 1 | G17: 652.4 | H17: 0 | I17: =G17*F17 -> 652.4 | J17: =F17*H17 -> 0 | K17: =I17+J17 -> 652.4 | L17: =INCC!$C$29 -> 0.0020626076 | M17: =(1+L17)*I17 -> 653.74565 | N17: =(1+L17)*J17 -> 0 | O17: =N17+M17 -> 653.74565
B18: GOINFRA | C18: 21 | D18: SERRALHEIRO | E18: H | F18: 4.51 | G18: 0 | H18: 29.17 | I18: =G18*F18 -> 0 | J18: =F18*H18 -> 131.5567 | K18: =I18+J18 -> 131.5567 | L18: =INCC!$C$26 -> 0.0047490257 | M18: =(1+L18)*I18 -> 0 | N18: =(1+L18)*J18 -> 132.18147 | O18: =N18+M18 -> 132.18147
B19: GOINFRA | C19: 8 | D19: AJUDANTE | E19: H | F19: 3.52 | G19: 0 | H19: 22.23 | I19: =G19*F19 -> 0 | J19: =F19*H19 -> 78.2496 | K19: =I19+J19 -> 78.2496 | L19: =INCC!$C$26 -> 0.0047490257 | M19: =(1+L19)*I19 -> 0 | N19: =(1+L19)*J19 -> 78.621209 | O19: =N19+M19 -> 78.621209
B20: Obs.: Tempo de serviço considerando instalação e montagem
A22: CÓDIGO COMP. | B22: TABELA / COTAÇÃO | C22: Código | D22: DESCRIÇÃO DA COMPOSIÇÃO | E22: Un. | F22: Qtde | G22: Material unitário (R$) | H22: Mão de obra unitário (R$) | I22: Material Total (R$) | J22: Mão de obra Total (R$) | K22: Valor Total (R$) | L22: ÍNDICES DE CORREÇÃO | M22: PREÇO MATERIAL TOTAL + CORREÇÃO (R$) | N22: PREÇO M. OBRA TOTAL+ CORREÇÃO (R$) | O22: Valor Total (R$)+ CORREÇÃO
A23: 3 | D23: Tampa circular para esgoto e drenagem, em ferro fundido, diâmetro 900 mm | E23: Un. | F23: 1 | I23: =SUM(I24:I27) -> 1786.6401 | J23: =SUM(J24:J27) -> 33.452892 | K23: =SUM(K24:K27) -> 1820.0929 | M23: =SUM(M24:M27) -> 1786.6401 | N23: =SUM(N24:N27) -> 33.611761 | O23: =N23+M23 -> 1820.2518
B24: SINAPI | C24: 11296 | D24: Tampao fofo simples com base / requadro, classe d400 carga max. 40 t, redondo, tampa 900 mm (com inscricao em relevo do tipo de rede) | E24: UN | F24: 1 | G24: 1771.81 | H24: 0 | I24: =G24*F24 -> 1771.81 | J24: =F24*H24 -> 0 | K24: =I24+J24 -> 1771.81 | L24: =INCC!$C$27 -> 0 | M24: =(1+L24)*I24 -> 1771.81 | N24: =(1+L24)*J24 -> 0 | O24: =N24+M24 -> 1771.81
B25: SINAPI | C25: 94970 | D25: Concreto fck = 20mpa, traço 1:2,7:3 (em massa seca de cimento/ areia média/ brita 1) - preparo mecânico com betoneira 600 l. af_05/2021 | E25: M3 | F25: 0.0281 | G25: 527.76 | H25: 0 | I25: =G25*F25 -> 14.830056 | J25: =F25*H25 -> 0 | K25: =I25+J25 -> 14.830056 | L25: =INCC!$C$27 -> 0 | M25: =(1+L25)*I25 -> 14.830056 | N25: =(1+L25)*J25 -> 0 | O25: =N25+M25 -> 14.830056
B26: GOINFRA | C26: 5 | D26: SERVENTE | E26: H | F26: 0.9023 | G26: 0 | H26: 20.33 | L26: =INCC!$C$26 -> 0.0047490257 | M26: =(1+L26)*I26 -> 0 | N26: =(1+L26)*J26 -> 0 | O26: =N26+M26 -> 0
B27: GOINFRA | C27: 4 | D27: PEDREIRO | E27: H | F27: 1.1484 | G27: 0 | H27: 29.13 | I27: =G27*F27 -> 0 | J27: =F27*H27 -> 33.452892 | K27: =I27+J27 -> 33.452892 | L27: =INCC!$C$26 -> 0.0047490257 | M27: =(1+L27)*I27 -> 0 | N27: =(1+L27)*J27 -> 33.611761 | O27: =N27+M27 -> 33.611761
A29: CÓDIGO COMP. | B29: TABELA / COTAÇÃO | C29: Código | D29: DESCRIÇÃO DA COMPOSIÇÃO | E29: Un. | F29: Qtde | G29: Material unitário (R$) | H29: Mão de obra unitário (R$) | I29: Material Total (R$) | J29: Mão de obra Total (R$) | K29: Valor Total (R$) | L29: ÍNDICES DE CORREÇÃO | M29: PREÇO MATERIAL TOTAL + CORREÇÃO (R$) | N29: PREÇO M. OBRA TOTAL+ CORREÇÃO (R$) | O29: Valor Total (R$)+ CORREÇÃO
A30: 4 | D30: Tubo retângular em aço galvanizado 70x30, branco ( Descidas água pluvial) | E30: m | F30: 1 | I30: =SUM(I31:I34) -> 176.85 | J30: =SUM(J31:J34) -> 37.1832 | K30: =SUM(K31:K34) -> 214.0332 | M30: =SUM(M31:M34) -> 177.23804 | N30: =SUM(N31:N34) -> 37.359784 | O30: =N30+M30 -> 214.59782
B31: ORSE | C31: 14618 | D31: Tubo retângular em aço galvanizado 70x30 e=1,25mm (1,84 KG/m) | E31: m | F31: 1 | G31: 168.19 | H31: 0 | I31: =G31*F31 -> 168.19 | J31: =F31*H31 -> 0 | K31: =I31+J31 -> 168.19 | L31: =INCC!$C$29 -> 0.0020626076 | M31: =(1+L31)*I31 -> 168.53691 | N31: =(1+L31)*J31 -> 0 | O31: =N31+M31 -> 168.53691
B32: GOINFRA | C32: 8 | D32: AJUDANTE | E32: H | F32: 0.62 | G32: 0 | H32: 22.23 | I32: =G32*F32 -> 0 | J32: =F32*H32 -> 13.7826 | K32: =I32+J32 -> 13.7826 | L32: =INCC!$C$26 -> 0.0047490257 | M32: =(1+L32)*I32 -> 0 | N32: =(1+L32)*J32 -> 13.848054 | O32: =N32+M32 -> 13.848054
B33: GOINFRA | C33: 4 | D33: PEDREIRO | E33: H | F33: 0.62 | G33: 0 | H33: 29.13 | I33: =G33*F33 -> 0 | J33: =F33*H33 -> 18.0606 | K33: =I33+J33 -> 18.0606 | L33: =INCC!$C$26 -> 0.0047490257 | M33: =(1+L33)*I33 -> 0 | N33: =(1+L33)*J33 -> 18.14637 | O33: =N33+M33 -> 18.14637
B34: GOINFRA | C34: 261609 | D34: PINTURA ESMALTE ALQUIDICO ESTRUTURA METALICA 2 DEMAOS | E34: m2 | F34: 1 | G34: 8.66 | H34: 5.34 | I34: =G34*F34 -> 8.66 | J34: =F34*H34 -> 5.34 | K34: =I34+J34 -> 14 | L34: =INCC!$C$26 -> 0.0047490257 | M34: =(1+L34)*I34 -> 8.7011266 | N34: =(1+L34)*J34 -> 5.3653598 | O34: =N34+M34 -> 14.066486
A36: CÓDIGO COMP. | B36: TABELA / COTAÇÃO | C36: Código | D36: DESCRIÇÃO DA COMPOSIÇÃO | E36: Un. | F36: Qtde | G36: Material unitário (R$) | H36: Mão de obra unitário (R$) | I36: Material Total (R$) | J36: Mão de obra Total (R$) | K36: Valor Total (R$) | L36: ÍNDICES DE CORREÇÃO | M36: PREÇO MATERIAL TOTAL + CORREÇÃO (R$) | N36: PREÇO M. OBRA TOTAL+ CORREÇÃO (R$) | O36: Valor Total (R$)+ CORREÇÃO
A37: 5 | D37: ACABAMENTO FRONTAL CALHA TIPO PLATIBANDA PINTADA NA COR BRANCA 150mm | E37: m | F37: 1 | I37: =SUM(I38:I40) -> 54.610919 | J37: =SUM(J38:J40) -> 82.632424 | K37: =SUM(K38:K40) -> 137.24334 | M37: =SUM(M38:M41) -> 54.870268 | N37: =SUM(N38:N41) -> 83.024848 | O37: =N37+M37 -> 137.89512
B38: GOINFRA | C38: 1234 | D38: CHAPA GALVANIZADA 60 CM (Nº 26) | E38: m | F38: 1.6667 | G38: 27.57 | H38: 0 | I38: =G38*F38 -> 45.950919 | J38: =F38*H38 -> 0 | K38: =I38+J38 -> 45.950919 | L38: =INCC!$C$26 -> 0.0047490257 | M38: =(1+L38)*I38 -> 46.169141 | N38: =(1+L38)*J38 -> 0 | O38: =N38+M38 -> 46.169141
B39: GOINFRA | C39: 20 | D39: CALHEIRO | E39: H | F39: 2.8333 | G39: 0 | H39: 27.28 | I39: =G39*F39 -> 0 | J39: =F39*H39 -> 77.292424 | K39: =I39+J39 -> 77.292424 | L39: =INCC!$C$26 -> 0.0047490257 | M39: =(1+L39)*I39 -> 0 | N39: =(1+L39)*J39 -> 77.659488 | O39: =N39+M39 -> 77.659488
B40: GOINFRA | C40: 261609 | D40: PINTURA ESMALTE ALQUIDICO ESTRUTURA METALICA 2 DEMAOS | E40: m2 | F40: 1 | G40: 8.66 | H40: 5.34 | I40: =G40*F40 -> 8.66 | J40: =F40*H40 -> 5.34 | K40: =I40+J40 -> 14 | L40: =INCC!$C$26 -> 0.0047490257 | M40: =(1+L40)*I40 -> 8.7011266 | N40: =(1+L40)*J40 -> 5.3653598 | O40: =N40+M40 -> 14.066486
A42: CÓDIGO COMP. | B42: TABELA / COTAÇÃO | C42: Código | D42: DESCRIÇÃO DA COMPOSIÇÃO | E42: Un. | F42: Qtde | G42: Material unitário (R$) | H42: Mão de obra unitário (R$) | I42: Material Total (R$) | J42: Mão de obra Total (R$) | K42: Valor Total (R$) | L42: ÍNDICES DE CORREÇÃO | M42: PREÇO MATERIAL TOTAL + CORREÇÃO (R$) | N42: PREÇO M. OBRA TOTAL+ CORREÇÃO (R$) | O42: Valor Total (R$)+ CORREÇÃO
A43: 6 | D43: RUFO DE CHAPA GALVANIZADA BRANCA | E43: m² | F43: 1 | I43: =SUM(I44:I47) -> 59.92 | J43: =SUM(J44:J47) -> 69.54 | K43: =SUM(K44:K47) -> 129.46 | M43: =SUM(M44:M47) -> 60.204562 | N43: =SUM(N44:N47) -> 69.870247 | O43: =N43+M43 -> 130.07481
B44: GOINFRA | C44: 2379 | D44: CHAPA GALVANIZADA 40 CM (Nº 26) | E44: m | F44: 2.75 | G44: 18.64 | H44: 0 | I44: =G44*F44 -> 51.26 | J44: =F44*H44 -> 0 | K44: =I44+J44 -> 51.26 | L44: =INCC!$C$26 -> 0.0047490257 | M44: =(1+L44)*I44 -> 51.503435 | N44: =(1+L44)*J44 -> 0 | O44: =N44+M44 -> 51.503435
B45: GOINFRA | C45: 8 | D45: AJUDANTE | E45: H | F45: 1.25 | G45: 0 | H45: 22.23 | I45: =G45*F45 -> 0 | J45: =F45*H45 -> 27.7875 | K45: =I45+J45 -> 27.7875 | L45: =INCC!$C$26 -> 0.0047490257 | M45: =(1+L45)*I45 -> 0 | N45: =(1+L45)*J45 -> 27.919464 | O45: =N45+M45 -> 27.919464
B46: GOINFRA | C46: 4 | D46: PEDREIRO | E46: H | F46: 1.25 | G46: 0 | H46: 29.13 | I46: =G46*F46 -> 0 | J46: =F46*H46 -> 36.4125 | K46: =I46+J46 -> 36.4125 | L46: =INCC!$C$26 -> 0.0047490257 | M46: =(1+L46)*I46 -> 0 | N46: =(1+L46)*J46 -> 36.585424 | O46: =N46+M46 -> 36.585424
B47: GOINFRA | C47: 261609 | D47: PINTURA ESMALTE ALQUIDICO ESTRUTURA METALICA 2 DEMAOS | E47: m2 | F47: 1 | G47: 8.66 | H47: 5.34 | I47: =G47*F47 -> 8.66 | J47: =F47*H47 -> 5.34 | K47: =I47+J47 -> 14 | L47: =INCC!$C$26 -> 0.0047490257 | M47: =(1+L47)*I47 -> 8.7011266 | N47: =(1+L47)*J47 -> 5.3653598 | O47: =N47+M47 -> 14.066486
A49: CÓDIGO COMP. | B49: TABELA / COTAÇÃO | C49: Código | D49: DESCRIÇÃO DA COMPOSIÇÃO | E49: Un. | F49: Qtde | G49: Material unitário (R$) | H49: Mão de obra unitário (R$) | I49: Material Total (R$) | J49: Mão de obra Total (R$) | K49: Valor Total (R$) | L49: ÍNDICES DE CORREÇÃO | M49: PREÇO MATERIAL TOTAL + CORREÇÃO (R$) | N49: PREÇO M. OBRA TOTAL+ CORREÇÃO (R$) | O49: Valor Total (R$)+ CORREÇÃO
A50: 7 | D50: Acabamento Frontal em Aço para telha Trapezoidal Telha Térmica Sanduíche 30mm | E50: m | F50: 1 | I50: =SUM(I51:I52) -> 10.686667 | J50: =SUM(J51:J52) -> 6.775 | K50: =SUM(K51:K52) -> 17.461667 | M50: =SUM(M51:M54) -> 10.686667 | N50: =SUM(N51:N54) -> 6.775 | O50: =N50+M50 -> 17.461667
B51: COTAÇÃO | C51: 2379 | D51: Acabamento Frontal em Aço para Isotelha Trapezoidal Telha Térmica Sanduíche 30mm | E51: m | F51: 1 | G51: ='COTAÇÕES'!I24 -> 10.686667 | H51: 0 | I51: =G51*F51 -> 10.686667 | J51: =F51*H51 -> 0 | K51: =I51+J51 -> 10.686667 | L51: 0 | M51: =(1+L51)*I51 -> 10.686667 | N51: =(1+L51)*J51 -> 0 | O51: =N51+M51 -> 10.686667
B52: SINAPI | C52: 88323 | D52: AJUDANTETelhadista com encargos complementares | E52: H | F52: 0.25 | G52: 0 | H52: 27.1 | I52: =G52*F52 -> 0 | J52: =F52*H52 -> 6.775 | K52: =I52+J52 -> 6.775 | L52: 0 | M52: =(1+L52)*I52 -> 0 | N52: =(1+L52)*J52 -> 6.775 | O52: =N52+M52 -> 6.775
A54: CÓDIGO COMP. | B54: TABELA / COTAÇÃO | C54: Código | D54: DESCRIÇÃO DA COMPOSIÇÃO | E54: Un. | F54: Qtde | G54: Material unitário (R$) | H54: Mão de obra unitário (R$) | I54: Material Total (R$) | J54: Mão de obra Total (R$) | K54: Valor Total (R$) | L54: ÍNDICES DE CORREÇÃO | M54: PREÇO MATERIAL TOTAL + CORREÇÃO (R$) | N54: PREÇO M. OBRA TOTAL+ CORREÇÃO (R$) | O54: Valor Total (R$)+ CORREÇÃO
A55: 8 | D55: Acabamento Lateral em Aço para telha Trapezoidal Telha Térmica Sanduíche 30mm | E55: m | F55: 1 | I55: =SUM(I56:I57) -> 57.7 | J55: =SUM(J56:J57) -> 6.775 | K55: =SUM(K56:K57) -> 64.475 | M55: =SUM(M56:M59) -> 57.7 | N55: =SUM(N56:N59) -> 6.775 | O55: =N55+M55 -> 64.475
B56: COTAÇÃO | C56: 2379 | D56: Acabamento Frontal em Aço para Isotelha Trapezoidal Telha Térmica Sanduíche 30mm | E56: m | F56: 1 | G56: ='COTAÇÕES'!I28 -> 57.7 | H56: 0 | I56: =G56*F56 -> 57.7 | J56: =F56*H56 -> 0 | K56: =I56+J56 -> 57.7 | L56: 0 | M56: =(1+L56)*I56 -> 57.7 | N56: =(1+L56)*J56 -> 0 | O56: =N56+M56 -> 57.7
B57: SINAPI | C57: 88323 | D57: AJUDANTETelhadista com encargos complementares | E57: H | F57: 0.25 | G57: 0 | H57: 27.1 | I57: =G57*F57 -> 0 | J57: =F57*H57 -> 6.775 | K57: =I57+J57 -> 6.775 | L57: 0 | M57: =(1+L57)*I57 -> 0 | N57: =(1+L57)*J57 -> 6.775 | O57: =N57+M57 -> 6.775
A59: CÓDIGO COMP. | B59: TABELA / COTAÇÃO | C59: Código | D59: DESCRIÇÃO DA COMPOSIÇÃO | E59: Un. | F59: Qtde | G59: Material unitário (R$) | H59: Mão de obra unitário (R$) | I59: Material Total (R$) | J59: Mão de obra Total (R$) | K59: Valor Total (R$) | L59: ÍNDICES DE CORREÇÃO | M59: PREÇO MATERIAL TOTAL + CORREÇÃO (R$) | N59: PREÇO M. OBRA TOTAL+ CORREÇÃO (R$) | O59: Valor Total (R$)+ CORREÇÃO
A60: 9 | D60: Bate rodas - Segregador para Sinalização Viária | E60: m | F60: 1 | I60: =SUM(I61:I63) -> 101.92333 | J60: =SUM(J61:J63) -> 8.739 | K60: =SUM(K61:K63) -> 110.66233 | M60: =SUM(M61:M64) -> 101.97125 | N60: =SUM(N61:N64) -> 8.7805017 | O60: =N60+M60 -> 110.75175
B61: COTAÇÃO | C61: 6 | D61: Bate rodas - Segregador para Sinalização Viária | E61: UND | F61: 1 | G61: ='COTAÇÕES'!I32 -> 78.693333 | I61: =G61*F61 -> 78.693333 | J61: =F61*H61 -> 0 | K61: =I61+J61 -> 78.693333 | L61: 0 | M61: =(1+L61)*I61 -> 78.693333 | N61: =(1+L61)*J61 -> 0 | O61: =N61+M61 -> 78.693333
B62: ORSE | C62: 2931 | D62: Cola à base de resina poliéster com catalisador | E62: KG | F62: 0.5 | G62: 46.46 | I62: =G62*F62 -> 23.23 | J62: =F62*H62 -> 0 | K62: =I62+J62 -> 23.23 | L62: =INCC!$C$29 -> 0.0020626076 | M62: =(1+L62)*I62 -> 23.277914 | N62: =(1+L62)*J62 -> 0 | O62: =N62+M62 -> 23.277914
B63: GOINFRA | C63: 4 | D63: PEDREIRO | E63: H | F63: 0.3 | G63: 0 | H63: 29.13 | I63: =G63*F63 -> 0 | J63: =F63*H63 -> 8.739 | K63: =I63+J63 -> 8.739 | L63: =INCC!$C$26 -> 0.0047490257 | M63: =(1+L63)*I63 -> 0 | N63: =(1+L63)*J63 -> 8.7805017 | O63: =N63+M63 -> 8.7805017
A65: CÓDIGO COMP. | B65: TABELA / COTAÇÃO | C65: Código | D65: DESCRIÇÃO DA COMPOSIÇÃO | E65: Un. | F65: Qtde | G65: Material unitário (R$) | H65: Mão de obra unitário (R$) | I65: Material Total (R$) | J65: Mão de obra Total (R$) | K65: Valor Total (R$) | L65: ÍNDICES DE CORREÇÃO | M65: PREÇO MATERIAL TOTAL + CORREÇÃO (R$) | N65: PREÇO M. OBRA TOTAL+ CORREÇÃO (R$) | O65: Valor Total (R$)+ CORREÇÃO
A66: 10 | D66: CAIXA DE PASSAGEM PVC, SOBREPOR 300X300X100mm | E66: Un. | F66: 1 | I66: =SUM(I67:I69) -> 120.43 | J66: =SUM(J67:J69) -> 4.1376 | K66: =SUM(K67:K69) -> 124.5676 | M66: =SUM(M67:M70) -> 120.43 | N66: =SUM(N67:N70) -> 4.1572496 | O66: =N66+M66 -> 124.58725
B67: SINAPI | C67: 43102 | D67: Caixa de passagem eletrica de parede, de sobrepor, em pvc, com tampa aparafusada, dimensoes 300 x 300 x *100* mm | E67: Un. | F67: 1 | G67: 120.43 | H67: 0 | I67: =G67*F67 -> 120.43 | J67: =F67*H67 -> 0 | K67: =I67+J67 -> 120.43 | L67: 0 | M67: =(1+L67)*I67 -> 120.43 | N67: =(1+L67)*J67 -> 0 | O67: =N67+M67 -> 120.43
B68: GOINFRA | C68: 8 | D68: AJUDANTE | E68: H | F68: 0.08 | G68: 0 | H68: 22.23 | I68: =G68*F68 -> 0 | J68: =F68*H68 -> 1.7784 | K68: =I68+J68 -> 1.7784 | L68: =INCC!$C$26 -> 0.0047490257 | M68: =(1+L68)*I68 -> 0 | N68: =(1+L68)*J68 -> 1.7868457 | O68: =N68+M68 -> 1.7868457
B69: GOINFRA | C69: 12 | D69: ELETRICISTA | E69: H | F69: 0.08 | G69: 0 | H69: 29.49 | I69: =G69*F69 -> 0 | J69: =F69*H69 -> 2.3592 | K69: =I69+J69 -> 2.3592 | L69: =INCC!$C$26 -> 0.0047490257 | M69: =(1+L69)*I69 -> 0 | N69: =(1+L69)*J69 -> 2.3704039 | O69: =N69+M69 -> 2.3704039
A71: CÓDIGO COMP. | B71: TABELA / COTAÇÃO | C71: Código | D71: DESCRIÇÃO DA COMPOSIÇÃO | E71: Un. | F71: Qtde | G71: Material unitário (R$) | H71: Mão de obra unitário (R$) | I71: Material Total (R$) | J71: Mão de obra Total (R$) | K71: Valor Total (R$) | L71: ÍNDICES DE CORREÇÃO | M71: PREÇO MATERIAL TOTAL + CORREÇÃO (R$) | N71: PREÇO M. OBRA TOTAL+ CORREÇÃO (R$) | O71: Valor Total (R$)+ CORREÇÃO
A72: 11 | D72: CONECTOR WAGO 221-415 | E72: Un. | F72: 1 | I72: =SUM(I73:I75) -> 0.95 | J72: =SUM(J73:J75) -> 4.1376 | K72: =SUM(K73:K75) -> 5.0876 | M72: =SUM(M73:M76) -> 0.95195948 | N72: =SUM(N73:N76) -> 4.1572496 | O72: =N72+M72 -> 5.109209
B73: ORSE | C73: 13973 | D73: Conector elétrico 2P p/fio 2,5mm2, WAGO ou similar | E73: Un. | F73: 1 | G73: 0.95 | H73: 0 | I73: =G73*F73 -> 0.95 | J73: =F73*H73 -> 0 | K73: =I73+J73 -> 0.95 | L73: =INCC!$C$29 -> 0.0020626076 | M73: =(1+L73)*I73 -> 0.95195948 | N73: =(1+L73)*J73 -> 0 | O73: =N73+M73 -> 0.95195948
B74: GOINFRA | C74: 8 | D74: AJUDANTE | E74: H | F74: 0.08 | G74: 0 | H74: 22.23 | I74: =G74*F74 -> 0 | J74: =F74*H74 -> 1.7784 | K74: =I74+J74 -> 1.7784 | L74: =INCC!$C$26 -> 0.0047490257 | M74: =(1+L74)*I74 -> 0 | N74: =(1+L74)*J74 -> 1.7868457 | O74: =N74+M74 -> 1.7868457
B75: GOINFRA | C75: 12 | D75: ELETRICISTA | E75: H | F75: 0.08 | G75: 0 | H75: 29.49 | I75: =G75*F75 -> 0 | J75: =F75*H75 -> 2.3592 | K75: =I75+J75 -> 2.3592 | L75: =INCC!$C$26 -> 0.0047490257 | M75: =(1+L75)*I75 -> 0 | N75: =(1+L75)*J75 -> 2.3704039 | O75: =N75+M75 -> 2.3704039
A77: CÓDIGO COMP. | B77: TABELA / COTAÇÃO | C77: Código | D77: DESCRIÇÃO DA COMPOSIÇÃO | E77: Un. | F77: Qtde | G77: Material unitário (R$) | H77: Mão de obra unitário (R$) | I77: Material Total (R$) | J77: Mão de obra Total (R$) | K77: Valor Total (R$) | L77: ÍNDICES DE CORREÇÃO | M77: PREÇO MATERIAL TOTAL + CORREÇÃO (R$) | N77: PREÇO M. OBRA TOTAL+ CORREÇÃO (R$) | O77: Valor Total (R$)+ CORREÇÃO
A78: 12 | D78: Fonte Colmeia, 250W, 12V/16.5A, Bivolt, Ref. Blumenau | E78: Un. | F78: 1 | I78: =SUM(I79:I81) -> 344.53 | J78: =SUM(J79:J81) -> 4.1376 | K78: =SUM(K79:K81) -> 348.6676 | M78: =SUM(M79:M82) -> 345.24063 | N78: =SUM(N79:N82) -> 4.1572496 | O78: =N78+M78 -> 349.39788
B79: ORSE | C79: 13942 | D79: Fonte Driver externa de 250ww, tensão de entrada AC 90 a 305v, tensão de saída DC 12v, uso externo | E79: Un. | F79: 1 | G79: 344.53 | H79: 0 | I79: =G79*F79 -> 344.53 | J79: =F79*H79 -> 0 | K79: =I79+J79 -> 344.53 | L79: =INCC!$C$29 -> 0.0020626076 | M79: =(1+L79)*I79 -> 345.24063 | N79: =(1+L79)*J79 -> 0 | O79: =N79+M79 -> 345.24063
B80: GOINFRA | C80: 8 | D80: AJUDANTE | E80: H | F80: 0.08 | G80: 0 | H80: 22.23 | I80: =G80*F80 -> 0 | J80: =F80*H80 -> 1.7784 | K80: =I80+J80 -> 1.7784 | L80: =INCC!$C$26 -> 0.0047490257 | M80: =(1+L80)*I80 -> 0 | N80: =(1+L80)*J80 -> 1.7868457 | O80: =N80+M80 -> 1.7868457
B81: GOINFRA | C81: 12 | D81: ELETRICISTA | E81: H | F81: 0.08 | G81: 0 | H81: 29.49 | I81: =G81*F81 -> 0 | J81: =F81*H81 -> 2.3592 | K81: =I81+J81 -> 2.3592 | L81: =INCC!$C$26 -> 0.0047490257 | M81: =(1+L81)*I81 -> 0 | N81: =(1+L81)*J81 -> 2.3704039 | O81: =N81+M81 -> 2.3704039

Sheet COMP. desonerado
A1: Órgão: | B1: SECRETARIA DE ESTADO DA SAÚDE DE GOIÁS | E1: DATA: | F1: =TODAY() -> 46056
A2: Unidade: | B2: SUPERINTENDÊNCIA DA ESCOLA DE SAÚDE DE GOIÁS - SESG | E2: REVISÃO: | F2: Emissão 02
A3: Obra: | B3: FORNECIMENTO E INSTALAÇÃO BRISES, RIPADO E CORRIMÃO | E3: GOINFRA 10/2025 (reajustada pelo INCC até 12/2025); SINAPI 12/2025; ORSE - Novembro/2025 (reajustada pelo INCC até Dezembro/2025)
A4: Endereço: | B4: RUA 26, 521, VILA LEGIONARIOS, CEP: 74853-070
A5: Município: | B5: GOIÂNIA
A6: COMPOSIÇÕES DE CUSTOS UNITÁRIOS
A8: CÓDIGO COMP. | B8: TABELA / COTAÇÃO | C8: Código | D8: DESCRIÇÃO DA COMPOSIÇÃO | E8: Un. | F8: Qtde | G8: Material unitário (R$) | H8: Mão de obra unitário (R$) | I8: Material Total (R$) | J8: Mão de obra Total (R$) | K8: Valor Total (R$) | L8: ÍNDICES DE CORREÇÃO | M8: PREÇO MATERIAL TOTAL + CORREÇÃO (R$) | N8: PREÇO M. OBRA TOTAL+ CORREÇÃO (R$) | O8: Valor Total (R$)+ CORREÇÃO
A9: 1 | D9: Painel ripado interno wpc 290x16cm ( incluso instalação) | E9: m | I9: =SUM(I10:I13) -> 139.02 | J9: =SUM(J10:J13) -> 7.233 | K9: =SUM(K10:K13) -> 146.253 | M9: =SUM(M10:M13) -> 139.02 | N9: =SUM(N10:N13) -> 7.2419329 | O9: =N9+M9 -> 146.26193
B10: COTAÇÃO | C10: 2 | D10: Painel ripado interno wpc 290x16cm | E10: Un. | F10: 1 | G10: ='COTAÇÕES'!I15 -> 127.69 | H10: 0 | I10: =G10*F10 -> 127.69 | J10: =F10*H10 -> 0 | K10: =I10+J10 -> 127.69 | L10: 0 | M10: =(1+L10)*I10 -> 127.69 | N10: =(1+L10)*J10 -> 0 | O10: =N10+M10 -> 127.69
B11: SINAPI | C11: 131 | D11: Adesivo estrutural a base de resina epoxi, bicomponente, pastoso (tixotropico) | E11: UN | F11: 0.25 | G11: 45.32 | H11: 0 | I11: =G11*F11 -> 11.33 | J11: =F11*H11 -> 0 | K11: =I11+J11 -> 11.33 | L11: =INCC!C27 -> 0 | M11: =(1+L11)*I11 -> 11.33 | N11: =(1+L11)*J11 -> 0 | O11: =N11+M11 -> 11.33
B12: GOINFRA | C12: 5 | D12: SERVENTE | E12: H | F12: 0.1 | G12: 0 | H12: 18.81 | I12: =G12*F12 -> 0 | J12: =F12*H12 -> 1.881 | K12: =I12+J12 -> 1.881 | L12: =INCC!$C$26 -> 0.0047490257 | M12: =(1+L12)*I12 -> 0 | N12: =(1+L12)*J12 -> 1.8899329 | O12: =N12+M12 -> 1.8899329
B13: GOINFRA | C13: 33 | D13: MONTADOR DE DIVISÓRIA/PAINEL | E13: H | F13: 0.2 | G13: 0 | H13: 26.76 | I13: =G13*F13 -> 0 | J13: =F13*H13 -> 5.352 | K13: =I13+J13 -> 5.352 | L13: =INCC!C27 -> 0 | M13: =(1+L13)*I13 -> 0 | N13: =(1+L13)*J13 -> 5.352 | O13: =N13+M13 -> 5.352
A15: CÓDIGO COMP. | B15: TABELA / COTAÇÃO | C15: Código | D15: DESCRIÇÃO DA COMPOSIÇÃO | E15: Un. | F15: Qtde | G15: Material unitário (R$) | H15: Mão de obra unitário (R$) | I15: Material Total (R$) | J15: Mão de obra Total (R$) | K15: Valor Total (R$) | L15: ÍNDICES DE CORREÇÃO | M15: PREÇO MATERIAL TOTAL + CORREÇÃO (R$) | N15: PREÇO M. OBRA TOTAL+ CORREÇÃO (R$) | O15: Valor Total (R$)+ CORREÇÃO
A16: 2 | D16: GUARDA-CORPO EM TUBO DE AÇO INOX ø=1 1/2", DUPLO, montantes e fechamento em tubo 2", h= 96cm, c/acabamento polido, p/fixação em piso | E16: pç | I16: =SUM(I17:I19) -> 652.4 | J16: =SUM(J17:J19) -> 192.6573 | K16: =SUM(K17:K19) -> 845.0573 | M16: =SUM(M17:M20) -> 653.74565 | N16: =SUM(N17:N20) -> 193.57223 | O16: =N16+M16 -> 847.31788
B17: ORSE | C17: 7309 | D17: Guarda-corpo em tubo de aço inox ø=1 1/2", duplo, montantes e fechamento em tubo 2", h= 96cm, c/acabamento polido, p/fixação em piso | E17: m | F17: 1 | G17: 652.4 | H17: 0 | I17: =G17*F17 -> 652.4 | J17: =F17*H17 -> 0 | K17: =I17+J17 -> 652.4 | L17: =INCC!$C$29 -> 0.0020626076 | M17: =(1+L17)*I17 -> 653.74565 | N17: =(1+L17)*J17 -> 0 | O17: =N17+M17 -> 653.74565
B18: GOINFRA | C18: 21 | D18: SERRALHEIRO | E18: H | F18: 4.51 | G18: 0 | H18: 26.71 | I18: =G18*F18 -> 0 | J18: =F18*H18 -> 120.4621 | K18: =I18+J18 -> 120.4621 | L18: =INCC!$C$26 -> 0.0047490257 | M18: =(1+L18)*I18 -> 0 | N18: =(1+L18)*J18 -> 121.03418 | O18: =N18+M18 -> 121.03418
B19: GOINFRA | C19: 8 | D19: AJUDANTE | E19: H | F19: 3.52 | G19: 0 | H19: 20.51 | I19: =G19*F19 -> 0 | J19: =F19*H19 -> 72.1952 | K19: =I19+J19 -> 72.1952 | L19: =INCC!$C$26 -> 0.0047490257 | M19: =(1+L19)*I19 -> 0 | N19: =(1+L19)*J19 -> 72.538057 | O19: =N19+M19 -> 72.538057
B20: Obs.: Tempo de serviço considerando instalação e montagem
A22: CÓDIGO COMP. | B22: TABELA / COTAÇÃO | C22: Código | D22: DESCRIÇÃO DA COMPOSIÇÃO | E22: Un. | F22: Qtde | G22: Material unitário (R$) | H22: Mão de obra unitário (R$) | I22: Material Total (R$) | J22: Mão de obra Total (R$) | K22: Valor Total (R$) | L22: ÍNDICES DE CORREÇÃO | M22: PREÇO MATERIAL TOTAL + CORREÇÃO (R$) | N22: PREÇO M. OBRA TOTAL+ CORREÇÃO (R$) | O22: Valor Total (R$)+ CORREÇÃO
A23: 3 | D23: Tampa circular para esgoto e drenagem, em ferro fundido, diâmetro 900 mm | E23: Un. | F23: 1 | I23: =SUM(I24:I27) -> 1786.5035 | J23: =SUM(J24:J27) -> 30.627828 | K23: =SUM(K24:K27) -> 1817.1313 | M23: =SUM(M24:M27) -> 1786.5035 | N23: =SUM(N24:N27) -> 30.77328 | O23: =N23+M23 -> 1817.2768
B24: SINAPI | C24: 11296 | D24: Tampao fofo simples com base / requadro, classe d400 carga max. 40 t, redondo, tampa 900 mm (com inscricao em relevo do tipo de rede) | E24: UN | F24: 1 | G24: ='COMP. onerado'!G24 -> 1771.81 | H24: 0 | I24: =G24*F24 -> 1771.81 | J24: =F24*H24 -> 0 | K24: =I24+J24 -> 1771.81 | L24: =INCC!$C$27 -> 0 | M24: =(1+L24)*I24 -> 1771.81 | N24: =(1+L24)*J24 -> 0 | O24: =N24+M24 -> 1771.81
B25: SINAPI | C25: 94970 | D25: Concreto fck = 20mpa, traço 1:2,7:3 (em massa seca de cimento/ areia média/ brita 1) - preparo mecânico com betoneira 600 l. af_05/2021 | E25: M3 | F25: 0.0281 | G25: 522.9 | H25: 0 | I25: =G25*F25 -> 14.69349 | J25: =F25*H25 -> 0 | K25: =I25+J25 -> 14.69349 | L25: =INCC!$C$27 -> 0 | M25: =(1+L25)*I25 -> 14.69349 | N25: =(1+L25)*J25 -> 0 | O25: =N25+M25 -> 14.69349
B26: GOINFRA | C26: 5 | D26: SERVENTE | E26: H | F26: 0.9023 | G26: 0 | H26: 18.81 | L26: =INCC!$C$26 -> 0.0047490257 | M26: =(1+L26)*I26 -> 0 | N26: =(1+L26)*J26 -> 0 | O26: =N26+M26 -> 0
B27: GOINFRA | C27: 4 | D27: PEDREIRO | E27: H | F27: 1.1484 | G27: 0 | H27: 26.67 | I27: =G27*F27 -> 0 | J27: =F27*H27 -> 30.627828 | K27: =I27+J27 -> 30.627828 | L27: =INCC!$C$26 -> 0.0047490257 | M27: =(1+L27)*I27 -> 0 | N27: =(1+L27)*J27 -> 30.77328 | O27: =N27+M27 -> 30.77328
A29: CÓDIGO COMP. | B29: TABELA / COTAÇÃO | C29: Código | D29: DESCRIÇÃO DA COMPOSIÇÃO | E29: Un. | F29: Qtde | G29: Material unitário (R$) | H29: Mão de obra unitário (R$) | I29: Material Total (R$) | J29: Mão de obra Total (R$) | K29: Valor Total (R$) | L29: ÍNDICES DE CORREÇÃO | M29: PREÇO MATERIAL TOTAL + CORREÇÃO (R$) | N29: PREÇO M. OBRA TOTAL+ CORREÇÃO (R$) | O29: Valor Total (R$)+ CORREÇÃO
A30: 4 | D30: Tubo retângular em aço galvanizado 70x30 ( Descidas água pluvial) | E30: m | F30: 1 | I30: =SUM(I31:I34) -> 176.85 | J30: =SUM(J31:J34) -> 34.1516 | K30: =SUM(K31:K34) -> 211.0016 | M30: =SUM(M31:M34) -> 177.23804 | N30: =SUM(N31:N34) -> 34.313787 | O30: =N30+M30 -> 211.55182
B31: ORSE | C31: 14618 | D31: Tubo retângular em aço galvanizado 70x30 e=1,25mm (1,84 KG/m) | E31: m | F31: 1 | G31: 168.19 | H31: 0 | I31: =G31*F31 -> 168.19 | J31: =F31*H31 -> 0 | K31: =I31+J31 -> 168.19 | L31: =INCC!$C$29 -> 0.0020626076 | M31: =(1+L31)*I31 -> 168.53691 | N31: =(1+L31)*J31 -> 0 | O31: =N31+M31 -> 168.53691
B32: GOINFRA | C32: 8 | D32: AJUDANTE | E32: H | F32: 0.62 | G32: 0 | H32: =H19 -> 20.51 | I32: =G32*F32 -> 0 | J32: =F32*H32 -> 12.7162 | K32: =I32+J32 -> 12.7162 | L32: =INCC!$C$26 -> 0.0047490257 | M32: =(1+L32)*I32 -> 0 | N32: =(1+L32)*J32 -> 12.77659 | O32: =N32+M32 -> 12.77659
B33: GOINFRA | C33: 4 | D33: PEDREIRO | E33: H | F33: 0.62 | G33: 0 | H33: =H27 -> 26.67 | I33: =G33*F33 -> 0 | J33: =F33*H33 -> 16.5354 | K33: =I33+J33 -> 16.5354 | L33: =INCC!$C$26 -> 0.0047490257 | M33: =(1+L33)*I33 -> 0 | N33: =(1+L33)*J33 -> 16.613927 | O33: =N33+M33 -> 16.613927
B34: GOINFRA | C34: 261609 | D34: PINTURA ESMALTE ALQUIDICO ESTRUTURA METALICA 2 DEMAOS | E34: m2 | F34: 1 | G34: 8.66 | H34: 4.9 | I34: =G34*F34 -> 8.66 | J34: =F34*H34 -> 4.9 | K34: =I34+J34 -> 13.56 | L34: =INCC!$C$26 -> 0.0047490257 | M34: =(1+L34)*I34 -> 8.7011266 | N34: =(1+L34)*J34 -> 4.9232702 | O34: =N34+M34 -> 13.624397
A36: CÓDIGO COMP. | B36: TABELA / COTAÇÃO | C36: Código | D36: DESCRIÇÃO DA COMPOSIÇÃO | E36: Un. | F36: Qtde | G36: Material unitário (R$) | H36: Mão de obra unitário (R$) | I36: Material Total (R$) | J36: Mão de obra Total (R$) | K36: Valor Total (R$) | L36: ÍNDICES DE CORREÇÃO | M36: PREÇO MATERIAL TOTAL + CORREÇÃO (R$) | N36: PREÇO M. OBRA TOTAL+ CORREÇÃO (R$) | O36: Valor Total (R$)+ CORREÇÃO
A37: 5 | D37: ACABAMENTO FRONTAL CALHA TIPO PLATIBANDA PINTADA NA COR BRANCA 150mm | E37: m | F37: 1 | I37: =SUM(I38:I40) -> 54.610919 | J37: =SUM(J38:J40) -> 76.01583 | K37: =SUM(K38:K40) -> 130.62675 | M37: =SUM(M38:M41) -> 54.870268 | N37: =SUM(N38:N41) -> 76.376831 | O37: =N37+M37 -> 131.2471
B38: GOINFRA | C38: 1234 | D38: CHAPA GALVANIZADA 60 CM (Nº 26) | E38: m | F38: 1.6667 | G38: 27.57 | H38: 0 | I38: =G38*F38 -> 45.950919 | J38: =F38*H38 -> 0 | K38: =I38+J38 -> 45.950919 | L38: =INCC!$C$26 -> 0.0047490257 | M38: =(1+L38)*I38 -> 46.169141 | N38: =(1+L38)*J38 -> 0 | O38: =N38+M38 -> 46.169141
B39: GOINFRA | C39: 20 | D39: CALHEIRO | E39: H | F39: 2.8333 | G39: 0 | H39: 25.1 | I39: =G39*F39 -> 0 | J39: =F39*H39 -> 71.11583 | K39: =I39+J39 -> 71.11583 | L39: =INCC!$C$26 -> 0.0047490257 | M39: =(1+L39)*I39 -> 0 | N39: =(1+L39)*J39 -> 71.453561 | O39: =N39+M39 -> 71.453561
B40: GOINFRA | C40: 261609 | D40: PINTURA ESMALTE ALQUIDICO ESTRUTURA METALICA 2 DEMAOS | E40: m2 | F40: 1 | G40: 8.66 | H40: 4.9 | I40: =G40*F40 -> 8.66 | J40: =F40*H40 -> 4.9 | K40: =I40+J40 -> 13.56 | L40: =INCC!$C$26 -> 0.0047490257 | M40: =(1+L40)*I40 -> 8.7011266 | N40: =(1+L40)*J40 -> 4.9232702 | O40: =N40+M40 -> 13.624397
A42: CÓDIGO COMP. | B42: TABELA / COTAÇÃO | C42: Código | D42: DESCRIÇÃO DA COMPOSIÇÃO | E42: Un. | F42: Qtde | G42: Material unitário (R$) | H42: Mão de obra unitário (R$) | I42: Material Total (R$) | J42: Mão de obra Total (R$) | K42: Valor Total (R$) | L42: ÍNDICES DE CORREÇÃO | M42: PREÇO MATERIAL TOTAL + CORREÇÃO (R$) | N42: PREÇO M. OBRA TOTAL+ CORREÇÃO (R$) | O42: Valor Total (R$)+ CORREÇÃO
A43: 6 | D43: RUFO DE CHAPA GALVANIZADA BRANCA | E43: m² | F43: 1 | I43: =SUM(I44:I47) -> 59.92 | J43: =SUM(J44:J47) -> 63.875 | K43: =SUM(K44:K47) -> 123.795 | M43: =SUM(M44:M47) -> 60.204562 | N43: =SUM(N44:N47) -> 64.178344 | O43: =N43+M43 -> 124.38291
B44: GOINFRA | C44: 2379 | D44: CHAPA GALVANIZADA 40 CM (Nº 26) | E44: m | F44: 2.75 | G44: 18.64 | H44: 0 | I44: =G44*F44 -> 51.26 | J44: =F44*H44 -> 0 | K44: =I44+J44 -> 51.26 | L44: =INCC!$C$26 -> 0.0047490257 | M44: =(1+L44)*I44 -> 51.503435 | N44: =(1+L44)*J44 -> 0 | O44: =N44+M44 -> 51.503435
B45: GOINFRA | C45: 8 | D45: AJUDANTE | E45: H | F45: 1.25 | G45: 0 | H45: =H32 -> 20.51 | I45: =G45*F45 -> 0 | J45: =F45*H45 -> 25.6375 | K45: =I45+J45 -> 25.6375 | L45: =INCC!$C$26 -> 0.0047490257 | M45: =(1+L45)*I45 -> 0 | N45: =(1+L45)*J45 -> 25.759253 | O45: =N45+M45 -> 25.759253
B46: GOINFRA | C46: 4 | D46: PEDREIRO | E46: H | F46: 1.25 | G46: 0 | H46: =H33 -> 26.67 | I46: =G46*F46 -> 0 | J46: =F46*H46 -> 33.3375 | K46: =I46+J46 -> 33.3375 | L46: =INCC!$C$26 -> 0.0047490257 | M46: =(1+L46)*I46 -> 0 | N46: =(1+L46)*J46 -> 33.495821 | O46: =N46+M46 -> 33.495821
B47: GOINFRA | C47: 261609 | D47: PINTURA ESMALTE ALQUIDICO ESTRUTURA METALICA 2 DEMAOS | E47: m2 | F47: 1 | G47: 8.66 | H47: 4.9 | I47: =G47*F47 -> 8.66 | J47: =F47*H47 -> 4.9 | K47: =I47+J47 -> 13.56 | L47: =INCC!$C$26 -> 0.0047490257 | M47: =(1+L47)*I47 -> 8.7011266 | N47: =(1+L47)*J47 -> 4.9232702 | O47: =N47+M47 -> 13.624397
A49: CÓDIGO COMP. | B49: TABELA / COTAÇÃO | C49: Código | D49: DESCRIÇÃO DA COMPOSIÇÃO | E49: Un. | F49: Qtde | G49: Material unitário (R$) | H49: Mão de obra unitário (R$) | I49: Material Total (R$) | J49: Mão de obra Total (R$) | K49: Valor Total (R$) | L49: ÍNDICES DE CORREÇÃO | M49: PREÇO MATERIAL TOTAL + CORREÇÃO (R$) | N49: PREÇO M. OBRA TOTAL+ CORREÇÃO (R$) | O49: Valor Total (R$)+ CORREÇÃO
A50: 7 | D50: Acabamento Frontal em Aço para telha Trapezoidal Telha Térmica Sanduíche 30mm | E50: m | F50: 1 | I50: =SUM(I51:I52) -> 10.686667 | J50: =SUM(J51:J52) -> 7.2425 | K50: =SUM(K51:K52) -> 17.929167 | M50: =SUM(M51:M54) -> 10.686667 | N50: =SUM(N51:N54) -> 7.2425 | O50: =N50+M50 -> 17.929167
B51: COTAÇÃO | C51: 2379 | D51: Acabamento Frontal em Aço para Isotelha Trapezoidal Telha Térmica Sanduíche 30mm | E51: m | F51: 1 | G51: ='COTAÇÕES'!I24 -> 10.686667 | H51: 0 | I51: =G51*F51 -> 10.686667 | J51: =F51*H51 -> 0 | K51: =I51+J51 -> 10.686667 | L51: 0 | M51: =(1+L51)*I51 -> 10.686667 | N51: =(1+L51)*J51 -> 0 | O51: =N51+M51 -> 10.686667
B52: SINAPI | C52: 88323 | D52: AJUDANTE Telhadista com encargos complementares | E52: H | F52: 0.25 | G52: 0 | H52: 28.97 | I52: =G52*F52 -> 0 | J52: =F52*H52 -> 7.2425 | K52: =I52+J52 -> 7.2425 | L52: 0 | M52: =(1+L52)*I52 -> 0 | N52: =(1+L52)*J52 -> 7.2425 | O52: =N52+M52 -> 7.2425
A54: CÓDIGO COMP. | B54: TABELA / COTAÇÃO | C54: Código | D54: DESCRIÇÃO DA COMPOSIÇÃO | E54: Un. | F54: Qtde | G54: Material unitário (R$) | H54: Mão de obra unitário (R$) | I54: Material Total (R$) | J54: Mão de obra Total (R$) | K54: Valor Total (R$) | L54: ÍNDICES DE CORREÇÃO | M54: PREÇO MATERIAL TOTAL + CORREÇÃO (R$) | N54: PREÇO M. OBRA TOTAL+ CORREÇÃO (R$) | O54: Valor Total (R$)+ CORREÇÃO
A55: 8 | D55: Acabamento Lateral em Aço para telha Trapezoidal Telha Térmica Sanduíche 30mm | E55: m | F55: 1 | I55: =SUM(I56:I57) -> 57.7 | J55: =SUM(J56:J57) -> 7.2425 | K55: =SUM(K56:K57) -> 64.9425 | M55: =SUM(M56:M59) -> 57.7 | N55: =SUM(N56:N59) -> 7.2425 | O55: =N55+M55 -> 64.9425
B56: COTAÇÃO | C56: 2379 | D56: Acabamento Frontal em Aço para Isotelha Trapezoidal Telha Térmica Sanduíche 30mm | E56: m | F56: 1 | G56: ='COTAÇÕES'!I28 -> 57.7 | H56: 0 | I56: =G56*F56 -> 57.7 | J56: =F56*H56 -> 0 | K56: =I56+J56 -> 57.7 | L56: 0 | M56: =(1+L56)*I56 -> 57.7 | N56: =(1+L56)*J56 -> 0 | O56: =N56+M56 -> 57.7
B57: SINAPI | C57: 88323 | D57: AJUDANTE Telhadista com encargos complementares | E57: H | F57: 0.25 | G57: 0 | H57: 28.97 | I57: =G57*F57 -> 0 | J57: =F57*H57 -> 7.2425 | K57: =I57+J57 -> 7.2425 | L57: 0 | M57: =(1+L57)*I57 -> 0 | N57: =(1+L57)*J57 -> 7.2425 | O57: =N57+M57 -> 7.2425
A59: CÓDIGO COMP. | B59: TABELA / COTAÇÃO | C59: Código | D59: DESCRIÇÃO DA COMPOSIÇÃO | E59: Un. | F59: Qtde | G59: Material unitário (R$) | H59: Mão de obra unitário (R$) | I59: Material Total (R$) | J59: Mão de obra Total (R$) | K59: Valor Total (R$) | L59: ÍNDICES DE CORREÇÃO | M59: PREÇO MATERIAL TOTAL + CORREÇÃO (R$) | N59: PREÇO M. OBRA TOTAL+ CORREÇÃO (R$) | O59: Valor Total (R$)+ CORREÇÃO
A60: 9 | D60: Bate rodas - Segregador para Sinalização Viária | E60: m | F60: 1 | I60: =SUM(I61:I63) -> 101.92333 | J60: =SUM(J61:J63) -> 8.001 | K60: =SUM(K61:K63) -> 109.92433 | M60: =SUM(M61:M64) -> 101.97125 | N60: =SUM(N61:N64) -> 8.038997 | O60: =N60+M60 -> 110.01024
B61: COTAÇÃO | C61: 6 | D61: Bate rodas - Segregador para Sinalização Viária | E61: UND | F61: 1 | G61: ='COTAÇÕES'!I32 -> 78.693333 | H61: 0 | I61: =G61*F61 -> 78.693333 | J61: =F61*H61 -> 0 | K61: =I61+J61 -> 78.693333 | L61: 0 | M61: =(1+L61)*I61 -> 78.693333 | N61: =(1+L61)*J61 -> 0 | O61: =N61+M61 -> 78.693333
B62: ORSE | C62: 2931 | D62: Cola à base de resina poliéster com catalisador | E62: KG | F62: 0.5 | G62: 46.46 | H62: 0 | I62: =G62*F62 -> 23.23 | J62: =F62*H62 -> 0 | K62: =I62+J62 -> 23.23 | L62: =INCC!$C$29 -> 0.0020626076 | M62: =(1+L62)*I62 -> 23.277914 | N62: =(1+L62)*J62 -> 0 | O62: =N62+M62 -> 23.277914
B63: GOINFRA | C63: 4 | D63: PEDREIRO | E63: H | F63: 0.3 | G63: 0 | H63: =H46 -> 26.67 | I63: =G63*F63 -> 0 | J63: =F63*H63 -> 8.001 | K63: =I63+J63 -> 8.001 | L63: =INCC!$C$26 -> 0.0047490257 | M63: =(1+L63)*I63 -> 0 | N63: =(1+L63)*J63 -> 8.038997 | O63: =N63+M63 -> 8.038997
A65: CÓDIGO COMP. | B65: TABELA / COTAÇÃO | C65: Código | D65: DESCRIÇÃO DA COMPOSIÇÃO | E65: Un. | F65: Qtde | G65: Material unitário (R$) | H65: Mão de obra unitário (R$) | I65: Material Total (R$) | J65: Mão de obra Total (R$) | K65: Valor Total (R$) | L65: ÍNDICES DE CORREÇÃO | M65: PREÇO MATERIAL TOTAL + CORREÇÃO (R$) | N65: PREÇO M. OBRA TOTAL+ CORREÇÃO (R$) | O65: Valor Total (R$)+ CORREÇÃO
A66: 10 | D66: CAIXA DE PASSAGEM PVC, SOBREPOR 300X300X100mm | E66: Un. | F66: 1 | I66: =SUM(I67:I69) -> 120.43 | J66: =SUM(J67:J69) -> 3.8024 | K66: =SUM(K67:K69) -> 124.2324 | M66: =SUM(M67:M70) -> 120.43 | N66: =SUM(N67:N70) -> 3.8204577 | O66: =N66+M66 -> 124.25046
B67: SINAPI | C67: 43102 | D67: Caixa de passagem eletrica de parede, de sobrepor, em pvc, com tampa aparafusada, dimensoes 300 x 300 x 100 mm | E67: Un. | F67: 1 | G67: 120.43 | H67: 0 | I67: =G67*F67 -> 120.43 | J67: =F67*H67 -> 0 | K67: =I67+J67 -> 120.43 | L67: 0 | M67: =(1+L67)*I67 -> 120.43 | N67: =(1+L67)*J67 -> 0 | O67: =N67+M67 -> 120.43
B68: GOINFRA | C68: 8 | D68: AJUDANTE | E68: H | F68: 0.08 | G68: 0 | H68: 20.51 | I68: =G68*F68 -> 0 | J68: =F68*H68 -> 1.6408 | K68: =I68+J68 -> 1.6408 | L68: =INCC!$C$26 -> 0.0047490257 | M68: =(1+L68)*I68 -> 0 | N68: =(1+L68)*J68 -> 1.6485922 | O68: =N68+M68 -> 1.6485922
B69: GOINFRA | C69: 12 | D69: ELETRICISTA | E69: H | F69: 0.08 | G69: 0 | H69: 27.02 | I69: =G69*F69 -> 0 | J69: =F69*H69 -> 2.1616 | K69: =I69+J69 -> 2.1616 | L69: =INCC!$C$26 -> 0.0047490257 | M69: =(1+L69)*I69 -> 0 | N69: =(1+L69)*J69 -> 2.1718655 | O69: =N69+M69 -> 2.1718655
A71: CÓDIGO COMP. | B71: TABELA / COTAÇÃO | C71: Código | D71: DESCRIÇÃO DA COMPOSIÇÃO | E71: Un. | F71: Qtde | G71: Material unitário (R$) | H71: Mão de obra unitário (R$) | I71: Material Total (R$) | J71: Mão de obra Total (R$) | K71: Valor Total (R$) | L71: ÍNDICES DE CORREÇÃO | M71: PREÇO MATERIAL TOTAL + CORREÇÃO (R$) | N71: PREÇO M. OBRA TOTAL+ CORREÇÃO (R$) | O71: Valor Total (R$)+ CORREÇÃO
A72: 11 | D72: CONECTOR WAGO 221-415 | E72: Un. | F72: 1 | I72: =SUM(I73:I75) -> 0.95 | J72: =SUM(J73:J75) -> 3.8024 | K72: =SUM(K73:K75) -> 4.7524 | M72: =SUM(M73:M76) -> 0.95195948 | N72: =SUM(N73:N76) -> 3.8204577 | O72: =N72+M72 -> 4.7724172
B73: ORSE | C73: 13973 | D73: Conector elétrico 2P p/fio 2,5mm2, WAGO ou similar | E73: Un. | F73: 1 | G73: 0.95 | H73: 0 | I73: =G73*F73 -> 0.95 | J73: =F73*H73 -> 0 | K73: =I73+J73 -> 0.95 | L73: =INCC!$C$29 -> 0.0020626076 | M73: =(1+L73)*I73 -> 0.95195948 | N73: =(1+L73)*J73 -> 0 | O73: =N73+M73 -> 0.95195948
B74: GOINFRA | C74: 8 | D74: AJUDANTE | E74: H | F74: 0.08 | G74: 0 | H74: 20.51 | I74: =G74*F74 -> 0 | J74: =F74*H74 -> 1.6408 | K74: =I74+J74 -> 1.6408 | L74: =INCC!$C$26 -> 0.0047490257 | M74: =(1+L74)*I74 -> 0 | N74: =(1+L74)*J74 -> 1.6485922 | O74: =N74+M74 -> 1.6485922
B75: GOINFRA | C75: 12 | D75: ELETRICISTA | E75: H | F75: 0.08 | G75: 0 | H75: 27.02 | I75: =G75*F75 -> 0 | J75: =F75*H75 -> 2.1616 | K75: =I75+J75 -> 2.1616 | L75: =INCC!$C$26 -> 0.0047490257 | M75: =(1+L75)*I75 -> 0 | N75: =(1+L75)*J75 -> 2.1718655 | O75: =N75+M75 -> 2.1718655
A77: CÓDIGO COMP. | B77: TABELA / COTAÇÃO | C77: Código | D77: DESCRIÇÃO DA COMPOSIÇÃO | E77: Un. | F77: Qtde | G77: Material unitário (R$) | H77: Mão de obra unitário (R$) | I77: Material Total (R$) | J77: Mão de obra Total (R$) | K77: Valor Total (R$) | L77: ÍNDICES DE CORREÇÃO | M77: PREÇO MATERIAL TOTAL + CORREÇÃO (R$) | N77: PREÇO M. OBRA TOTAL+ CORREÇÃO (R$) | O77: Valor Total (R$)+ CORREÇÃO
A78: 12 | D78: Fonte Colmeia, 250W, 12V/16.5A, Bivolt, Ref. Blumenau | E78: Un. | F78: 1 | I78: =SUM(I79:I81) -> 344.53 | J78: =SUM(J79:J81) -> 3.8024 | K78: =SUM(K79:K81) -> 348.3324 | M78: =SUM(M79:M82) -> 345.24063 | N78: =SUM(N79:N82) -> 3.8204577 | O78: =N78+M78 -> 349.06109
B79: ORSE | C79: 13942 | D79: Fonte Driver externa de 250ww, tensão de entrada AC 90 a 305v, tensão de saída DC 12v, uso externo | E79: Un. | F79: 1 | G79: 344.53 | H79: 0 | I79: =G79*F79 -> 344.53 | J79: =F79*H79 -> 0 | K79: =I79+J79 -> 344.53 | L79: =INCC!$C$29 -> 0.0020626076 | M79: =(1+L79)*I79 -> 345.24063 | N79: =(1+L79)*J79 -> 0 | O79: =N79+M79 -> 345.24063
B80: GOINFRA | C80: 8 | D80: AJUDANTE | E80: H | F80: 0.08 | G80: 0 | H80: 20.51 | I80: =G80*F80 -> 0 | J80: =F80*H80 -> 1.6408 | K80: =I80+J80 -> 1.6408 | L80: =INCC!$C$26 -> 0.0047490257 | M80: =(1+L80)*I80 -> 0 | N80: =(1+L80)*J80 -> 1.6485922 | O80: =N80+M80 -> 1.6485922
B81: GOINFRA | C81: 12 | D81: ELETRICISTA | E81: H | F81: 0.08 | G81: 0 | H81: 27.02 | I81: =G81*F81 -> 0 | J81: =F81*H81 -> 2.1616 | K81: =I81+J81 -> 2.1616 | L81: =INCC!$C$26 -> 0.0047490257 | M81: =(1+L81)*I81 -> 0 | N81: =(1+L81)*J81 -> 2.1718655 | O81: =N81+M81 -> 2.1718655

Sheet COTAÇÕES
A1: Órgão: | B1: SECRETARIA DE ESTADO DA SAÚDE DE GOIÁS | E1: DATA: | F1: =TODAY() -> 46056
A2: Unidade: | B2: SUPERINTENDÊNCIA DA ESCOLA DE SAÚDE DE GOIÁS - SESG | E2: REVISÃO: | F2: Emissão 02
A3: Obra: | B3: FORNECIMENTO E INSTALAÇÃO BRISES, RIPADO E CORRIMÃO | E3: REFERÊNCIA: | F3: Cotações/ contratações similares
A4: Endereço: | B4: RUA 26, 521, VILA LEGIONARIOS, CEP: 74853-070
A5: Município: | B5: GOIÂNIA
A6: MAPA DE COTAÇÕES
A8: ITEM | B8: TIPO | C8: DESCRIÇÃO | D8: Un. | F8: VALOR UNITÁRIO (R$)
I9: MÉDIA
A10: 1 | B10: MATERIAL | C10: BRISE SOLEIL - CHAPA DE AÇO CARBONO GALVANIZADA, PERFURADA (GRADE FUROS REDONDOS ALTERNADOS HORIZONTAL) COM DIÂMETRO MÁXIMO DE FURO ≤ 4cm, ESPESSURA CHPA 2mm E PINTADA COM TINTA AUTOMOTIVA E ACABAMENTO EM VERNIZ BICOMPONENTE AUTOMOTIVO NA COR: Verde Mar ou similar (a cor deverá ser preveamente aprovada). FORNECIMENTO E INSTALAÇÃO. (INCLUSO ESTRUTURA PARA INSTALAÇÃO) | D10: m² | E10: VALOR: | F10: =1069967.5/611.41/1.1827 -> 1479.6652 | G10: =1010000/611.41/1.1827 -> 1396.7357 | H10: =995000/611.41/1.1827 -> 1375.9921 | I10: =AVERAGE(F10:H10) -> 1417.4643
E11: DATA COTAÇÃO: | F11: 46055 | G11: 46056 | H11: 46056
E12: CNPJ | F12: 07.527.227/0001-39 | G12: 20.871.136/0001-847 | H12: 24164922/0001-00
E13: EMPRESA: | F13: Enenge Engenharia Ltda | G13: ENERUGI ENGENHARIA LTDA | H13: INTERCON CONSTRUTORA LTDA
A15: 2 | B15: MATERIAL | C15: PAINEL RIPADO INTERNO WPC 290x16cm | D15: Un. | E15: VALOR: | F15: 126.26 | G15: 139.9 | H15: 116.91 | I15: =AVERAGE(F15:H15) -> 127.69
E16: DATA COTAÇÃO: | F16: 46056 | G16: 46056 | H16: 46056
E17: EMPRESA: | F17: Woopo | G17: Lojão dos Forros | H17: BR Floor
A19: 3 | B19: MATERIAL | C19: PAINEL RIPADO EXTERNO EM ALUMÍNIO, COM PINTURA SUBLIMADA MADEIRADA COR E DIMENSÕES CONFORME O PROJETO. FORNECIMENTO E INSTALAÇÃO | D19: m² | E19: VALOR: | F19: 857.3 | I19: =AVERAGE(F19:H19) -> 857.3
E20: DATA COTAÇÃO: | F20: 45992
E21: EMPRESA: | F21: DELTA N CONSTRUTORA LTDA
E22: FONTE: | F22: PNCP
A24: 4 | B24: MATERIAL | C24: ='COMP. onerado'!D50 -> Acabamento Frontal em Aço para telha Trapezoidal Telha Térmica Sanduíche 30mm | D24: m | E24: VALOR: | F24: 9.8 | G24: 12.46 | H24: 9.8 | I24: =AVERAGE(F24:H24) -> 10.686667
E25: DATA COTAÇÃO: | F25: 46055 | G25: 46055 | H25: 46055
E26: EMPRESA: | F26: KINGSPAN | G26: GRAVIA | H26: Meu telhado
A28: 5 | B28: MATERIAL | C28: Acabamento Lateral em Aço para telha Trapezoidal Telha Térmica Sanduíche 30mm | D28: m | E28: VALOR: | F28: 50.89 | G28: 64.51 | I28: =AVERAGE(F28:H28) -> 57.7
E29: DATA COTAÇÃO: | F29: 46055 | G29: 46055
E30: EMPRESA: | F30: KINGSPAN | G30: GRAVIA
A32: 6 | B32: MATERIAL | C32: Bate rodas - Segregador para Sinalização Viária | D32: m | E32: VALOR: | F32: 92 | G32: 68.5 | H32: 75.58 | I32: =AVERAGE(F32:H32) -> 78.693333
E33: DATA COTAÇÃO: | F33: 46055 | G33: 46055 | H33: 46055
E34: EMPRESA: | F34: Safe Park | G34: Loja do Asfalto | H34: Mercado Livre
